Workbook
Name ___EST12: #REF!
Name __aiu2: [1]AIU!$J$105
Name __EST1: #REF!
Name __EST10: #REF!
Name __EST11: #REF!
Name __EST12: #REF!
Name __EST13: #REF!
Name __EST14: #REF!
Name __EST15: #REF!
Name __EST16: #REF!
Name __EST17: #REF!
Name __EST18: #REF!
Name __EST19: #REF!
Name __EST2: #REF!
Name __EST23: #REF!
Name __EST3: #REF!
Name __EST4: #REF!
Name __EST5: #REF!
Name __EST6: #REF!
Name __EST7: #REF!
Name __EST8: #REF!
Name __EST9: #REF!
Name __EXC1: #REF!
Name __EXC10: #REF!
Name __EXC11: #REF!
Name __EXC12: #REF!
Name __EXC2: #REF!
Name __EXC3: #REF!
Name __EXC4: #REF!
Name __EXC5: #REF!
Name __EXC6: #REF!
Name __EXC7: #REF!
Name __EXC8: #REF!
Name __EXC9: #REF!
Name _aiu2: [1]AIU!$J$105
Name _EST1: #REF!
Name _EST10: #REF!
Name _EST11: #REF!
Name _EST12: #REF!
Name _EST13: #REF!
Name _EST14: #REF!
Name _EST15: #REF!
Name _EST16: #REF!
Name _EST17: #REF!
Name _EST18: #REF!
Name _EST19: #REF!
Name _EST2: #REF!
Name _EST23: #REF!
Name _EST3: #REF!
Name _EST4: #REF!
Name _EST5: #REF!
Name _EST6: #REF!
Name _EST7: #REF!
Name _EST8: #REF!
Name _EST9: #REF!
Name _EXC1: #REF!
Name _EXC10: #REF!
Name _EXC11: #REF!
Name _EXC12: #REF!
Name _EXC2: #REF!

Sheet CRON
A2: OBJETO: CONTRATO DE OBRA A TODO COSTO PARA LA CONSTRUCCION, MANTENIMIENTO Y MEJORAMIENTO DE DIFERENTES SEDES EDUCATIVAS DEL MUNICIPIO DE EL PITAL HUILA, CONFORME A LA FICHA TECNICA, EN CUMPLIMIENTO DEL PLAN DE DESARROLLO "UNIDOS SI PODEMOS 2024-2027"
A4: CRONOGRAMA DE ACTIVIDADES
A5: DESCRIPCIÓN | E5: MES 1 | AH5: MES 2 | BJ5: MES 3
A6: ITEM | B6: ACTIVIDAD | C6: UND | D6: CANT | E6: SEMANA 1 | L6: SEMANA 2 | S6: SEMANA 3 | AA6: SEMANA 4 | AH6: SEMANA 5 | AO6: SEMANA 6 | AV6: SEMANA 7 | BC6: SEMANA 8 | BJ6: SEMANA 9 | BK6: SEMANA 10 | BL6: SEMANA 11 | BM6: SEMANA 12
A7: A | B7: CONSTRUCCIÓN DE COMEDOR - COCINA EN LA INSTITUCIÓN EDUCATIVA NUESTRA SEÑORA DEL CARMEN SEDE EL AMPARO
A8: ='PRESUPUESTO OFICIAL (Entidad)'!B13 -> A1 | B8: ='PRESUPUESTO OFICIAL (Entidad)'!C13 -> PRELIMINARES Y DEMOLICIONES - DESMONTE DE ELEMENTOS
A9: ='PRESUPUESTO OFICIAL (Entidad)'!B14 -> A1,1 | B9: ='PRESUPUESTO OFICIAL (Entidad)'!C14 -> Localización y Replanteo manual. | C9: ='PRESUPUESTO OFICIAL (Entidad)'!D14 -> M2 | D9: ='PRESUPUESTO OFICIAL (Entidad)'!E14 -> 65.83
A10: ='PRESUPUESTO OFICIAL (Entidad)'!B15 -> A1,2 | B10: ='PRESUPUESTO OFICIAL (Entidad)'!C15 -> Demolición mecánica de concreto ciclópeo | C10: ='PRESUPUESTO OFICIAL (Entidad)'!D15 -> M3 | D10: ='PRESUPUESTO OFICIAL (Entidad)'!E15 -> 3.53
A11: ='PRESUPUESTO OFICIAL (Entidad)'!B16 -> A2 | B11: ='PRESUPUESTO OFICIAL (Entidad)'!C16 -> MOVIMIENTO DE TIERRA
A12: ='PRESUPUESTO OFICIAL (Entidad)'!B17 -> A2,1 | B12: ='PRESUPUESTO OFICIAL (Entidad)'!C17 -> Excavacion manual. Incluye retiro del material. | C12: ='PRESUPUESTO OFICIAL (Entidad)'!D17 -> M3 | D12: ='PRESUPUESTO OFICIAL (Entidad)'!E17 -> 15.61
A13: ='PRESUPUESTO OFICIAL (Entidad)'!B18 -> A2,2 | B13: ='PRESUPUESTO OFICIAL (Entidad)'!C18 -> Relleno en recebo compactado mecánicamente. | C13: ='PRESUPUESTO OFICIAL (Entidad)'!D18 -> M3 | D13: ='PRESUPUESTO OFICIAL (Entidad)'!E18 -> 15.09
A14: ='PRESUPUESTO OFICIAL (Entidad)'!B19 -> A3 | B14: ='PRESUPUESTO OFICIAL (Entidad)'!C19 -> CIMIENTOS
A15: ='PRESUPUESTO OFICIAL (Entidad)'!B20 -> A3,1 | B15: ='PRESUPUESTO OFICIAL (Entidad)'!C20 -> Concreto Ciclópeo (40% en piedra media zonga y 60% concreto 2500 PSI de 0,30*0,40 m). | C15: ='PRESUPUESTO OFICIAL (Entidad)'!D20 -> M3 | D15: ='PRESUPUESTO OFICIAL (Entidad)'!E20 -> 3.07
A16: ='PRESUPUESTO OFICIAL (Entidad)'!B21 -> A3,2 | B16: ='PRESUPUESTO OFICIAL (Entidad)'!C21 -> Cimentación tipo zapatas en concreto de 3000 P.S.I (0,70*0,70*0,30mts). | C16: ='PRESUPUESTO OFICIAL (Entidad)'!D21 -> M3 | D16: ='PRESUPUESTO OFICIAL (Entidad)'!E21 -> 0.74
A17: ='PRESUPUESTO OFICIAL (Entidad)'!B22 -> A3,3 | B17: ='PRESUPUESTO OFICIAL (Entidad)'!C22 -> Cimentación tipo zapatas en concreto de 3000 P.S.I (1,00*1,00*0,30mts). | C17: ='PRESUPUESTO OFICIAL (Entidad)'!D22 -> M3 | D17: ='PRESUPUESTO OFICIAL (Entidad)'!E22 -> 0.3
A18: ='PRESUPUESTO OFICIAL (Entidad)'!B23 -> A3,4 | B18: ='PRESUPUESTO OFICIAL (Entidad)'!C23 -> Viga de cimentación en concreto de 3000 PSI (0,30*0,30mts). Incluye acero de refuerzo de 60000 PSI (4Ø5/8" refuerzo y E=Ø3/8" c./d. 0,10 mts). | C18: ='PRESUPUESTO OFICIAL (Entidad)'!D23 -> ML | D18: ='PRESUPUESTO OFICIAL (Entidad)'!E23 -> 39.15
A19: ='PRESUPUESTO OFICIAL (Entidad)'!B24 -> A3,5 | B19: ='PRESUPUESTO OFICIAL (Entidad)'!C24 -> Cimentación tipo solado de limpieza concreto 1700 psi e=0,05 m. | C19: ='PRESUPUESTO OFICIAL (Entidad)'!D24 -> M2 | D19: ='PRESUPUESTO OFICIAL (Entidad)'!E24 -> 3.45
A20: ='PRESUPUESTO OFICIAL (Entidad)'!B25 -> A3,6 | B20: ='PRESUPUESTO OFICIAL (Entidad)'!C25 -> Acero de refuerzo 600000 PSI, para zapata (incluye amarre y figurado). | C20: ='PRESUPUESTO OFICIAL (Entidad)'!D25 -> KG | D20: ='PRESUPUESTO OFICIAL (Entidad)'!E25 -> 86.74
A21: ='PRESUPUESTO OFICIAL (Entidad)'!B26 -> A4 | B21: ='PRESUPUESTO OFICIAL (Entidad)'!C26 -> MAMPOSTERIA
A22: ='PRESUPUESTO OFICIAL (Entidad)'!B27 -> A4,1 | B22: ='PRESUPUESTO OFICIAL (Entidad)'!C27 -> Construccion de Muro en Bloque de arcilla #5 (12x20x30cm) Incluye mortero de pega y bloque. | C22: ='PRESUPUESTO OFICIAL (Entidad)'!D27 -> M2 | D22: ='PRESUPUESTO OFICIAL (Entidad)'!E27 -> 82.89
A23: ='PRESUPUESTO OFICIAL (Entidad)'!B28 -> A4,2 | B23: ='PRESUPUESTO OFICIAL (Entidad)'!C28 -> Construccion de Mesón en concreto 3000 psi, a=0,60, e=0.10 enchapado, inc. Acero (1Ø1/2"c.015 ambos sentidos). | C23: ='PRESUPUESTO OFICIAL (Entidad)'!D28 -> ML | D23: ='PRESUPUESTO OFICIAL (Entidad)'!E28 -> 7.85
A24: ='PRESUPUESTO OFICIAL (Entidad)'!B29 -> A4,3 | B24: ='PRESUPUESTO OFICIAL (Entidad)'!C29 -> Construccion de Alfajía en Concreto 3000 PSI, E= 0.15X0.25 MTS – Incluye: Acero de refuerzo de 60000 PSI (2Ø3/8" refuerzo y E=Ø1/4" c. 0,35 m). | C24: ='PRESUPUESTO OFICIAL (Entidad)'!D29 -> ML | D24: ='PRESUPUESTO OFICIAL (Entidad)'!E29 -> 5.9
A25: ='PRESUPUESTO OFICIAL (Entidad)'!B30 -> A5 | B25: ='PRESUPUESTO OFICIAL (Entidad)'!C30 -> ESTRUCTURA
A26: ='PRESUPUESTO OFICIAL (Entidad)'!B31 -> A5,1 | B26: ='PRESUPUESTO OFICIAL (Entidad)'!C31 -> Viga aérea en concreto de 3000 PSI. (0,30*0,30mts). Incluye acero de refuerzo fy= 60000 PSI. (4Ø5/8" refuerzo y E=Ø3/8" c./d. 0,10 mts). | C26: ='PRESUPUESTO OFICIAL (Entidad)'!D31 -> ML | D26: ='PRESUPUESTO OFICIAL (Entidad)'!E31 -> 33.3
A27: ='PRESUPUESTO OFICIAL (Entidad)'!B32 -> A5,2 | B27: ='PRESUPUESTO OFICIAL (Entidad)'!C32 -> Columna en concreto de 3000 PSI (0.30x0.30mts). Incluye acero de refuerzo de 60000 PSI (6Ø5/8", refuerzo y E=Ø3/8" c./d. 0,10 mts Y 0,15 mts). | C27: ='PRESUPUESTO OFICIAL (Entidad)'!D32 -> ML | D27: ='PRESUPUESTO OFICIAL (Entidad)'!E32 -> 22.56
A28: ='PRESUPUESTO OFICIAL (Entidad)'!B33 -> A5,3 | B28: ='PRESUPUESTO OFICIAL (Entidad)'!C33 -> Columna de confinamiento (0,20x0,15mts) en concreto de 3000 PSI. Incluye refuerzo de 6000 PSI ( 4Ø 1/2" refuerzo y E=Ø 1/4" c./d. 0,10 mts). | C28: ='PRESUPUESTO OFICIAL (Entidad)'!D33 -> ML | D28: ='PRESUPUESTO OFICIAL (Entidad)'!E33 -> 12.6
A29: ='PRESUPUESTO OFICIAL (Entidad)'!B34 -> A5,4 | B29: ='PRESUPUESTO OFICIAL (Entidad)'!C34 -> Viga cinta en concreto 3000 PSI ( 0.10x0.20mts). Incluye acero (2Ø3/8" refuerzo y E=Ø1/4" c/d. 0,10mts). | C29: ='PRESUPUESTO OFICIAL (Entidad)'!D34 -> ML | D29: ='PRESUPUESTO OFICIAL (Entidad)'!E34 -> 32.8
A30: ='PRESUPUESTO OFICIAL (Entidad)'!B35 -> A5,5 | B30: ='PRESUPUESTO OFICIAL (Entidad)'!C35 -> Construccion de Placa aerea en concreto armado de 3000 psi e = 10 cm. | C30: ='PRESUPUESTO OFICIAL (Entidad)'!D35 -> M2 | D30: ='PRESUPUESTO OFICIAL (Entidad)'!E35 -> 1.44
A31: ='PRESUPUESTO OFICIAL (Entidad)'!B36 -> A6 | B31: ='PRESUPUESTO OFICIAL (Entidad)'!C36 -> INSTALACIONES ELÉCTRICAS
A32: ='PRESUPUESTO OFICIAL (Entidad)'!B37 -> A6,1 | B32: ='PRESUPUESTO OFICIAL (Entidad)'!C37 -> Suministro e instalación de Tablero monofásico 4 circuitos. | C32: ='PRESUPUESTO OFICIAL (Entidad)'!D37 -> UND | D32: ='PRESUPUESTO OFICIAL (Entidad)'!E37 -> 1
A33: ='PRESUPUESTO OFICIAL (Entidad)'!B38 -> A6,2 | B33: ='PRESUPUESTO OFICIAL (Entidad)'!C38 -> Suministro e instalación de Salida toma corriente doble 110 v. | C33: ='PRESUPUESTO OFICIAL (Entidad)'!D38 -> UND | D33: ='PRESUPUESTO OFICIAL (Entidad)'!E38 -> 3
A34: ='PRESUPUESTO OFICIAL (Entidad)'!B39 -> A6,3 | B34: ='PRESUPUESTO OFICIAL (Entidad)'!C39 -> Suministro e instalación de Salida Interruptor Sencillo 110 v. | C34: ='PRESUPUESTO OFICIAL (Entidad)'!D39 -> UND | D34: ='PRESUPUESTO OFICIAL (Entidad)'!E39 -> 1
A35: ='PRESUPUESTO OFICIAL (Entidad)'!B40 -> A6,4 | B35: ='PRESUPUESTO OFICIAL (Entidad)'!C40 -> Suministro e instalación de Salida Interruptor Doble 110 v. | C35: ='PRESUPUESTO OFICIAL (Entidad)'!D40 -> UND | D35: ='PRESUPUESTO OFICIAL (Entidad)'!E40 -> 1
A36: ='PRESUPUESTO OFICIAL (Entidad)'!B41 -> A6,5 | B36: ='PRESUPUESTO OFICIAL (Entidad)'!C41 -> Suministro e instalación de Salida lampara fluorescente electrónica 2 X 48 w, incluye lampara. | C36: ='PRESUPUESTO OFICIAL (Entidad)'!D41 -> UND | D36: ='PRESUPUESTO OFICIAL (Entidad)'!E41 -> 3
A37: ='PRESUPUESTO OFICIAL (Entidad)'!B42 -> A6,6 | B37: ='PRESUPUESTO OFICIAL (Entidad)'!C42 -> Suministro e instalación de Puesta a tierra de tablero de distribicion, polo a tierra, varilla C. W. 2,40 ml. | C37: ='PRESUPUESTO OFICIAL (Entidad)'!D42 -> UND | D37: ='PRESUPUESTO OFICIAL (Entidad)'!E42 -> 1
A38: ='PRESUPUESTO OFICIAL (Entidad)'!B43 -> A6,7 | B38: ='PRESUPUESTO OFICIAL (Entidad)'!C43 -> Suministro e instalación de Red electrica en tuberia pvc de 1/2", incluye 1 linea No 10 + 1 neutro No 10 + 1 Linea No 14 para toma corrientes. | C38: ='PRESUPUESTO OFICIAL (Entidad)'!D43 -> ML | D38: ='PRESUPUESTO OFICIAL (Entidad)'!E43 -> 15.95
A39: ='PRESUPUESTO OFICIAL (Entidad)'!B44 -> A6,8 | B39: ='PRESUPUESTO OFICIAL (Entidad)'!C44 -> Suministro e instalación de Red electrica en tuberia pvc de 1/2", incluye 1 N° 12 + neutro N° 12 para luminarias. | C39: ='PRESUPUESTO OFICIAL (Entidad)'!D44 -> ML | D39: ='PRESUPUESTO OFICIAL (Entidad)'!E44 -> 16.51
A40: ='PRESUPUESTO OFICIAL (Entidad)'!B45 -> A6,9 | B40: ='PRESUPUESTO OFICIAL (Entidad)'!C45 -> Suministro e instalación de Cable concentrico monofasico. | C40: ='PRESUPUESTO OFICIAL (Entidad)'!D45 -> ML | D40: ='PRESUPUESTO OFICIAL (Entidad)'!E45 -> 6
A41: ='PRESUPUESTO OFICIAL (Entidad)'!B46 -> A7 | B41: ='PRESUPUESTO OFICIAL (Entidad)'!C46 -> INSTALACIONES HIDRAULICAS Y SANITARIAS
A42: ='PRESUPUESTO OFICIAL (Entidad)'!B47 -> A7,1 | B42: ='PRESUPUESTO OFICIAL (Entidad)'!C47 -> Suministro e instalacion de Punto de desague en pvc 2", incluye tuberia. | C42: ='PRESUPUESTO OFICIAL (Entidad)'!D47 -> UND | D42: ='PRESUPUESTO OFICIAL (Entidad)'!E47 -> 1
A43: ='PRESUPUESTO OFICIAL (Entidad)'!B48 -> A7,2 | B43: ='PRESUPUESTO OFICIAL (Entidad)'!C48 -> Suministro e instalacion de Punto de desague en pvc 3", incluye tuberia. | C43: ='PRESUPUESTO OFICIAL (Entidad)'!D48 -> UND | D43: ='PRESUPUESTO OFICIAL (Entidad)'!E48 -> 2
A44: ='PRESUPUESTO OFICIAL (Entidad)'!B49 -> A7,3 | B44: ='PRESUPUESTO OFICIAL (Entidad)'!C49 -> Suministro e instalacion de Punto de desague en pvc 4", incluye tuberia. | C44: ='PRESUPUESTO OFICIAL (Entidad)'!D49 -> UND | D44: ='PRESUPUESTO OFICIAL (Entidad)'!E49 -> 1
A45: ='PRESUPUESTO OFICIAL (Entidad)'!B50 -> A7,4 | B45: ='PRESUPUESTO OFICIAL (Entidad)'!C50 -> Caja de inspeccion de 60x60 cm, ladrillo. | C45: ='PRESUPUESTO OFICIAL (Entidad)'!D50 -> UND | D45: ='PRESUPUESTO OFICIAL (Entidad)'!E50 -> 1
A46: ='PRESUPUESTO OFICIAL (Entidad)'!B51 -> A7,5 | B46: ='PRESUPUESTO OFICIAL (Entidad)'!C51 -> Suministro e instalacion de Punto agua fria de ½" PVC, incluye tuberia. | C46: ='PRESUPUESTO OFICIAL (Entidad)'!D51 -> UND | D46: ='PRESUPUESTO OFICIAL (Entidad)'!E51 -> 1
A47: ='PRESUPUESTO OFICIAL (Entidad)'!B52 -> A7,6 | B47: ='PRESUPUESTO OFICIAL (Entidad)'!C52 -> Suministro e instalacion de Registro de paso directo ½" (bola). | C47: ='PRESUPUESTO OFICIAL (Entidad)'!D52 -> UND | D47: ='PRESUPUESTO OFICIAL (Entidad)'!E52 -> 2
A48: ='PRESUPUESTO OFICIAL (Entidad)'!B53 -> A7,7 | B48: ='PRESUPUESTO OFICIAL (Entidad)'!C53 -> Suministro e instalacion de Acometida general de ½". | C48: ='PRESUPUESTO OFICIAL (Entidad)'!D53 -> UND | D48: ='PRESUPUESTO OFICIAL (Entidad)'!E53 -> 1
A49: ='PRESUPUESTO OFICIAL (Entidad)'!B54 -> A7,8 | B49: ='PRESUPUESTO OFICIAL (Entidad)'!C54 -> Suministro e instalacion de salida llave terminal de ½". | C49: ='PRESUPUESTO OFICIAL (Entidad)'!D54 -> UND | D49: ='PRESUPUESTO OFICIAL (Entidad)'!E54 -> 1
A50: ='PRESUPUESTO OFICIAL (Entidad)'!B55 -> A7,9 | B50: ='PRESUPUESTO OFICIAL (Entidad)'!C55 -> Suministro e instalación de lavaplatos 60X40 . | C50: ='PRESUPUESTO OFICIAL (Entidad)'!D55 -> UND | D50: ='PRESUPUESTO OFICIAL (Entidad)'!E55 -> 1
A51: ='PRESUPUESTO OFICIAL (Entidad)'!B56 -> A7,10 | B51: ='PRESUPUESTO OFICIAL (Entidad)'!C56 -> Suministro e instalación de tanque 500 litros, incluye griferia y accesorios. | C51: ='PRESUPUESTO OFICIAL (Entidad)'!D56 -> UND | D51: ='PRESUPUESTO OFICIAL (Entidad)'!E56 -> 1
A52: ='PRESUPUESTO OFICIAL (Entidad)'!B57 -> A8 | B52: ='PRESUPUESTO OFICIAL (Entidad)'!C57 -> PAÑETES
A53: ='PRESUPUESTO OFICIAL (Entidad)'!B58 -> A8,1 | B53: ='PRESUPUESTO OFICIAL (Entidad)'!C58 -> Suministro y aplicación de Pañete muros 1:4 Incluye Filos, carteras y Dilataciones. | C53: ='PRESUPUESTO OFICIAL (Entidad)'!D58 -> M2 | D53: ='PRESUPUESTO OFICIAL (Entidad)'!E58 -> 183.18
A54: ='PRESUPUESTO OFICIAL (Entidad)'!B59 -> A9 | B54: ='PRESUPUESTO OFICIAL (Entidad)'!C59 -> CUBIERTA Y ESTRUCTURA DE CUBIERTA
A55: ='PRESUPUESTO OFICIAL (Entidad)'!B60 -> A9,1 | B55: ='PRESUPUESTO OFICIAL (Entidad)'!C60 -> Suministro e instalación de cubierta en teja master 1000 Arquitectónica color, CAL 28. Incluye tornillos autoperforantes. | C55: ='PRESUPUESTO OFICIAL (Entidad)'!D60 -> M2 | D55: ='PRESUPUESTO OFICIAL (Entidad)'!E60 -> 69.08
A56: ='PRESUPUESTO OFICIAL (Entidad)'!B61 -> A9,2 | B56: ='PRESUPUESTO OFICIAL (Entidad)'!C61 -> Suministro e instalación de Correa en perfil metálico de 3"X1 1/2", cal.18. Incluye pintura. | C56: ='PRESUPUESTO OFICIAL (Entidad)'!D61 -> ML | D56: ='PRESUPUESTO OFICIAL (Entidad)'!E61 -> 66
A57: ='PRESUPUESTO OFICIAL (Entidad)'!B62 -> A9,3 | B57: ='PRESUPUESTO OFICIAL (Entidad)'!C62 -> Suministro e instalación de Bajante ALL PVC 4". Incluye accesorios y mano de obra. | C57: ='PRESUPUESTO OFICIAL (Entidad)'!D62 -> ML | D57: ='PRESUPUESTO OFICIAL (Entidad)'!E62 -> 6
A58: ='PRESUPUESTO OFICIAL (Entidad)'!B63 -> A9,4 | B58: ='PRESUPUESTO OFICIAL (Entidad)'!C63 -> Suministro e instalación de Cercha Metálica tubo rectangular .04x.08 mts. 18 superior y tubo rectangular .04x.10 mts cal. 18 inferior, celosía en Tubo rectangular .04x.08 cal. 18". Incluye pintura. | C58: ='PRESUPUESTO OFICIAL (Entidad)'!D63 -> ML | D58: ='PRESUPUESTO OFICIAL (Entidad)'!E63 -> 10.35
A59: ='PRESUPUESTO OFICIAL (Entidad)'!B64 -> A10 | B59: ='PRESUPUESTO OFICIAL (Entidad)'!C64 -> PISOS Y ENCHAPES
A60: ='PRESUPUESTO OFICIAL (Entidad)'!B65 -> A10,1 | B60: ='PRESUPUESTO OFICIAL (Entidad)'!C65 -> Alistado de piso en mortero e= 0,05m. | C60: ='PRESUPUESTO OFICIAL (Entidad)'!D65 -> M2 | D60: ='PRESUPUESTO OFICIAL (Entidad)'!E65 -> 52.44
A61: ='PRESUPUESTO OFICIAL (Entidad)'!B66 -> A10,2 | B61: ='PRESUPUESTO OFICIAL (Entidad)'!C66 -> Construccion de Placa en concreto de 3000 PSI e=0,10 m. | C61: ='PRESUPUESTO OFICIAL (Entidad)'!D66 -> M2 | D61: ='PRESUPUESTO OFICIAL (Entidad)'!E66 -> 52.44
A62: ='PRESUPUESTO OFICIAL (Entidad)'!B67 -> A10,3 | B62: ='PRESUPUESTO OFICIAL (Entidad)'!C67 -> Suministrar e instalar Piso en ceramica T-5. | C62: ='PRESUPUESTO OFICIAL (Entidad)'!D67 -> M2 | D62: ='PRESUPUESTO OFICIAL (Entidad)'!E67 -> 52.44
A63: ='PRESUPUESTO OFICIAL (Entidad)'!B68 -> A10,4 | B63: ='PRESUPUESTO OFICIAL (Entidad)'!C68 -> Suministro e instalacion de Guardaescoba en cerámica T-5. | C63: ='PRESUPUESTO OFICIAL (Entidad)'!D68 -> ML | D63: ='PRESUPUESTO OFICIAL (Entidad)'!E68 -> 39.3
A64: ='PRESUPUESTO OFICIAL (Entidad)'!B69 -> A11 | B64: ='PRESUPUESTO OFICIAL (Entidad)'!C69 -> CARPINTERÍA METÁLICA
A65: ='PRESUPUESTO OFICIAL (Entidad)'!B70 -> A11,1 | B65: ='PRESUPUESTO OFICIAL (Entidad)'!C70 -> Suministro e instalación ventana en lamina C.20 con vidrio 4mm Inc. anticorrosivo + pintura y todo lo necesario para su correcto funcionamiento. | C65: ='PRESUPUESTO OFICIAL (Entidad)'!D70 -> M2 | D65: ='PRESUPUESTO OFICIAL (Entidad)'!E70 -> 11.51
A66: ='PRESUPUESTO OFICIAL (Entidad)'!B71 -> A11,2 | B66: ='PRESUPUESTO OFICIAL (Entidad)'!C71 -> Suministro e instalación de Marco y puerta metálicos lamina C. R. cal. 20, de 1,00x2.00 m. Incluye anticorrosivo y pintura. | C66: ='PRESUPUESTO OFICIAL (Entidad)'!D71 -> UND | D66: ='PRESUPUESTO OFICIAL (Entidad)'!E71 -> 1
A67: ='PRESUPUESTO OFICIAL (Entidad)'!B72 -> A11,3 | B67: ='PRESUPUESTO OFICIAL (Entidad)'!C72 -> Suministro e instalación de Canal en lámina Galvanizada C. 20. Incluye refuerzos en angulo 1" x 1/8"+ pintura. | C67: ='PRESUPUESTO OFICIAL (Entidad)'!D72 -> ML | D67: ='PRESUPUESTO OFICIAL (Entidad)'!E72 -> 6.4
A68: ='PRESUPUESTO OFICIAL (Entidad)'!B73 -> A11,4 | B68: ='PRESUPUESTO OFICIAL (Entidad)'!C73 -> Suministro e instalación de Marco y puerta metálicos lamina C. R. cal. 20, de 0,90x2.00 m. Incluye anticorrosivo y pintura. | C68: ='PRESUPUESTO OFICIAL (Entidad)'!D73 -> UND | D68: ='PRESUPUESTO OFICIAL (Entidad)'!E73 -> 1
A69: ='PRESUPUESTO OFICIAL (Entidad)'!B74 -> A12 | B69: ='PRESUPUESTO OFICIAL (Entidad)'!C74 -> PINTURA GENERAL Y ACABADOS
A70: ='PRESUPUESTO OFICIAL (Entidad)'!B75 -> A12,1 | B70: ='PRESUPUESTO OFICIAL (Entidad)'!C75 -> Suministro y aplicación de Estuco y pintura vinilo tipo1 tres manos sobre muros. | C70: ='PRESUPUESTO OFICIAL (Entidad)'!D75 -> M2 | D70: ='PRESUPUESTO OFICIAL (Entidad)'!E75 -> 121.51
A71: ='PRESUPUESTO OFICIAL (Entidad)'!B76 -> A12,2 | B71: ='PRESUPUESTO OFICIAL (Entidad)'!C76 -> Suministrar y aplicar Esgrafiado en Graniplast. | C71: ='PRESUPUESTO OFICIAL (Entidad)'!D76 -> M2 | D71: ='PRESUPUESTO OFICIAL (Entidad)'!E76 -> 57.86
A72: ='PRESUPUESTO OFICIAL (Entidad)'!B77 -> A13 | B72: ='PRESUPUESTO OFICIAL (Entidad)'!C77 -> EXTERIORES Y OBRAS COMPLEMENTARIAS
A73: ='PRESUPUESTO OFICIAL (Entidad)'!B78 -> A13,1 | B73: ='PRESUPUESTO OFICIAL (Entidad)'!C78 -> Sardinel en concreto 2500 psi. | C73: ='PRESUPUESTO OFICIAL (Entidad)'!D78 -> ML | D73: ='PRESUPUESTO OFICIAL (Entidad)'!E78 -> 6
A74: ='PRESUPUESTO OFICIAL (Entidad)'!B79 -> A13,2 | B74: ='PRESUPUESTO OFICIAL (Entidad)'!C79 -> Cuneta A.LL. en concreto de 3.000 PSI Tipo U. | C74: ='PRESUPUESTO OFICIAL (Entidad)'!D79 -> ML | D74: ='PRESUPUESTO OFICIAL (Entidad)'!E79 -> 6
A75: ='PRESUPUESTO OFICIAL (Entidad)'!B80 -> A13,3 | B75: ='PRESUPUESTO OFICIAL (Entidad)'!C80 -> Placa de piso para exteriores en concreto 2500 P.S.I., barrido y dilatado e=0.10 m. | C75: ='PRESUPUESTO OFICIAL (Entidad)'!D80 -> M2 | D75: ='PRESUPUESTO OFICIAL (Entidad)'!E80 -> 6
A76: ='PRESUPUESTO OFICIAL (Entidad)'!B81 -> A14 | B76: ='PRESUPUESTO OFICIAL (Entidad)'!C81 -> LIMPIEZA GENERAL
A77: ='PRESUPUESTO OFICIAL (Entidad)'!B82 -> A14,1 | B77: ='PRESUPUESTO OFICIAL (Entidad)'!C82 -> Aseo final de obra. | C77: ='PRESUPUESTO OFICIAL (Entidad)'!D82 -> M2 | D77: ='PRESUPUESTO OFICIAL (Entidad)'!E82 -> 66
A78: B | B78: CONSTRUCCION DE APARATO SANITARIO EN LA INSTITUCIÓN EDUCATIVA NUESTRA SEÑORA DEL SOCORRO SEDE ALTO SAN ISIDRO
A79: ='PRESUPUESTO OFICIAL (Entidad)'!B85 -> B1 | B79: ='PRESUPUESTO OFICIAL (Entidad)'!C85 -> PRELIMINARES
A80: ='PRESUPUESTO OFICIAL (Entidad)'!B86 -> B1,1 | B80: ='PRESUPUESTO OFICIAL (Entidad)'!C86 -> Localización y Replanteo manual. | C80: ='PRESUPUESTO OFICIAL (Entidad)'!D86 -> M2 | D80: ='PRESUPUESTO OFICIAL (Entidad)'!E86 -> 24.25
A81: ='PRESUPUESTO OFICIAL (Entidad)'!B87 -> B1,2 | B81: ='PRESUPUESTO OFICIAL (Entidad)'!C87 -> Descapote manual e=20cm incluye retiro. | C81: ='PRESUPUESTO OFICIAL (Entidad)'!D87 -> M2 | D81: ='PRESUPUESTO OFICIAL (Entidad)'!E87 -> 24.25
A82: ='PRESUPUESTO OFICIAL (Entidad)'!B88 -> B2 | B82: ='PRESUPUESTO OFICIAL (Entidad)'!C88 -> MOVIMIENTO DE TIERRA
A83: ='PRESUPUESTO OFICIAL (Entidad)'!B89 -> B2,1 | B83: ='PRESUPUESTO OFICIAL (Entidad)'!C89 -> Excavacion manual. Incluye retiro del material. | C83: ='PRESUPUESTO OFICIAL (Entidad)'!D89 -> M3 | D83: ='PRESUPUESTO OFICIAL (Entidad)'!E89 -> 0.31
A84: ='PRESUPUESTO OFICIAL (Entidad)'!B90 -> B3 | B84: ='PRESUPUESTO OFICIAL (Entidad)'!C90 -> CIMIENTOS
A85: ='PRESUPUESTO OFICIAL (Entidad)'!B91 -> B3,1 | B85: ='PRESUPUESTO OFICIAL (Entidad)'!C91 -> Viga de cimentacion en concreto de 3000 PSI (0,12 x 0,20 mts).Incluye acero de refuerzo de 60000 PSI. (4Ø3/8" refuerzo y E=Ø1/4" c/d. 0,10 m). | C85: ='PRESUPUESTO OFICIAL (Entidad)'!D91 -> ML | D85: ='PRESUPUESTO OFICIAL (Entidad)'!E91 -> 13.08
A86: ='PRESUPUESTO OFICIAL (Entidad)'!B92 -> B4 | B86: ='PRESUPUESTO OFICIAL (Entidad)'!C92 -> MAMPOSTERIA
A87: ='PRESUPUESTO OFICIAL (Entidad)'!B93 -> B4,1 | B87: ='PRESUPUESTO OFICIAL (Entidad)'!C93 -> Construccion de Muro en Bloque de arcilla #5 (12x20x30cm) Incluye mortero de pega y bloque. | C87: ='PRESUPUESTO OFICIAL (Entidad)'!D93 -> M2 | D87: ='PRESUPUESTO OFICIAL (Entidad)'!E93 -> 21.35
A88: ='PRESUPUESTO OFICIAL (Entidad)'!B94 -> B5 | B88: ='PRESUPUESTO OFICIAL (Entidad)'!C94 -> ESTRUCTURA
A89: ='PRESUPUESTO OFICIAL (Entidad)'!B95 -> B5,1 | B89: ='PRESUPUESTO OFICIAL (Entidad)'!C95 -> Viga aerea en concreto de 3000 PSI (0,12 x 0,20 mts).Incluye acero de refuerzo de 60000 PSI. (4Ø3/8" refuerzo y E=Ø1/4" c/d. 0,10 m). | C89: ='PRESUPUESTO OFICIAL (Entidad)'!D95 -> ML | D89: ='PRESUPUESTO OFICIAL (Entidad)'!E95 -> 13.08
A90: ='PRESUPUESTO OFICIAL (Entidad)'!B96 -> B5,2 | B90: ='PRESUPUESTO OFICIAL (Entidad)'!C96 -> Columnas concreto de 3000 PSI (0,12 x 0,20 mts).Incluye acero de refuerzo de 60000 PSI. (4Ø3/8" refuerzo y E=Ø1/4" c/d. 0,10 m). | C90: ='PRESUPUESTO OFICIAL (Entidad)'!D96 -> ML | D90: ='PRESUPUESTO OFICIAL (Entidad)'!E96 -> 22
A91: ='PRESUPUESTO OFICIAL (Entidad)'!B97 -> B5,3 | B91: ='PRESUPUESTO OFICIAL (Entidad)'!C97 -> Lavamanos en concreto pulido. | C91: ='PRESUPUESTO OFICIAL (Entidad)'!D97 -> ML | D91: ='PRESUPUESTO OFICIAL (Entidad)'!E97 -> 3.3
A92: ='PRESUPUESTO OFICIAL (Entidad)'!B98 -> B5,4 | B92: ='PRESUPUESTO OFICIAL (Entidad)'!C98 -> Construccion de Placa aerea en concreto armado de 3000 psi e = 10 cm. | C92: ='PRESUPUESTO OFICIAL (Entidad)'!D98 -> M2 | D92: ='PRESUPUESTO OFICIAL (Entidad)'!E98 -> 16.94
A93: ='PRESUPUESTO OFICIAL (Entidad)'!B99 -> B6 | B93: ='PRESUPUESTO OFICIAL (Entidad)'!C99 -> INSTALACIONES ELECTRICAS
A94: ='PRESUPUESTO OFICIAL (Entidad)'!B100 -> B6,1 | B94: ='PRESUPUESTO OFICIAL (Entidad)'!C100 -> Suministro e instalación de Salida lampara incandesente, incluye bombillo. | C94: ='PRESUPUESTO OFICIAL (Entidad)'!D100 -> UND | D94: ='PRESUPUESTO OFICIAL (Entidad)'!E100 -> 4
A95: ='PRESUPUESTO OFICIAL (Entidad)'!B101 -> B6,2 | B95: ='PRESUPUESTO OFICIAL (Entidad)'!C101 -> Suministro e instalación de Salida Interruptor Doble 110 v. | C95: ='PRESUPUESTO OFICIAL (Entidad)'!D101 -> UND | D95: ='PRESUPUESTO OFICIAL (Entidad)'!E101 -> 2
A96: ='PRESUPUESTO OFICIAL (Entidad)'!B102 -> B6,3 | B96: ='PRESUPUESTO OFICIAL (Entidad)'!C102 -> Suministro e instalacion de tablero monofase 2 circuitos. | C96: ='PRESUPUESTO OFICIAL (Entidad)'!D102 -> UND | D96: ='PRESUPUESTO OFICIAL (Entidad)'!E102 -> 1
A97: ='PRESUPUESTO OFICIAL (Entidad)'!B103 -> B6,4 | B97: ='PRESUPUESTO OFICIAL (Entidad)'!C103 -> Suministro e instalación de Red electrica en tuberia pvc de 1/2", incluye 1 N° 12 + neutro N° 12 para luminarias. | C97: ='PRESUPUESTO OFICIAL (Entidad)'!D103 -> ML | D97: ='PRESUPUESTO OFICIAL (Entidad)'!E103 -> 7
A98: ='PRESUPUESTO OFICIAL (Entidad)'!B104 -> B6,5 | B98: ='PRESUPUESTO OFICIAL (Entidad)'!C104 -> Suministro e instalación de Cable concentrico monofasico. | C98: ='PRESUPUESTO OFICIAL (Entidad)'!D104 -> ML | D98: ='PRESUPUESTO OFICIAL (Entidad)'!E104 -> 5
A99: ='PRESUPUESTO OFICIAL (Entidad)'!B105 -> B7 | B99: ='PRESUPUESTO OFICIAL (Entidad)'!C105 -> INSTALACIONES HIDRAULICAS Y SANITARIAS
A100: ='PRESUPUESTO OFICIAL (Entidad)'!B106 -> B7,1 | B100: ='PRESUPUESTO OFICIAL (Entidad)'!C106 -> Suministro e instalacion de Punto de desague en pvc 2", incluye tuberia. | C100: ='PRESUPUESTO OFICIAL (Entidad)'!D106 -> UND | D100: ='PRESUPUESTO OFICIAL (Entidad)'!E106 -> 5
A101: ='PRESUPUESTO OFICIAL (Entidad)'!B107 -> B7,2 | B101: ='PRESUPUESTO OFICIAL (Entidad)'!C107 -> Suministro e instalacion de Punto de desague en pvc 3", incluye tuberia. | C101: ='PRESUPUESTO OFICIAL (Entidad)'!D107 -> UND | D101: ='PRESUPUESTO OFICIAL (Entidad)'!E107 -> 1
A102: ='PRESUPUESTO OFICIAL (Entidad)'!B108 -> B7,3 | B102: ='PRESUPUESTO OFICIAL (Entidad)'!C108 -> Suministro e instalacion de Punto de desague en pvc 4", incluye tuberia. | C102: ='PRESUPUESTO OFICIAL (Entidad)'!D108 -> UND | D102: ='PRESUPUESTO OFICIAL (Entidad)'!E108 -> 4
...

Sheet PRESUPUESTO OFICIAL (Entidad)
B1: ITEM | C1: DESCRIPCION | D1: UNID | E1: CANT. | F1: VR. UNIT | G1: VR. TOTAL
B9: OBJETO: CONTRATO DE OBRA A TODO COSTO PARA LA CONSTRUCCION, MANTENIMIENTO Y MEJORAMIENTO DE DIFERENTES SEDES EDUCATIVAS DEL MUNICIPIO DE EL PITAL HUILA, CONFORME A LA FICHA TECNICA, EN CUMPLIMIENTO DEL PLAN DE DESARROLLO "UNIDOS SI PODEMOS 2024-2027"
B11: ITEM | C11: DESCRIPCION | D11: UNIDAD | E11: CANTIDAD | F11: VALOR UNITARIO | G11: VALOR TOTAL
A12: 12 | B12: A | C12: CONSTRUCCIÓN DE COMEDOR - COCINA EN LA INSTITUCIÓN EDUCATIVA PROMOCION SOCIAL SEDE CHIMBAYACO | G12: =G13+G16+G19+G26+G30+G36+G46+G57+G59+G64+G69+G74+G77+G81 -> 78558548 | H12: =G12*0.3 -> 23567564 | I12: =G12+H12 -> 1.0212611e+08 | J12: =I12*0.01 -> 1021261.1 | K12: =I12+J12 -> 1.0314737e+08
A13: 13 | B13: A1 | C13: PRELIMINARES Y DEMOLICIONES - DESMONTE DE ELEMENTOS | G13: =SUM(G14:G15) -> 1026733
A14: 14 | B14: A1,1 | C14: Localización y Replanteo manual. | D14: M2 | E14: ='M.C. '!K22 -> 65.83 | F14: ='A1,1-B1,1-C1,1-E1,1-F1,1'!F48 -> 5209 | G14: =E14*F14 -> 342908.47 | I14: =F14*0.3 -> 1562.7
A15: 15 | B15: A1,2 | C15: Demolición mecánica de concreto ciclópeo | D15: M3 | E15: ='M.C. '!K24 -> 3.53 | F15: ='A1,2'!F48 -> 193718 | G15: =E15*F15 -> 683824.54
A16: 16 | B16: A2 | C16: MOVIMIENTO DE TIERRA | G16: =SUM(G17:G18) -> 1757188.9
A17: 17 | B17: A2,1 | C17: Excavacion manual. Incluye retiro del material. | D17: M3 | E17: ='M.C. '!K27 -> 15.61 | F17: ='A2,1-B2,1-C2,1-E2,2-F3,1'!F48 -> 58887 | G17: =E17*F17 -> 919226.07
A18: 18 | B18: A2,2 | C18: Relleno en recebo compactado mecánicamente. | D18: M3 | E18: ='M.C. '!K44 -> 15.09 | F18: ='A2,2-C2,2-E2,1-F3,2'!F48 -> 55531 | G18: =E18*F18 -> 837962.79
A19: 19 | B19: A3 | C19: CIMIENTOS | G19: =SUM(G20:G25) -> 9907465.1
A20: 20 | B20: A3,1 | C20: Concreto Ciclópeo (40% en piedra media zonga y 60% concreto 2500 PSI de 0,30*0,40 m). | D20: M3 | E20: ='M.C. '!K52 -> 3.07 | F20: ='A3,1-C3,1-E3,1'!F48 -> 634602 | G20: =E20*F20 -> 1948228.1
A21: 21 | B21: A3,2 | C21: Cimentación tipo zapatas en concreto de 3000 P.S.I (0,70*0,70*0,30mts). | D21: M3 | E21: ='M.C. '!K54 -> 0.74 | F21: ='A3,2'!F48 -> 810715 | G21: =E21*F21 -> 599929.1
A22: 22 | B22: A3,3 | C22: Cimentación tipo zapatas en concreto de 3000 P.S.I (1,00*1,00*0,30mts). | D22: M3 | E22: ='M.C. '!K56 -> 0.3 | F22: ='A3,3'!F48 -> 810715 | G22: =E22*F22 -> 243214.5
A23: 23 | B23: A3,4 | C23: Viga de cimentación en concreto de 3000 PSI (0,30*0,30mts). Incluye acero de refuerzo de 60000 PSI (4Ø5/8" refuerzo y E=Ø3/8" c./d. 0,10 mts). | D23: ML | E23: ='M.C. '!K58 -> 39.15 | F23: ='A3,4 '!F48 -> 157348 | G23: =E23*F23 -> 6160174.2
A24: 24 | B24: A3,5 | C24: Cimentación tipo solado de limpieza concreto 1700 psi e=0,05 m. | D24: M2 | E24: ='M.C. '!K68 -> 3.45 | F24: ='A3,5-C3,5'!F48 -> 43232 | G24: =E24*F24 -> 149150.4
A25: 25 | B25: A3,6 | C25: Acero de refuerzo 600000 PSI, para zapata (incluye amarre y figurado). | D25: KG | E25: ='M.C. '!K71 -> 86.74 | F25: ='A3,6'!F48 -> 9301 | G25: =E25*F25 -> 806768.74
A26: 26 | B26: A4 | C26: MAMPOSTERIA | G26: =SUM(G27:G29) -> 7901407.2
A27: 27 | B27: A4,1 | C27: Construccion de Muro en Bloque de arcilla #5 (12x20x30cm) Incluye mortero de pega y bloque. | D27: M2 | E27: ='M.C. '!K75 -> 82.89 | F27: ='A4,1 -B4,1-C5,1-F6,1'!F48 -> 60669 | G27: =E27*F27 -> 5028853.4
A28: 28 | B28: A4,2 | C28: Construccion de Mesón en concreto 3000 psi, a=0,60, e=0.10 enchapado, inc. Acero (1Ø1/2"c.015 ambos sentidos). | D28: ML | E28: ='M.C. '!K89 -> 7.85 | F28: ='A4,2-F6,2'!F48 -> 301897 | G28: =E28*F28 -> 2369891.4
A29: 29 | B29: A4,3 | C29: Construccion de Alfajía en Concreto 3000 PSI, E= 0.15X0.25 MTS – Incluye: Acero de refuerzo de 60000 PSI (2Ø3/8" refuerzo y E=Ø1/4" c. 0,35 m). | D29: ML | E29: ='M.C. '!K92 -> 5.9 | F29: ='A4,3-C5,2'!F48 -> 85197 | G29: =E29*F29 -> 502662.3
A30: 30 | B30: A5 | C30: ESTRUCTURA | G30: =SUM(G31:G35) -> 14489455
A31: 31 | B31: A5,1 | C31: Viga aérea en concreto de 3000 PSI. (0,30*0,30mts). Incluye acero de refuerzo fy= 60000 PSI. (4Ø5/8" refuerzo y E=Ø3/8" c./d. 0,10 mts). | D31: ML | E31: ='M.C. '!K96 -> 33.3 | F31: ='A5,1-C4,1'!F48 -> 189157 | G31: =E31*F31 -> 6298928.1
A32: 32 | B32: A5,2 | C32: Columna en concreto de 3000 PSI (0.30x0.30mts). Incluye acero de refuerzo de 60000 PSI (6Ø5/8", refuerzo y E=Ø3/8" c./d. 0,10 mts Y 0,15 mts). | D32: ML | E32: ='M.C. '!K104 -> 22.56 | F32: ='A5,2'!F48 -> 203421 | G32: =E32*F32 -> 4589177.8
A33: 33 | B33: A5,3 | C33: Columna de confinamiento (0,20x0,15mts) en concreto de 3000 PSI. Incluye refuerzo de 6000 PSI ( 4Ø 1/2" refuerzo y E=Ø 1/4" c./d. 0,10 mts). | D33: ML | E33: ='M.C. '!K111 -> 12.6 | F33: ='A5,3'!F48 -> 87398 | G33: =E33*F33 -> 1101214.8
A34: 34 | B34: A5,4 | C34: Viga cinta en concreto 3000 PSI ( 0.10x0.20mts). Incluye acero (2Ø3/8" refuerzo y E=Ø1/4" c/d. 0,10mts). | D34: ML | E34: ='M.C. '!K113 -> 32.8 | F34: ='A5,4'!F48 -> 61584 | G34: =E34*F34 -> 2019955.2
A35: 35 | B35: A5,5 | C35: Construccion de Placa aerea en concreto armado de 3000 psi e = 10 cm. | D35: M2 | E35: ='M.C. '!K116 -> 1.44 | F35: ='A5,5-B5,4'!F48 -> 333458 | G35: =E35*F35 -> 480179.52
A36: 36 | B36: A6 | C36: INSTALACIONES ELÉCTRICAS | G36: =SUM(G37:G45) -> 3124520.5
A37: 37 | B37: A6,1 | C37: Suministro e instalación de Tablero monofásico 4 circuitos. | D37: UND | E37: ='M.C. '!K119 -> 1 | F37: ='A6,1-C6,7'!F48 -> 388676 | G37: =E37*F37 -> 388676
A38: 38 | B38: A6,2 | C38: Suministro e instalación de Salida toma corriente doble 110 v. | D38: UND | E38: ='M.C. '!K121 -> 3 | F38: ='A6,2-C6,2'!F49 -> 58890 | G38: =E38*F38 -> 176670
A39: 39 | B39: A6,3 | C39: Suministro e instalación de Salida Interruptor Sencillo 110 v. | D39: UND | E39: ='M.C. '!K123 -> 1 | F39: ='A6,3'!F48 -> 32861 | G39: =E39*F39 -> 32861
A40: 40 | B40: A6,4 | C40: Suministro e instalación de Salida Interruptor Doble 110 v. | D40: UND | E40: ='M.C. '!K125 -> 1 | F40: ='A6,4-B6,2-C6,3'!F48 -> 38027 | G40: =E40*F40 -> 38027
A41: 41 | B41: A6,5 | C41: Suministro e instalación de Salida lampara fluorescente electrónica 2 X 48 w, incluye lampara. | D41: UND | E41: ='M.C. '!K127 -> 3 | F41: ='A6,5-C6,1'!F48 -> 259034 | G41: =E41*F41 -> 777102
A42: 42 | B42: A6,6 | C42: Suministro e instalación de Puesta a tierra de tablero de distribicion, polo a tierra, varilla C. W. 2,40 ml. | D42: UND | E42: ='M.C. '!K129 -> 1 | F42: ='A6,6-C6,6'!F50 -> 254119 | G42: =E42*F42 -> 254119
A43: 43 | B43: A6,7 | C43: Suministro e instalación de Red electrica en tuberia pvc de 1/2", incluye 1 linea No 10 + 1 neutro No 10 + 1 Linea No 14 para toma corrientes. | D43: ML | E43: ='M.C. '!K131 -> 15.95 | F43: ='A6,7-C6,5'!F48 -> 42760 | G43: =E43*F43 -> 682022
A44: 44 | B44: A6,8 | C44: Suministro e instalación de Red electrica en tuberia pvc de 1/2", incluye 1 N° 12 + neutro N° 12 para luminarias. | D44: ML | E44: ='M.C. '!K133 -> 16.51 | F44: ='A6,8-B6,4-C6,4'!F48 -> 35348 | G44: =E44*F44 -> 583595.48
A45: 45 | B45: A6,9 | C45: Suministro e instalación de Cable concentrico monofasico. | D45: ML | E45: ='M.C. '!K135 -> 6 | F45: ='A6,9-B6,5-C6,8'!F48 -> 31908 | G45: =E45*F45 -> 191448
A46: 46 | B46: A7 | C46: INSTALACIONES HIDRAULICAS Y SANITARIAS | G46: =SUM(G47:G56) -> 2019827
A47: 47 | B47: A7,1 | C47: Suministro e instalacion de Punto de desague en pvc 2", incluye tuberia. | D47: UND | E47: ='M.C. '!K138 -> 1 | F47: ='A7,1-B7,1-F7,1'!F48 -> 68127 | G47: =E47*F47 -> 68127
A48: 48 | B48: A7,2 | C48: Suministro e instalacion de Punto de desague en pvc 3", incluye tuberia. | D48: UND | E48: ='M.C. '!K140 -> 2 | F48: ='A7,2-B7,2-B7,2'!F48 -> 74715 | G48: =E48*F48 -> 149430
A49: 49 | B49: A7,3 | C49: Suministro e instalacion de Punto de desague en pvc 4", incluye tuberia. | D49: UND | E49: ='M.C. '!K142 -> 1 | F49: ='A7,3-B7,3'!F48 -> 85193 | G49: =E49*F49 -> 85193
A50: 50 | B50: A7,4 | C50: Caja de inspeccion de 60x60 cm, ladrillo. | D50: UND | E50: ='M.C. '!K144 -> 1 | F50: ='A7,4-B7,4'!F48 -> 369967 | G50: =E50*F50 -> 369967
A51: 51 | B51: A7,5 | C51: Suministro e instalacion de Punto agua fria de ½" PVC, incluye tuberia. | D51: UND | E51: ='M.C. '!K146 -> 1 | F51: ='A7,5-B7,5-F7,3'!F50 -> 83682 | G51: =E51*F51 -> 83682
A52: 52 | B52: A7,6 | C52: Suministro e instalacion de Registro de paso directo ½" (bola). | D52: UND | E52: ='M.C. '!K148 -> 2 | F52: ='A7,6-B7,6-F7,4'!F48 -> 79410 | G52: =E52*F52 -> 158820
A53: 53 | B53: A7,7 | C53: Suministro e instalacion de Acometida general de ½". | D53: UND | E53: ='M.C. '!K150 -> 1 | F53: ='A7,7-B7,7-F7,5'!F51 -> 233367 | G53: =E53*F53 -> 233367
A54: 54 | B54: A7,8 | C54: Suministro e instalacion de salida llave terminal de ½". | D54: UND | E54: ='M.C. '!K152 -> 1 | F54: ='A7,8-B7,8-F7,6'!F48 -> 228979 | G54: =E54*F54 -> 228979
A55: 55 | B55: A7,9 | C55: Suministro e instalación de lavaplatos 60X40 . | D55: UND | E55: ='M.C. '!K154 -> 1 | F55: ='A7,9-F7,7'!F48 -> 158142 | G55: =E55*F55 -> 158142
A56: 56 | B56: A7,10 | C56: Suministro e instalación de tanque 500 litros, incluye griferia y accesorios. | D56: UND | E56: ='M.C. '!K156 -> 1 | F56: ='A7,10-B7,9'!F48 -> 484120 | G56: =E56*F56 -> 484120
A57: 57 | B57: A8 | C57: PAÑETES | G57: =SUM(G58) -> 5487156.9
A58: 58 | B58: A8,1 | C58: Suministro y aplicación de Pañete muros 1:4 Incluye Filos, carteras y Dilataciones. | D58: M2 | E58: ='M.C. '!K159 -> 183.18 | F58: ='A8,1-B9,1-C7,1-F8,1'!F48 -> 29955 | G58: =E58*F58 -> 5487156.9
A59: 59 | B59: A9 | C59: CUBIERTA Y ESTRUCTURA DE CUBIERTA | G59: =SUM(G60:G63) -> 7877220
A60: 60 | B60: A9,1 | C60: Suministro e instalación de cubierta en teja master 1000 Arquitectónica color, CAL 28. Incluye tornillos autoperforantes. | D60: M2 | E60: ='M.C. '!K170 -> 69.08 | F60: ='A9,1-C8,1-D2,1'!F48 -> 44409 | G60: =E60*F60 -> 3067773.7
A61: 61 | B61: A9,2 | C61: Suministro e instalación de Correa en perfil metálico de 3"X1 1/2", cal.18. Incluye pintura. | D61: ML | E61: ='M.C. '!K172 -> 66 | F61: ='A9,2-C8,4'!F48 -> 44929 | G61: =E61*F61 -> 2965314
A62: 62 | B62: A9,3 | C62: Suministro e instalación de Bajante ALL PVC 4". Incluye accesorios y mano de obra. | D62: ML | E62: ='M.C. '!K174 -> 6 | F62: ='A9,3'!F48 -> 38609 | G62: =E62*F62 -> 231654
A63: 63 | B63: A9,4 | C63: Suministro e instalación de Cercha Metálica tubo rectangular .04x.08 mts. 18 superior y tubo rectangular .04x.10 mts cal. 18 inferior, celosía en Tubo rectangular .04x.08 cal. 18". Incluye pintura. | D63: ML | E63: ='M.C. '!K176 -> 10.35 | F63: ='A9,4'!F48 -> 155795 | G63: =E63*F63 -> 1612478.2
A64: 64 | B64: A10 | C64: PISOS Y ENCHAPES | G64: =SUM(G65:G68) -> 14457502
A65: 65 | B65: A10,1 | C65: Alistado de piso en mortero e= 0,05m. | D65: M2 | E65: ='M.C. '!K179 -> 52.44 | F65: ='A10,1-C9,2-F9,2'!F48 -> 35876 | G65: =E65*F65 -> 1881337.4
A66: 66 | B66: A10,2 | C66: Construccion de Placa en concreto de 3000 PSI e=0,10 m. | D66: M2 | E66: ='M.C. '!K182 -> 52.44 | F66: ='A10,2-B10,2-C9,1'!F48 -> 70907 | G66: =E66*F66 -> 3718363.1
A67: 67 | B67: A10,3 | C67: Suministrar e instalar Piso en ceramica T-5. | D67: M2 | E67: ='M.C. '!K185 -> 52.44 | F67: ='A10,3-B10,3-C9,3-F9,3'!F48 -> 154596 | G67: =E67*F67 -> 8107014.2
A68: 68 | B68: A10,4 | C68: Suministro e instalacion de Guardaescoba en cerámica T-5. | D68: ML | E68: ='M.C. '!K188 -> 39.3 | F68: ='A10,4-B10,4-C9,4-F9,4'!F48 -> 19104 | G68: =E68*F68 -> 750787.2
A69: 69 | B69: A11 | C69: CARPINTERÍA METÁLICA | G69: =SUM(G70:G73) -> 3895193.1
A70: 70 | B70: A11,1 | C70: Suministro e instalación ventana en lamina C.20 con vidrio 4mm Inc. anticorrosivo + pintura y todo lo necesario para su correcto funcionamiento. | D70: M2 | E70: ='M.C. '!K191 -> 11.51 | F70: ='A11,1-F10,1'!F48 -> 216428 | G70: =E70*F70 -> 2491086.3
A71: 71 | B71: A11,2 | C71: Suministro e instalación de Marco y puerta metálicos lamina C. R. cal. 20, de 1,00x2.00 m. Incluye anticorrosivo y pintura. | D71: UND | E71: ='M.C. '!K198 -> 1 | F71: ='A11,2-F10,2'!F48 -> 497962 | G71: =E71*F71 -> 497962
A72: 72 | B72: A11,3 | C72: Suministro e instalación de Canal en lámina Galvanizada C. 20. Incluye refuerzos en angulo 1" x 1/8"+ pintura. | D72: ML | E72: ='M.C. '!K200 -> 6.4 | F72: ='A11,3'!F48 -> 65867 | G72: =E72*F72 -> 421548.8
A73: 73 | B73: A11,4 | C73: Suministro e instalación de Marco y puerta metálicos lamina C. R. cal. 20, de 0,90x2.00 m. Incluye anticorrosivo y pintura. | D73: UND | E73: ='M.C. '!K202 -> 1 | F73: ='A11,4'!F48 -> 484596 | G73: =E73*F73 -> 484596
A74: 74 | B74: A12 | C74: PINTURA GENERAL Y ACABADOS | G74: =SUM(G75:G76) -> 5008978.8
A75: 75 | B75: A12,1 | C75: Suministro y aplicación de Estuco y pintura vinilo tipo1 tres manos sobre muros. | D75: M2 | E75: ='M.C. '!K205 -> 121.51 | F75: ='A12,1-C11,1-F11,3'!F48 -> 25569 | G75: =E75*F75 -> 3106889.2
A76: 76 | B76: A12,2 | C76: Suministrar y aplicar Esgrafiado en Graniplast. | D76: M2 | E76: ='M.C. '!K227 -> 57.86 | F76: ='A12,2-B12,1-C11,2-F11,4'!F48 -> 32874 | G76: =E76*F76 -> 1902089.6
A77: 77 | B77: A13 | C77: EXTERIORES Y OBRAS COMPLEMENTARIAS | G77: =SUM(G78:G80) -> 1452054
B78: A13,1 | C78: Sardinel en concreto 2500 psi. | D78: ML | E78: ='M.C. '!K239 -> 6 | F78: ='A13,1-C12,1'!F48 -> 62829 | G78: =E78*F78 -> 376974
A79: 78 | B79: A13,2 | C79: Cuneta A.LL. en concreto de 3.000 PSI Tipo U. | D79: ML | E79: ='M.C. '!K241 -> 6 | F79: ='A13,2'!F48 -> 81991 | G79: =E79*F79 -> 491946
A80: 79 | B80: A13,3 | C80: Placa de piso para exteriores en concreto 2500 P.S.I., barrido y dilatado e=0.10 m. | D80: M2 | E80: ='M.C. '!K243 -> 6 | F80: ='A13,3-C12,2-F12,1'!F48 -> 97189 | G80: =E80*F80 -> 583134
A81: 80 | B81: A14 | C81: LIMPIEZA GENERAL | G81: =G82 -> 153846
A82: 81 | B82: A14,1 | C82: Aseo final de obra. | D82: M2 | E82: ='M.C. '!K246 -> 66 | F82: ='A14,1-B14,1-C13,1-E4,1-F13,1'!F48 -> 2331 | G82: =E82*F82 -> 153846
A83: 82
A84: 83 | B84: B | C84: CONSTRUCCION DE APARATO SANITARIO EN LA INSTITUCIÓN EDUCATIVA NUESTRA SEÑORA DEL SOCORRO SEDE INDEPENDENCIA | G84: =G85+G88+G90+G92+G94+G99+G105+G116+G119+G121+G127+G130+G132+G134 -> 37221673 | H84: =G84*0.3 -> 11166502 | I84: =G84+H84 -> 48388175 | J84: =I84*0.01 -> 483881.75 | K84: =I84+J84 -> 48872057
A85: 84 | B85: B1 | C85: PRELIMINARES | G85: =SUM(G86:G87) -> 280863.5
A86: 85 | B86: B1,1 | C86: Localización y Replanteo manual. | D86: M2 | E86: ='M.C. '!K251 -> 24.25 | F86: ='A1,1-B1,1-C1,1-E1,1-F1,1'!F48 -> 5209 | G86: =E86*F86 -> 126318.25
A87: 86 | B87: B1,2 | C87: Descapote manual e=20cm incluye retiro. | D87: M2 | E87: ='M.C. '!K253 -> 24.25 | F87: ='B1,2-C1,2'!F48 -> 6373 | G87: =E87*F87 -> 154545.25
A88: 87 | B88: B2 | C88: MOVIMIENTO DE TIERRA | G88: =SUM(G89) -> 18254.97
A89: 88 | B89: B2,1 | C89: Excavacion manual. Incluye retiro del material. | D89: M3 | E89: ='M.C. '!K256 -> 0.31 | F89: ='A2,1-B2,1-C2,1-E2,2-F3,1'!F48 -> 58887 | G89: =E89*F89 -> 18254.97
A90: 89 | B90: B3 | C90: CIMIENTOS | G90: =SUM(G91:G91) -> 881094.96
A91: 90 | B91: B3,1 | C91: Viga de cimentacion en concreto de 3000 PSI (0,12 x 0,20 mts).Incluye acero de refuerzo de 60000 PSI. (4Ø3/8" refuerzo y E=Ø1/4" c/d. 0,10 m). | D91: ML | E91: ='M.C. '!K261 -> 13.08 | F91: ='B3,1-F4,1'!F48 -> 67362 | G91: =E91*F91 -> 881094.96
A92: 91 | B92: B4 | C92: MAMPOSTERIA | G92: =SUM(G93) -> 1295283.2
A93: 92 | B93: B4,1 | C93: Construccion de Muro en Bloque de arcilla #5 (12x20x30cm) Incluye mortero de pega y bloque. | D93: M2 | E93: ='M.C. '!K268 -> 21.35 | F93: ='A4,1 -B4,1-C5,1-F6,1'!F48 -> 60669 | G93: =E93*F93 -> 1295283.2
A94: 93 | B94: B5 | C94: ESTRUCTURA | G94: =SUM(G95:G98) -> 9322899.2
A95: 94 | B95: B5,1 | C95: Viga aerea en concreto de 3000 PSI (0,12 x 0,20 mts).Incluye acero de refuerzo de 60000 PSI. (4Ø3/8" refuerzo y E=Ø1/4" c/d. 0,10 m). | D95: ML | E95: ='M.C. '!K275 -> 13.08 | F95: ='B5,1-F5,1'!F48 -> 83520 | G95: =E95*F95 -> 1092441.6
A96: 95 | B96: B5,2 | C96: Columnas concreto de 3000 PSI (0,12 x 0,20 mts).Incluye acero de refuerzo de 60000 PSI. (4Ø3/8" refuerzo y E=Ø1/4" c/d. 0,10 m). | D96: ML | E96: ='M.C. '!K281 -> 22 | F96: ='B5,2-F5,2'!F48 -> 75441 | G96: =E96*F96 -> 1659702
A97: 96 | B97: B5,3 | C97: Lavamanos en concreto pulido. | D97: ML | E97: ='M.C. '!K283 -> 3.3 | F97: ='B5,3'!F48 -> 279387 | G97: =E97*F97 -> 921977.1
A98: 97 | B98: B5,4 | C98: Construccion de Placa aerea en concreto armado de 3000 psi e = 10 cm. | D98: M2 | E98: ='M.C. '!K286 -> 16.94 | F98: ='A5,5-B5,4'!F48 -> 333458 | G98: =E98*F98 -> 5648778.5
A99: 98 | B99: B6 | C99: INSTALACIONES ELECTRICAS | G99: =SUM(G100:G104) -> 1018426
A100: 99 | B100: B6,1 | C100: Suministro e instalación de Salida lampara incandesente, incluye bombillo. | D100: UND | E100: ='M.C. '!K289 -> 4 | F100: ='B6,1'!F49 -> 69905 | G100: =E100*F100 -> 279620
A101: 100 | B101: B6,2 | C101: Suministro e instalación de Salida Interruptor Doble 110 v. | D101: UND | E101: ='M.C. '!K291 -> 2 | F101: ='A6,4-B6,2-C6,3'!F48 -> 38027 | G101: =E101*F101 -> 76054
A102: 101 | B102: B6,3 | C102: Suministro e instalacion de tablero monofase 2 circuitos. | D102: UND | E102: ='M.C. '!K293 -> 1 | F102: ='B6,3'!F48 -> 255776 | G102: =E102*F102 -> 255776
A103: 102 | B103: B6,4 | C103: Suministro e instalación de Red electrica en tuberia pvc de 1/2", incluye 1 N° 12 + neutro N° 12 para luminarias. | D103: ML | E103: ='M.C. '!K295 -> 7 | F103: ='A6,8-B6,4-C6,4'!F48 -> 35348 | G103: =E103*F103 -> 247436
A104: 103 | B104: B6,5 | C104: Suministro e instalación de Cable concentrico monofasico. | D104: ML | E104: ='M.C. '!K297 -> 5 | F104: ='A6,9-B6,5-C6,8'!F48 -> 31908 | G104: =E104*F104 -> 159540
A105: 104 | B105: B7 | C105: INSTALACIONES HIDRAULICAS Y SANITARIAS | G105: =SUM(G106:G115) -> 3101199
A106: 105 | B106: B7,1 | C106: Suministro e instalacion de Punto de desague en pvc 2", incluye tuberia. | D106: UND | E106: ='M.C. '!K300 -> 5 | F106: ='A7,1-B7,1-F7,1'!F48 -> 68127 | G106: =E106*F106 -> 340635
A107: 106 | B107: B7,2 | C107: Suministro e instalacion de Punto de desague en pvc 3", incluye tuberia. | D107: UND | E107: ='M.C. '!K302 -> 1 | F107: ='A7,2-B7,2-B7,2'!F48 -> 74715 | G107: =E107*F107 -> 74715
A108: 107 | B108: B7,3 | C108: Suministro e instalacion de Punto de desague en pvc 4", incluye tuberia. | D108: UND | E108: ='M.C. '!K304 -> 4 | F108: ='A7,3-B7,3'!F48 -> 85193 | G108: =E108*F108 -> 340772
...

Sheet PROPUESTA ECONOMICA(Proponente)
B1: ITEM | C1: DESCRIPCION | D1: UNID | E1: CANT. | F1: VR. UNIT | G1: VR. TOTAL
B9: OBJETO: CONTRATO DE OBRA A TODO COSTO PARA LA CONSTRUCCION, MANTENIMIENTO Y MEJORAMIENTO DE DIFERENTES SEDES EDUCATIVAS DEL MUNICIPIO DE EL PITAL HUILA, CONFORME A LA FICHA TECNICA, EN CUMPLIMIENTO DEL PLAN DE DESARROLLO "UNIDOS SI PODEMOS 2024-2027"
B11: ITEM | C11: DESCRIPCION | D11: UNIDAD | E11: CANTIDAD | F11: VALOR UNITARIO | G11: VALOR TOTAL
A12: 12
A13: 13
A14: 14
A15: 15
A16: 16
A17: 17
A18: 18
A19: 19
A20: 20
A21: 21
A22: 22
A23: 23
... A208: 207
C272: VALOR TOTAL COSTOS DIRECTOS | G272: =G12+G84+G136+G194+G210+G224 -> 0
C273: ADMINISTRACION | F273: 0.24 | G273: =G272*F273 -> 0
C274: IMPREVISTOS | F274: 0.01 | G274: =G272*F274 -> 0
C275: UTILIDAD | F275: 0.05 | G275: =G272*F275 -> 0
C276: VALOR TOTAL COSTOS INDIRECTOS | G276: =SUM(G273:G275) -> 0
C277: VALOR BASICO DE OBRA | G277: =G272+G276 -> 0
C278: PMA | F278: 0.01 | G278: =G277*F278 -> 0
C279: VALOR TOTAL DE OBRA | G279: =G277+G278 -> 0
C280: INTERVENTORIA | F280: 0.07 | G280: =G279*F280 -> 0
C281: VALOR TOTAL DEL PROYECTO | G281: =G279+G280 -> 0
C287: KAREN TATIANA GUTIERREZ VILLAQUIRA | E287: HECTOR HORACIO GAITAN G.
C288: Profesional de apoyo | E288: Secretario de Planeaicon e Infraestructura

Sheet AIU-OK
B2: CONTRATO DE OBRA A TODO COSTO PARA LA CONSTRUCCION, MANTENIMIENTO Y MEJORAMIENTO DE DIFERENTES SEDES EDUCATIVAS DEL MUNICIPIO DE EL PITAL HUILA, CONFORME A LA FICHA TECNICA, EN CUMPLIMIENTO DEL PLAN DE DESARROLLO "UNIDOS SI PODEMOS 2024-2027"
B3: CÁLCULO DEL A.I.U
B4: ADMINISTRACION
B5: 1 | C5: COSTOS DE PERSONAL | D5: A | E5: B | F5: C | G5: D | H5: E
B6: ITEM. | C6: DESCRIPCCIÓN. | D6: CANTIDAD | E6: DEDICACION MENSUAL | F6: SALARIO | G6: FACTOR PRESTACIONAL | H6: SALARIO MÁS PRESTACIONES
H7: E=A*B*C*D
B8: 1.1 | C8: Director de obra | D8: 1 | E8: 0.2 | F8: 2000000 | G8: =M.O!D33+1 -> 1.8625664 | H8: =(D8*E8*F8*G8) -> 745026.57
B9: 1.2 | C9: Residente de obra | D9: 1 | E9: 1 | F9: 1750000 | G9: =M.O!D33+1 -> 1.8625664 | H9: =(D9*E9*F9*G9) -> 3259491.2
B10: SUBTOTAL COSTOS MENSUALES DE PERSONAL | H10: =SUM(H8:H9) -> 4004517.8
B11: F= TOTAL COSTOS DE PERSONAL (3 MESES) | H11: =H10*3 -> 12013553
B13: 2 | C13: COSTOS INDIRECTOS MENSUALES
B14: ITEM | C14: DESCRIPCION | D14: UND | E14: CANTIDAD | F14: VALOR UNITARIO | H14: VALOR TOTAL
B15: 2.1 | C15: Arriendo | D15: Mes | E15: 3 | F15: 300000 | H15: =E15*F15 -> 900000
B16: 2.2 | C16: Servicios | D16: MES | E16: 3 | F16: 54000 | H16: =E16*F16 -> 162000
B17: 2.4 | C17: Estampillas | D17: Und | E17: 1 | F17: =O38 -> 72507838 | H17: =E17*F17 -> 72507838
B18: 2.5 | C18: Papeleria, fotocopias, impresiónes, polizas y otros gastos | D18: Und | E18: 1 | F18: =2500000+255177.32 -> 2755177.3 | H18: =E18*F18 -> 2755177.3
B19: G=TOTAL COSTOS INDIRECTOS | H19: =SUM(H15:H18) -> 76325015
B20: H=F+G =COSTOS TOTALES ADMINISTRACION | H20: =H11+H19 -> 88338569 | I20: ='PRESUPUESTO OFICIAL (Entidad)'!G273 -> 88338569 | J20: =H20-I20 -> -5.4240227e-05
B21: IMPREVISTOS
B22: ITEM | C22: TIPO | F22: % | G22: VALOR UNITARIO | H22: VALOR TOTAL | N22: COSTO TOTAL PROYECTO | O22: ='PRESUPUESTO OFICIAL (Entidad)'!G279 -> 4.8328559e+08
B23: 1 | C23: Por variacion de precios | F23: 0.005 | G23: ='PRESUPUESTO OFICIAL (Entidad)'!G274*0.5 -> 1840386.9 | H23: =G23 -> 1840386.9
B24: 2 | C24: Por variacion climatica | F24: 0.0025 | G24: ='PRESUPUESTO OFICIAL (Entidad)'!G274*0.25 -> 920193.43 | H24: =G24 -> 920193.43
B25: 3 | C25: Por cantidades no estimadas | F25: 0.0025 | G25: ='PRESUPUESTO OFICIAL (Entidad)'!G274*0.25 -> 920193.43 | H25: =G25 -> 920193.43
B26: TOTAL COSTOS IMPREVISTOS | H26: =SUM(H23:H25) -> 3680773.7 | I26: ='PRESUPUESTO OFICIAL (Entidad)'!G274 -> 3680773.7 | O26: =O22 -> 4.8328559e+08
B27: UTILIDAD | M27: Aporte pro cultura | O27: =O26*0.02 -> 9665711.7 | P27: 2% del Valor Total del contrato
B28: ITEM | C28: DESCRIPCION | F28: % | G28: VALOR UNITARIO | H28: VALOR TOTAL | M28: Estampilla Pro tercera Edad | O28: =O26*0.04 -> 19331423 | P28: 4% del Valor Total del contrato
B29: 1 | C29: Utilidad | F29: 0.05 | G29: ='PRESUPUESTO OFICIAL (Entidad)'!G275 -> 18403869 | H29: =G29 -> 18403869 | M29: Tasa pro deporte y recreación | O29: =O26*0.02 -> 9665711.7 | P29: 2% del Valor Total del contrato
B30: TOTAL COSTOS UTILIDAD | H30: =H29 -> 18403869 | I30: ='PRESUPUESTO OFICIAL (Entidad)'!G275 -> 18403869 | M30: Estampilla Mal trato contra la mujer | O30: =O26*0.02 -> 9665711.7 | P30: 2% del Valor Total del contrato
B31: I=(H/PRESUPUESTO OFICIAL MENSUAL)=ADMINISTRACIÓN [ A ] 23% | H31: =H20 -> 88338569 | M31: Paz y Salvo | O31: 15000 | P31: 12000
B32: J =IMPREVISTOS [ I ] 2% | H32: =H26 -> 3680773.7 | M32: Retención en la fuente | O32: 0 | P32: 2% del Valor Total del contrato
B33: K= UTILIDAD ESPERADA [ U ] 5% | H33: =H29 -> 18403869 | M33: Rete ICA | O33: 0 | P33: 5 X 1000
B34: L= (I+J+K) =PORCENTAJE TOTAL AIU | H34: =H31+H32+H33 -> 1.1042321e+08 | I34: ='PRESUPUESTO OFICIAL (Entidad)'!G276 -> 1.1042321e+08 | J34: =I34-H34 -> 5.4240227e-05 | M34: Fondo de Seguridad | O34: =O26*0.05 -> 24164279 | P34: 5 X 100
M35: Impuesto de timbre | O35: 0 | P35: 0.5 % (si aplica)
M36: Rte IVA | O36: 0 | P36: 15% DEL IVA (si aplica)
O38: =SUM(O27:O35) -> 72507838
C41: KAREN TATIANA GUTIERREZ VILLAQUIRA | F41: HECTOR HORACIO GAITAN G. | P41: ,
C42: Profesional de apoyo | F42: Secretario de Planeaicon e Infraestructura

Sheet INTERVENTORIA
C1: MUNICIPIO DE EL PITAL DEPARTAMENTO DEL HUILA
C2: SECRETARIA DE PLANEACION E INFRAESTRUCTURA
C3: PRESUPUESTO INTERVENTORIA
C4: INTERVENTORIA TECNICA, ADMINISTRATIVA, FINANCIERA FRENTE A LA CONSTRUCCION, MANTENIMIENTO Y MEJORAMIENTO A TODO COSTO DE DIFERENTES SEDES EDUCATIVAS DEL MUNICIPIO DE EL PITAL HUILA EN LA VIGENCIA 2026, EN CUMPLIMIENTO DEL PLAN DE DESARROLLO "UNIDOS SI PODEMOS 2024-2027"
A5: A. COSTOS DIRECTOS (PERSONAL)
A6: ITEM | B6: CARGOS | C6: CANTIDAD (A) | D6: SUELDO MES BASE (B) | E6: PARTICIPACION (C) | F6: VALOR MES (D) | G6: TIEMPO MESES (E) | H6: TOTAL
A7: A1 | B7: Director de Interventoria | C7: 1 | D7: 3400000 | E7: 0.3 | F7: =D7*E7 -> 1020000 | G7: 3 | H7: =F7*G7 -> 3060000 | I7: =H7*H10 -> 5699556
A8: A2 | B8: Residente de Interventoria | C8: 1 | D8: 2800000 | E8: 1 | F8: =D8*E8 -> 2800000 | G8: 3 | H8: =F8*G8 -> 8400000 | I8: =H8*H10 -> 15645840
A9: SUBTOTAL COSTOS DIRECTOS DE PERSONAL (A) | H9: =H7+H8 -> 11460000
A10: FACTOR MULTIPLICADOR | H10: 1.8626
A11: VALOR TOTAL PERSONAL (A) | H11: =H9*H10 -> 21345396 | I11: =I7+I8 -> 21345396
A12: B. COSTOS DIRECTOS (NO PERSONAL) | O12: COSTO TOTAL PROYECTO | P12: ='PRESUPUESTO OFICIAL (Entidad)'!G280 -> 33829991
A13: ITEM | B13: DESCRIPCION | C13: UNIDAD | E13: CANTIDAD | G13: VALOR UNITARIO | H13: TOTAL
A14: B1 | B14: Estampillas | C14: GL | E14: 1 | G14: =P28 -> 5089498.7 | H14: =E14*G14 -> 5089498.7
A15: B2 | B15: Papeleria, fotocopias, impresión de planos y otro gastos | C15: GL | E15: 1 | G15: =825466.27-131797 -> 693669.27 | H15: =E15*G15 -> 693669.27
A16: B3 | B16: Ensayos de laboratorio | C16: GL | E16: 1 | G16: 1300000 | H16: =E16*G16 -> 1300000 | P16: =P12 -> 33829991
A17: TOTAL COSTOS DIRECTOS (B) | H17: =H14+H15+H16 -> 7083167.9 | N17: Aporte pro cultura | P17: =P16*0.02 -> 676599.82 | Q17: 2% del Valor Total del contrato
A18: VALOR BASICO INTERVENTORIA (A+B) | H18: =H11+H17 -> 28428564 | I18: 3541344.5 | N18: Estampilla Pro tercera Edad | P18: =P16*0.04 -> 1353199.6 | Q18: 4% del Valor Total del contrato
A19: IVA 19% | H19: =H18*19% -> 5401427.1 | I19: =H18-H19 -> 23027137 | J19: ='PRESUPUESTO OFICIAL (Entidad)'!G280 -> 33829991 | N19: Tasa pro deporte y recreación | P19: =P16*0.02 -> 676599.82 | Q19: 2% del Valor Total del contrato
A20: VALOR TOTAL DE LA INTERVENTORIA | H20: =H18+H19 -> 33829991 | N20: Estampilla Mal trato contra la mujer | P20: =P16*0.02 -> 676599.82 | Q20: 2% del Valor Total del contrato
I21: =J19-H20 -> 0.0012292191 | N21: Paz y Salvo | P21: 15000 | Q21: 12000
N22: Retención en la fuente | P22: 0 | Q22: 2% del Valor Total del contrato
N23: Rete ICA | P23: 0 | Q23: 5 X 1000
N24: Fondo de Seguridad | P24: =P16*0.05 -> 1691499.6 | Q24: 5 X 100
N25: Impuesto de timbre | P25: 0 | Q25: 0.5 % (si aplica)
B26: KAREN TATIANA GUTIERREZ VILLAQUIRA | E26: HECTOR HORACIO GAITAN G. | N26: Rte IVA | P26: 0 | Q26: 15% DEL IVA (si aplica)
B27: Profesional de apoyo | E27: Secretario de Planeaicon e Infraestructura
P28: =SUM(P17:P25) -> 5089498.7

Sheet M.C. 
C1: ACTIVIDAD | E1: DIMENSIONES | I1: BARRA Nº | J1: TRASLAPOS | K1: PESO/ml - m2 | L1: CANTIDAD | M1: PESO
B2: ÍTEM | C2: DESCRIPCIÓN | D2: UNIDAD | E2: L | F2: A | G2: H | H2: CANT
E3: mts. | F3: mts. | G3: mts. | H3: und | K3: Kg./ml - m2 | M3: Kg.
B11: MEMORIA DE CANTIDADES DE OBRA
B13: ='PRESUPUESTO OFICIAL (Entidad)'!B9:G9 -> OBJETO: CONTRATO DE OBRA A TODO COSTO PARA LA CONSTRUCCION, MANTENIMIENTO Y MEJORAMIENTO DE DIFERENTES SEDES EDUCATIVAS DEL MUNICIPIO DE EL PITAL HUILA, CONFORME A LA FICHA TECNICA, EN CUMPLIMIENTO DEL PLAN DE DESARROLLO "UNIDOS SI PODEMOS 2024-2027"
B15: MEMORIAS DE CANTIDADES DE OBRA GENERAL
C17: ACTIVIDAD | E17: DIMENSIONES | I17: BARRA Nº | J17: TRASLAPOS | K17: PESO/ml - m2 | L17: CANTIDAD | M17: PESO
B18: ÍTEM | C18: DESCRIPCIÓN | D18: UNIDAD | E18: L | F18: A | G18: H | H18: CANT
E19: mts. | F19: mts. | G19: mts. | H19: und | K19: Kg./ml - m2 | M19: Kg.
B20: ='PRESUPUESTO OFICIAL (Entidad)'!B12 -> A | C20: ='PRESUPUESTO OFICIAL (Entidad)'!C12 -> CONSTRUCCIÓN DE COMEDOR - COCINA EN LA INSTITUCIÓN EDUCATIVA PROMOCION SOCIAL SEDE CHIMBAYACO
B21: ='PRESUPUESTO OFICIAL (Entidad)'!B13 -> A1 | C21: ='PRESUPUESTO OFICIAL (Entidad)'!C13 -> PRELIMINARES Y DEMOLICIONES - DESMONTE DE ELEMENTOS
B22: ='PRESUPUESTO OFICIAL (Entidad)'!B14 -> A1,1 | C22: ='PRESUPUESTO OFICIAL (Entidad)'!C14 -> Localización y Replanteo manual. | D22: ='PRESUPUESTO OFICIAL (Entidad)'!D14 -> M2 | K22: =ROUND(K23,2) -> 65.83
C23: Area de intervencion | E23: =0.7+4.3+0.7+3.65+0.7 -> 10.05 | F23: 6.55 | K23: =E23*F23 -> 65.8275
B24: ='PRESUPUESTO OFICIAL (Entidad)'!B15 -> A1,2 | C24: ='PRESUPUESTO OFICIAL (Entidad)'!C15 -> Demolición mecánica de concreto ciclópeo | D24: ='PRESUPUESTO OFICIAL (Entidad)'!D15 -> M3 | K24: =ROUND(K25,2) -> 3.53
C25: Area de intervencion | E25: =6.8+6.8+7.9+7.9 -> 29.4 | F25: 0.3 | G25: 0.4 | K25: =E25*F25*G25 -> 3.528
B26: ='PRESUPUESTO OFICIAL (Entidad)'!B16 -> A2 | C26: ='PRESUPUESTO OFICIAL (Entidad)'!C16 -> MOVIMIENTO DE TIERRA
B27: ='PRESUPUESTO OFICIAL (Entidad)'!B17 -> A2,1 | C27: ='PRESUPUESTO OFICIAL (Entidad)'!C17 -> Excavacion manual. Incluye retiro del material. | D27: ='PRESUPUESTO OFICIAL (Entidad)'!D17 -> M3 | K27: =ROUND(SUM(K28:K43),2) -> 15.61
C28: Zapatas 1 ( 0.70x0.70x0.30) | D28: M3 | E28: 0.7 | F28: 0.7 | G28: =0.3+0.3 -> 0.6 | H28: 5 | K28: =E28*F28*G28*H28 -> 1.47
C29: Zapatas 2 ( 1,00x1,00x0.30) | D29: M3 | E29: 1 | F29: 1 | G29: =0.3+0.3 -> 0.6 | H29: 1 | K29: =E29*F29*G29*H29 -> 0.6
C30: VC Eje 1 Entre Eje A y B | D30: M3 | E30: 4.3 | F30: 0.4 | G30: =0.45+0.3 -> 0.75 | H30: 1 | K30: =E30*F30*G30*H30 -> 1.29
C31: VC Eje 1 Entre Eje B y C | D31: M3 | E31: 3.65 | F31: 0.4 | G31: 0.75 | H31: 1 | K31: =E31*F31*G31*H31 -> 1.095
C32: VC Eje 3 Entre Eje A y B | D32: M3 | E32: 4.3 | F32: 0.4 | G32: 0.75 | H32: 1 | K32: =E32*F32*G32*H32 -> 1.29
C33: VC Eje 3 Entre Eje B y C | D33: M3 | E33: 3.5 | F33: 0.4 | G33: 0.75 | H33: 1 | K33: =E33*F33*G33*H33 -> 1.05
C34: VC Eje A Entre Eje 1 y 3 | D34: M3 | E34: 5 | F34: 0.4 | G34: 0.75 | H34: 1 | K34: =E34*F34*G34*H34 -> 1.5
C35: VC Eje B Entre Eje 1 y 3 | D35: M3 | E35: 5 | F35: 0.4 | G35: 0.3 | H35: 1 | K35: =E35*F35*G35*H35 -> 0.6
C36: VC Eje C Entre Eje 1 y 3 | D36: M3 | E36: 4.85 | F36: 0.4 | G36: 0.75 | H36: 1 | K36: =E36*F36*G36*H36 -> 1.455
C37: VC Eje 2 Entre Eje B y C | D37: M3 | E37: 4.05 | F37: 0.4 | G37: 0.3 | H37: 1 | K37: =E37*F37*G37*H37 -> 0.486
C38: VC Eje B" Entre Eje 1 y 2 | D38: M3 | E38: 1.4 | F38: 0.4 | G38: 0.3 | H38: 1 | K38: =E38*F38*G38*H38 -> 0.168
C39: Tuberia Desague Pvc 4" | D39: M3 | E39: 6 | F39: 0.15 | G39: 0.6 | H39: 1 | K39: =E39*F39*G39*H39 -> 0.54
C40: Anden | D40: M3 | E40: 6 | F40: 1 | G40: 0.3 | H40: 1 | K40: =E40*F40*G40*H40 -> 1.8
C41: Sardinel | D41: M3 | E41: 6 | F41: 0.17 | G41: 0.6 | H41: 1 | K41: =E41*F41*G41*H41 -> 0.612
C42: Cuneta | D42: M3 | E42: 6 | F42: 0.6 | G42: 0.4 | H42: 1 | K42: =E42*F42*G42*H42 -> 1.44
C43: Caja De Inspeccion de 60X60 | D43: M3 | E43: 0.6 | F43: 0.6 | G43: 0.6 | H43: 1 | K43: =E43*F43*G43*H43 -> 0.216
B44: ='PRESUPUESTO OFICIAL (Entidad)'!B18 -> A2,2 | C44: ='PRESUPUESTO OFICIAL (Entidad)'!C18 -> Relleno en recebo compactado mecánicamente. | D44: ='PRESUPUESTO OFICIAL (Entidad)'!D18 -> M3 | K44: =ROUND(SUM(K45:K50),2) -> 15.09
C45: Area de intervencion | D45: M3 | E45: 9.65 | F45: 6 | G45: 0.37 | I45: =SUM(K30:K38) -> 8.934 | K45: =(E45*F45*G45)-I45 -> 12.489
C46: Zapatas 1 | D46: M3 | E46: =0.7-0.3 -> 0.4 | F46: =0.7-0.3 -> 0.4 | G46: 0.3 | H46: 5 | K46: =E46*F46*G46*H46 -> 0.24
C47: Zapatas 2 | D47: M3 | E47: =1-0.3 -> 0.7 | F47: =1-0.3 -> 0.7 | G47: 0.3 | H47: 1 | K47: =E47*F47*G47*H47 -> 0.147
C48: Tuberia Desague Pvc 4" | D48: M3 | E48: =E39 -> 6 | F48: 0.08 | G48: 0.52 | H48: 1 | K48: =E48*F48*G48*H48 -> 0.2496
C49: Anden | D49: M3 | E49: 6 | F49: 1 | G49: 0.2 | H49: 1 | K49: =E49*F49*G49*H49 -> 1.2
C50: Ciclopeo perimetral | D50: M3 | E50: =SUM(E30+E31+E32+E33+E34+E36) -> 25.6 | F50: 0.1 | G50: 0.3 | H50: 1 | K50: =E50*F50*G50*H50 -> 0.768
B51: ='PRESUPUESTO OFICIAL (Entidad)'!B19 -> A3 | C51: ='PRESUPUESTO OFICIAL (Entidad)'!C19 -> CIMIENTOS
B52: ='PRESUPUESTO OFICIAL (Entidad)'!B20 -> A3,1 | C52: ='PRESUPUESTO OFICIAL (Entidad)'!C20 -> Concreto Ciclópeo (40% en piedra media zonga y 60% concreto 2500 PSI de 0,30*0,40 m). | D52: ='PRESUPUESTO OFICIAL (Entidad)'!D20 -> M3 | K52: =ROUND(K53,2) -> 3.07
C53: Vigas de cimentación perimetrales | D53: M3 | E53: =SUM(E30+E31+E32+E33+E34+E36) -> 25.6 | F53: 0.4 | G53: 0.3 | H53: 1 | K53: =E53*F53*G53*H53 -> 3.072 | P53: =4.3+3.65+4.3+3.5+5+5+4.85+4.05+1.4 -> 36.05
B54: ='PRESUPUESTO OFICIAL (Entidad)'!B21 -> A3,2 | C54: ='PRESUPUESTO OFICIAL (Entidad)'!C21 -> Cimentación tipo zapatas en concreto de 3000 P.S.I (0,70*0,70*0,30mts). | D54: ='PRESUPUESTO OFICIAL (Entidad)'!D21 -> M3 | K54: =ROUND(K55,2) -> 0.74
C55: Zapatas 1 ( 0,7x0,7x0.30) | D55: M3 | E55: 0.7 | F55: 0.7 | G55: 0.3 | H55: 5 | K55: =E55*F55*G55*H55 -> 0.735
B56: ='PRESUPUESTO OFICIAL (Entidad)'!B22 -> A3,3 | C56: ='PRESUPUESTO OFICIAL (Entidad)'!C22 -> Cimentación tipo zapatas en concreto de 3000 P.S.I (1,00*1,00*0,30mts). | D56: ='PRESUPUESTO OFICIAL (Entidad)'!D22 -> M3 | K56: =ROUND(K57,2) -> 0.3
C57: Zapatas 2 ( 1.0x1.0x0.30) | D57: M3 | E57: 1 | F57: 1 | G57: 0.3 | H57: 1 | K57: =E57*F57*G57*H57 -> 0.3
B58: ='PRESUPUESTO OFICIAL (Entidad)'!B23 -> A3,4 | C58: ='PRESUPUESTO OFICIAL (Entidad)'!C23 -> Viga de cimentación en concreto de 3000 PSI (0,30*0,30mts). Incluye acero de refuerzo de 60000 PSI (4Ø5/8" refuerzo y E=Ø3/8" c./d. 0,10 mts). | D58: ='PRESUPUESTO OFICIAL (Entidad)'!D23 -> ML | K58: =ROUND(SUM(K59:K67),2) -> 39.15
C59: VC Eje 1 Entre Eje A y B | D59: ML | E59: 4.7 | K59: =E59 -> 4.7
C60: VC Eje 1 Entre Eje B y C | D60: ML | E60: 4.05 | K60: =E60 -> 4.05
C61: VC Eje 3 Entre Eje A y B | D61: ML | E61: 4.7 | K61: =E61 -> 4.7
C62: VC Eje 3 Entre Eje B y C | D62: ML | E62: 4.05 | K62: =E62 -> 4.05
C63: VC Eje A Entre Eje 1 y 3 | D63: ML | E63: 5.4 | K63: =E63 -> 5.4
C64: VC Eje B Entre Eje 1 y 3 | D64: ML | E64: 5.4 | K64: =E64 -> 5.4
C65: VC Eje C Entre Eje 1 y 3 | D65: ML | E65: 5.4 | K65: =E65 -> 5.4
C66: VC Eje 2 Entre Eje B y C | D66: ML | E66: =E37 -> 4.05 | K66: =E66 -> 4.05
C67: VC Eje B" Entre Eje 1 y 2 | D67: ML | E67: =E38 -> 1.4 | K67: =E67 -> 1.4
B68: ='PRESUPUESTO OFICIAL (Entidad)'!B24 -> A3,5 | C68: ='PRESUPUESTO OFICIAL (Entidad)'!C24 -> Cimentación tipo solado de limpieza concreto 1700 psi e=0,05 m. | D68: ='PRESUPUESTO OFICIAL (Entidad)'!D24 -> M2 | K68: =ROUND(SUM(K69:K70),2) -> 3.45
C69: Zapatas 1 ( 0,7x0,7x0.30) | D69: M2 | E69: 0.7 | F69: 0.7 | H69: 5 | K69: =E69*F69*H69 -> 2.45
C70: Zapatas 2 ( 1.0x1.0x0.30) | D70: M2 | E70: 1 | F70: 1 | K70: =E70*F70 -> 1
B71: ='PRESUPUESTO OFICIAL (Entidad)'!B25 -> A3,6 | C71: ='PRESUPUESTO OFICIAL (Entidad)'!C25 -> Acero de refuerzo 600000 PSI, para zapata (incluye amarre y figurado). | D71: ='PRESUPUESTO OFICIAL (Entidad)'!D25 -> KG | K71: =ROUND(SUM(K72:K73),2) -> 86.74
C72: Zapatas 1 ( 0,7x0,7x0.30) | D72: KG | E72: 1 | H72: 5 | I72: 5 | K72: =E72*H72*L72*1.56 -> 62.4 | L72: 8
C73: Zapatas 2 ( 1.0x1.0x0.30) | D73: KG | E73: 1.3 | H73: 1 | I73: 5 | K73: =E73*H73*L73*1.56 -> 24.336 | L73: 12
B74: ='PRESUPUESTO OFICIAL (Entidad)'!B26 -> A4 | C74: ='PRESUPUESTO OFICIAL (Entidad)'!C26 -> MAMPOSTERIA
B75: ='PRESUPUESTO OFICIAL (Entidad)'!B27 -> A4,1 | C75: ='PRESUPUESTO OFICIAL (Entidad)'!C27 -> Construccion de Muro en Bloque de arcilla #5 (12x20x30cm) Incluye mortero de pega y bloque. | D75: ='PRESUPUESTO OFICIAL (Entidad)'!D27 -> M2 | K75: =ROUND(SUM(K76:K88),2) -> 82.89
C76: Muro eje 1 entre ejes A y B | D76: M2 | E76: 4.7 | G76: 2.55 | I76: =4.7*1.3 -> 6.11 | K76: =E76*G76-I76 -> 5.875
C77: Muro eje 1 entre ejes B Y B" | D77: M2 | E77: =0.55+1+0.3 -> 1.85 | G77: 2.55 | K77: =E77*G77-I77 -> 4.7175
C78: Muro eje 1 entre ejes B" Y C | D78: M2 | E78: 2.05 | G78: 2.55 | I78: =1*1.2 -> 1.2 | K78: =E78*G78-I78 -> 4.0275
C79: Muro eje A entre ejes 1 y 3 | D79: M2 | E79: 5.4 | G79: 2.55 | I79: =((0.2*2.55)*1)+(2.44*1) -> 2.95 | K79: =(E79*G79)-I79 -> 10.82
C80: Muro eje B' entre ejes 1 y 2 | D80: M2 | E80: 1.55 | G80: 2.55 | K80: =E80*G80-I80 -> 3.9525
C81: Muro meson eje B' entre ejes 2 y 3 | D81: M2 | E81: =3+0.3 -> 3.3 | G81: 0.9 | K81: =E81*G81-I81 -> 2.97
C82: Muro eje C entre ejes 1 y 3 | D82: M2 | E82: 6.02 | G82: 2.55 | I82: =(1.7*1)+(1.7*1)+(0.2*2.55) -> 3.91 | K82: =E82*G82-I82 -> 11.441
C83: Muro eje 3 entre ejes A y B | D83: M2 | E83: 4.7 | G83: 2.55 | K83: =E83*G83-I83 -> 11.985
C84: Muro eje 3 entre ejes B Y C | D84: M2 | E84: 4.05 | G84: 2.55 | K84: =E84*G84-I84 -> 10.3275
C85: Culata posterior eje C entre eje 1 y 2 | D85: M2 | E85: 2.6 | G85: 0.8 | K85: =E85*G85-I85 -> 2.08
C86: Culata posterior eje C entre eje 2 y 3 | D86: M2 | E86: 2.6 | G86: 0.8 | K86: =E86*G86-I86 -> 2.08
C87: Culata intermedia eje B¨ eje 1 y 3 | D87: M2 | E87: =SUM(E85:E86) -> 5.2 | G87: 0.63 | K87: =E87*G87-I87 -> 3.276
C88: Culata lateral eje 1 - 2 eje A y C | D88: M2 | E88: =2.42+2.25 -> 4.67 | I88: 2 | K88: =E88*I88 -> 9.34
B89: ='PRESUPUESTO OFICIAL (Entidad)'!B28 -> A4,2 | C89: ='PRESUPUESTO OFICIAL (Entidad)'!C28 -> Construccion de Mesón en concreto 3000 psi, a=0,60, e=0.10 enchapado, inc. Acero (1Ø1/2"c.015 ambos sentidos). | D89: ='PRESUPUESTO OFICIAL (Entidad)'!D28 -> ML | K89: =ROUND(SUM(K90:K91),2) -> 7.85
C90: Cocina | D90: ML | E90: =3.25+1.6 -> 4.85 | K90: =E90 -> 4.85
C91: comedor | D91: ML | E91: 3 | K91: =E91 -> 3
B92: ='PRESUPUESTO OFICIAL (Entidad)'!B29 -> A4,3 | C92: ='PRESUPUESTO OFICIAL (Entidad)'!C29 -> Construccion de Alfajía en Concreto 3000 PSI, E= 0.15X0.25 MTS – Incluye: Acero de refuerzo de 60000 PSI (2Ø3/8" refuerzo y E=Ø1/4" c. 0,35 m). | D92: ='PRESUPUESTO OFICIAL (Entidad)'!D29 -> ML | K92: =ROUND(SUM(K93:K94),2) -> 5.9
C93: Ventana 1 | D93: ML | E93: 4.7 | K93: =E93 -> 4.7
C94: Ventana 2 | D94: ML | E94: 1.2 | K94: =E94 -> 1.2
B95: ='PRESUPUESTO OFICIAL (Entidad)'!B30 -> A5 | C95: ='PRESUPUESTO OFICIAL (Entidad)'!C30 -> ESTRUCTURA
B96: ='PRESUPUESTO OFICIAL (Entidad)'!B31 -> A5,1 | C96: ='PRESUPUESTO OFICIAL (Entidad)'!C31 -> Viga aérea en concreto de 3000 PSI. (0,30*0,30mts). Incluye acero de refuerzo fy= 60000 PSI. (4Ø5/8" refuerzo y E=Ø3/8" c./d. 0,10 mts). | D96: ='PRESUPUESTO OFICIAL (Entidad)'!D31 -> ML | K96: =ROUND(SUM(K97:K103),2) -> 33.3
C97: VGA Eje 1 Entre Eje A y B | D97: ML | E97: 4.7 | K97: =E97 -> 4.7
C98: VGA Eje 1 Entre Eje B y C | D98: ML | E98: 4.05 | K98: =E98 -> 4.05
C99: VGA Eje 3 Entre Eje A y B | D99: ML | E99: 4.7 | K99: =E99 -> 4.7
C100: VGA Eje 3 Entre Eje B y C | D100: ML | E100: 4.05 | K100: =E100 -> 4.05
C101: VGA Eje A Entre Eje 1 y 3 | D101: ML | E101: 5.2 | K101: =E101 -> 5.2
C102: VGA Eje B Entre Eje 1 y 3 | D102: ML | E102: 5.4 | K102: =E102 -> 5.4
C103: VGA Eje C Entre Eje 1 y 3 | D103: ML | E103: 5.2 | K103: =E103 -> 5.2
B104: ='PRESUPUESTO OFICIAL (Entidad)'!B32 -> A5,2 | C104: ='PRESUPUESTO OFICIAL (Entidad)'!C32 -> Columna en concreto de 3000 PSI (0.30x0.30mts). Incluye acero de refuerzo de 60000 PSI (6Ø5/8", refuerzo y E=Ø3/8" c./d. 0,10 mts Y 0,15 mts). | D104: ='PRESUPUESTO OFICIAL (Entidad)'!D32 -> ML | K104: =ROUND(SUM(K105:K110),2) -> 22.56
C105: Columnas 1A | D105: ML | E105: =2.55+0.3+0.3 -> 3.15 | K105: =E105 -> 3.15
C106: Columnas 1B | D106: ML | E106: =2.55+0.3+0.3+0.83 -> 3.98 | K106: =E106 -> 3.98
C107: Columnas 1C | D107: ML | E107: =2.55+0.3+0.3+1 -> 4.15 | K107: =E107 -> 4.15
C108: Columnas 3A | D108: ML | E108: 3.15 | K108: =E108 -> 3.15
C109: Columnas 3B | D109: ML | E109: =2.55+0.3+0.3+0.83 -> 3.98 | K109: =E109 -> 3.98
C110: Columnas 3C | D110: ML | E110: =2.55+0.3+0.3+1 -> 4.15 | K110: =E110 -> 4.15
...

Sheet M.O
B7: ANÁLISIS DE PRECIOS UNITARIOS - SUBPRODUCTOS - VIGENCIA 2026
B9: ='PRESUPUESTO OFICIAL (Entidad)'!B9:G9 -> OBJETO: CONTRATO DE OBRA A TODO COSTO PARA LA CONSTRUCCION, MANTENIMIENTO Y MEJORAMIENTO DE DIFERENTES SEDES EDUCATIVAS DEL MUNICIPIO DE EL PITAL HUILA, CONFORME A LA FICHA TECNICA, EN CUMPLIMIENTO DEL PLAN DE DESARROLLO "UNIDOS SI PODEMOS 2024-2027"
B11: MANO DE OBRA
H12: SALARIO 2024 | I12: 1750905
B13: AYUDANTE (Incl. Prestaciones) | H13: SALARIO DIA PROMEDIO | I13: =I12/30 -> 58363.5
H14: SUB TRANSPORTE | I14: 249095
B15: DESCRIPCIÓN | C15: UNIDAD | D15: CANT | E15: V/r UNITARIO | F15: V/r PARCIAL
B17: AYUDANTE | C17: DIA | D17: 1 | E17: =I13 -> 58363.5 | F17: =D17*E17 -> 58363.5
B19: PRESTACIONES SOCIALES | I19: COSTO TOTAL | J19: PATRONO | K19: EMPLEADO
B20: Subsidio de transporte | C20: % | D20: =F20/E20 -> 0.14226643 | E20: =E17 -> 58363.5 | F20: =I14/30 -> 8303.1667 | H20: PENSION | I20: 0.16 | J20: 0.12 | K20: =I20-J20 -> 0.04
B21: Cesantias | C21: % | D21: 0.0833 | E21: =E17 -> 58363.5 | F21: =E21*D21 -> 4861.6795 | H21: SALUD | I21: 0.125 | J21: 0.085 | K21: =I21-J21 -> 0.04
B22: Intereses de cesantias | C22: % | D22: 0.01 | E22: =E17 -> 58363.5 | F22: =E22*D22 -> 583.635 | H22: RIESGOS | I22: 0.0696 | J22: 0.0696 | K22: =I22-J22 -> 0
B23: Prima de servicios | C23: % | D23: 0.0833 | E23: =E17 -> 58363.5 | F23: =E23*D23 -> 4861.6795 | I23: =SUM(I20:I22) -> 0.3546 | J23: =SUM(J20:J22) -> 0.2746 | K23: =SUM(K20:K22) -> 0.08
B24: Vacaciones | C24: % | D24: 0.0416 | E24: =E17 -> 58363.5 | F24: =E24*D24 -> 2427.9216
B25: Dotacion aproximada | C25: % | D25: 0.04 | E25: =E17 -> 58363.5 | F25: =E25*D25 -> 2334.54
B26: Seguridad Social (Salud, Pension, Arl) | C26: % | D26: =0.16+0.125+0.0696 -> 0.3546 | E26: =E17 -> 58363.5 | F26: =E26*D26 -> 20695.697
B27: APORTES PARAFISCALES:
B28: Caja de compensacion familiar | C28: % | D28: 0.04 | E28: =E17 -> 58363.5 | F28: =E28*D28 -> 2334.54
B29: Sena | C29: % | D29: 0.02 | E29: =E17 -> 58363.5 | F29: =E29*D29 -> 1167.27
B30: ICBF | C30: % | D30: 0.03 | E30: =E17 -> 58363.5 | F30: =E30*D30 -> 1750.905
B31: FIC | C31: % | D31: 0.0175 | E31: =E17 -> 58363.5 | F31: =E31*D31 -> 1021.3613
B33: INCREMENTO TOTAL | D33: =SUM(D20:D31) -> 0.86256643
C35: [ DIA ] | E35: V/r UNITARIO | F35: =SUM(F17:F31) -> 108705.9
C36: [ HR ] | F36: =F35/8 -> 13588.237
B38: OFICIAL (Incl. Prestaciones)
B40: DESCRIPCIÓN | C40: UNIDAD | D40: CANT | E40: V/r UNITARIO | F40: V/r PARCIAL | G40: PRESTACIONES
B42: OFICIAL | C42: DIA | D42: 1 | E42: =(I13*1.9) -> 110890.65 | F42: =E42*D42 -> 110890.65
B44: PRESTACIONES SOCIALES
B45: Subsidio de transporte | C45: % | D45: =F45/E45 -> 0.074877067 | E45: =E$42 -> 110890.65 | F45: =I14/30 -> 8303.1667
B46: Cesantias | C46: % | D46: =D21 -> 0.0833 | E46: =E$42 -> 110890.65 | F46: =D46*E46 -> 9237.1911
B47: Intereses de cesantias | C47: % | D47: =D22 -> 0.01 | E47: =E$42 -> 110890.65 | F47: =D47*E47 -> 1108.9065
B48: Prima de servicios | C48: % | D48: =D23 -> 0.0833 | E48: =E$42 -> 110890.65 | F48: =D48*E48 -> 9237.1911
B49: Vacaciones | C49: % | D49: =D24 -> 0.0416 | E49: =E$42 -> 110890.65 | F49: =D49*E49 -> 4613.051
B50: Dotacion aproximada | C50: % | D50: =D25 -> 0.04 | E50: =E$42 -> 110890.65 | F50: =D50*E50 -> 4435.626
B51: Seguridad Social (Salud, Pension, Arl) | C51: % | D51: =D26 -> 0.3546 | E51: =E$42 -> 110890.65 | F51: =D51*E51 -> 39321.824
B52: APORTES PARAFISCALES:
B53: Caja de compensacion familiar | C53: % | D53: =D28 -> 0.04 | E53: =E$42 -> 110890.65 | F53: =D53*E53 -> 4435.626
B54: Sena | C54: % | D54: =D29 -> 0.02 | E54: =E$42 -> 110890.65 | F54: =D54*E54 -> 2217.813
B55: ICBF | C55: % | D55: =D30 -> 0.03 | E55: =E$42 -> 110890.65 | F55: =D55*E55 -> 3326.7195
B56: FIC | C56: % | D56: =D31 -> 0.0175 | E56: =E$42 -> 110890.65 | F56: =D56*E56 -> 1940.5864
B58: INCREMENTO TOTAL | D58: =SUM(D45:D56) -> 0.79517707
C60: [ DIA ] | E60: V/r UNITARIO | F60: =SUM(F42:F56) -> 199068.35
C61: [ HR ] | F61: =F60/8 -> 24883.544
B63: MANO DE OBRA A (1 OF Y 1 AYUD)
B65: DESCRIPCIÓN | C65: UNIDAD | D65: CANT | E65: V/r UNITARIO | F65: V/r PARCIAL
B67: OFICIAL (Incl. Prestaciones) | C67: HR | D67: 1 | E67: =$F$61 -> 24883.544 | F67: =E67*D67 -> 24883.544
B68: AYUDANTE (Incl. Prestaciones) | C68: HR | D68: 1 | E68: =$F$36 -> 13588.237 | F68: =E68*D68 -> 13588.237
C70: [ HR ] | E70: V/r UNITARIO | F70: =ROUND(F67+F68,0) -> 38472
B72: MANO DE OBRA HIDRAULICA
B74: DESCRIPCIÓN | C74: UNIDAD | D74: CANT | E74: V/r UNITARIO | F74: V/r PARCIAL
B76: OFICIAL (Incl. Prestaciones) | C76: HR | D76: 1.1 | E76: =$F$61 -> 24883.544 | F76: =E76*D76 -> 27371.898
B77: AYUDANTE (Incl. Prestaciones) | C77: HR | D77: 1.1 | E77: =$F$36 -> 13588.237 | F77: =E77*D77 -> 14947.061
C79: [ HR ] | E79: V/r UNITARIO | F79: =ROUND(F76+F77,0) -> 42319
B81: MANO DE OBRA CARPINTERIA
B83: DESCRIPCIÓN | C83: UNIDAD | D83: CANT | E83: V/r UNITARIO | F83: V/r PARCIAL
B85: OFICIAL (Incl. Prestaciones) | C85: HR | D85: 1.2 | E85: =$F$61 -> 24883.544 | F85: =E85*D85 -> 29860.253
B86: AYUDANTE (Incl. Prestaciones) | C86: HR | D86: 1.2 | E86: =$F$36 -> 13588.237 | F86: =E86*D86 -> 16305.884
C88: [ HR ] | E88: V/r UNITARIO | F88: =ROUND(F85+F86,0) -> 46166
B90: MANO DE OBRA PINTURA
B92: DESCRIPCIÓN | C92: UNIDAD | D92: CANT | E92: V/r UNITARIO | F92: V/r PARCIAL
B94: OFICIAL (Incl. Prestaciones) | C94: HR | D94: 1.15 | E94: =$F$61 -> 24883.544 | F94: =E94*D94 -> 28616.076
B95: AYUDANTE (Incl. Prestaciones) | C95: HR | D95: 1.15 | E95: =$F$36 -> 13588.237 | F95: =E95*D95 -> 15626.473
C97: [ HR ] | E97: V/r UNITARIO | F97: =ROUND(F94+F95,0) -> 44243
B99: MANO DE OBRA ELECTRICA
B101: DESCRIPCIÓN | C101: UNIDAD | D101: CANT | E101: V/r UNITARIO | F101: V/r PARCIAL
B103: OFICIAL (Incl. Prestaciones) | C103: HR | D103: 1.3 | E103: =$F$61 -> 24883.544 | F103: =E103*D103 -> 32348.607
B104: AYUDANTE (Incl. Prestaciones) | C104: HR | D104: 1.3 | E104: =$F$36 -> 13588.237 | F104: =E104*D104 -> 17664.708
C106: [ HR ] | E106: V/r UNITARIO | F106: =ROUND(F103+F104,0) -> 50013
B110: KAREN TATIANA GUTIERREZ V. | E110: HECTOR HORACIO GAITAN G.
B111: Profesional de apoyo | E111: Secretario de Planeaicon e Infraestructura

Sheet EQ
B8: INSUMOS - VIGENCIA 2026
B10: ='PRESUPUESTO OFICIAL (Entidad)'!B9:G9 -> OBJETO: CONTRATO DE OBRA A TODO COSTO PARA LA CONSTRUCCION, MANTENIMIENTO Y MEJORAMIENTO DE DIFERENTES SEDES EDUCATIVAS DEL MUNICIPIO DE EL PITAL HUILA, CONFORME A LA FICHA TECNICA, EN CUMPLIMIENTO DEL PLAN DE DESARROLLO "UNIDOS SI PODEMOS 2024-2027"
B12: EQUIPOS
B13: CÓDIGO | C13: MATERIALES | E13: UNIDAD | F13: V/r. UNITARIO
B14: EQ001 | C14: ANDAMIO TUBULAR. 1.5 X 1.5 | E14: DÍA | F14: 3000
B15: EQ002 | C15: MEZCLADORA | E15: DIA | F15: 60000
B16: EQ003 | C16: REGLA VIBRADORA | E16: DIA | F16: 30000
B17: EQ004 | C17: TACO METAL ICO | E17: DÍA | F17: 1000
B18: EQ005 | C18: VIBROCOMPACTADOR (TIPO RANA) | E18: DIA | F18: 50000
B19: EQ006 | C19: PULIDORA MANUAL | E19: DIA | F19: 35000
B20: EQ007 | C20: EQUIPO ELÉCTRICO SOLDADURA | E20: DIA | F20: 50000
B21: EQ008 | C21: VIBRADOR CONCRETO | E21: DIA | F21: 50000
B22: EQ009 | C22: HIDROLAVADORA | E22: DIA | F22: 40000
B23: EQ010 | C23: COMPRESOR | E23: DIA | F23: 80000
B24: EQ011 | C24: COMPRESOR HIDRAULICO 1 MARTILLO | E24: DIA | F24: 100000
B28: KAREN TATIANA GUTIERREZ V. | E28: HECTOR HORACIO GAITAN G.
B29: Profesional de apoyo | E29: Secretario de Planeaicon e Infraestructura

Sheet MAT
B8: INSUMOS - VIGENCIA 2026
B10: ='PRESUPUESTO OFICIAL (Entidad)'!B9:G9 -> OBJETO: CONTRATO DE OBRA A TODO COSTO PARA LA CONSTRUCCION, MANTENIMIENTO Y MEJORAMIENTO DE DIFERENTES SEDES EDUCATIVAS DEL MUNICIPIO DE EL PITAL HUILA, CONFORME A LA FICHA TECNICA, EN CUMPLIMIENTO DEL PLAN DE DESARROLLO "UNIDOS SI PODEMOS 2024-2027"
B12: INSUMOS | H12: COTIZACION DE MATERIALES
B14: MATERIALES BÁSICOS | H14: FERRETERIA ARGENTINA | I14: FERREAGRADO | J14: FERRIOBRAS | K14: OTROS
B15: CÓDIGO | C15: MATERIALES | D15: UNIDAD | E15: V/r. UNITARIO
A16: 16 | B16: MBA001 | C16: CEMENTO GRIS | D16: KG | E16: =AVERAGE(H16:K16) -> 726.66587 | H16: =37000/50 -> 740 | I16: =(30252/50)*1.19 -> 719.9976 | J16: =36000/50 -> 720
A17: 17 | B17: MBA002 | C17: GRAVILLA | D17: M3 | E17: 131000 | G17: +EQ
A18: 18 | B18: MBA003 | C18: ARENA | D18: M3 | E18: 111000 | G18: +EQ
A19: 19 | B19: MBA004 | C19: ARENA FINA | D19: M3 | E19: =450000/6 -> 75000 | G19: COTIZACION PITAL - VOLQUETERO
A20: 20 | B20: MBA005 | C20: RECEBO | D20: M3 | E20: =200000/6 -> 33333.333 | G20: MUNICIPIO
A21: 21 | B21: MBA006 | C21: AGUA | D21: LT | E21: 20 | G21: AGUAS Y ASEO
A22: 22 | B22: MBA007 | C22: PIEDRA DE RIO | D22: M3 | E22: =400000/6 -> 66666.667 | G22: COTIZACION PITAL - VOLQUETERO
A23: 23 | B23: A.P.U BÁSICOS
A24: 24 | B24: CÓDIGO | C24: MATERIALES | D24: UNIDAD | E24: V/r. UNITARIO
A25: 25 | B25: APU001 | C25: CONCRETO DE 3000 PSI | D25: M3 | E25: ='C. 3000 PSI'!F45 -> 607218 | G25: APU
A26: 26 | B26: APU002 | C26: CONCRETO DE 2500 PSI | D26: M3 | E26: ='C. 2500 PSI'!F45 -> 514121 | G26: APU
A27: 27 | B27: APU003 | C27: CONCRETO DE 2000 PSI | D27: M3 | E27: ='C. 2000 PSI'!F45 -> 470384 | G27: APU
A28: 28 | B28: APU004 | C28: CONCRETO DE 1700 PSI | D28: M3 | E28: ='C. 1700 PSI'!F45 -> 460681 | G28: APU
A29: 29 | B29: APU005 | C29: CONCRETO CICLOPEO | D29: M3 | E29: ='C. CICL'!F45 -> 513415 | G29: APU
B30: APU006 | C30: MORTERO 1:3 | D30: M3 | E30: ='M 1-3'!F46 -> 503936
A31: 30 | B31: APU007 | C31: MORTERO 1:4 | D31: M3 | E31: ='M 1-4'!F46 -> 442836 | G31: APU
A32: 31 | B32: MATERIALES VARIOS | H32: COTIZACION DE MATERIALES
A33: 32 | B33: CÓDIGO | C33: MATERIALES | D33: UNIDAD | E33: V/r. UNITARIO | H33: FERRETERIA ARGENTINA | I33: FERREAGRO EL SOCORRO | J33: FERRIOBRAS | K33: OTROS | M33: HOMECENTER
A34: 33 | B34: MT001 | C34: ACERO DE REFUERZO DE 60000 PSI | D34: KG | E34: =AVERAGE(H34:K34) -> 4750 | H34: 5300 | J34: 4200
A35: 34 | B35: MT002 | C35: ACERO DE REFUERZO FY = 4200 KG/CM2 | D35: KG | E35: =AVERAGE(H35:K35) -> 5050 | H35: 5300 | J35: 4800
A36: 35 | B36: MT003 | C36: ADAPTADOR MACHO PVC 1/2" | D36: UND | E36: =AVERAGE(H36:K36) -> 500 | H36: 400 | J36: 600
A37: 36 | B37: MT004 | C37: ADAPTADOR TERMINAL PVC 1/2" | D37: UND | E37: =AVERAGE(H37:K37) -> 500 | H37: 400 | J37: 600
A38: 37 | B38: MT005 | C38: ALAMBRE DE COBRE# 10 THWN | D38: ML | E38: =AVERAGE(H38:K38) -> 6250 | H38: 5000 | J38: 7500
A39: 38 | B39: MT006 | C39: ALAMBRE DE COBRE# 12 THWN | D39: ML | E39: =AVERAGE(H39:K39) -> 3096.3585 | H39: 2800 | I39: =268907.56/100 -> 2689.0756 | J39: 3800
A40: 39 | B40: MT007 | C40: ALAMBRE DE COBRE# 14 THWN | D40: ML | E40: =AVERAGE(H40:K40) -> 2000 | H40: 2000 | J40: 2000
A41: 40 | B41: MT008 | C41: ALAMBRE NEGRO C.18 | D41: KG | E41: =AVERAGE(H41:K41) -> 6894.1167 | H41: 7000 | I41: 5882.35 | J41: 7800
A42: 41 | B42: MT009 | C42: ANGULO 1"X1/8 | D42: ML | E42: =AVERAGE(H42:K42) -> 5322.2222 | H42: =34000/6 -> 5666.6667 | J42: =32800/6 -> 5466.6667 | K42: =29000/6 -> 4833.3333
A43: 42 | B43: MT010 | C43: ANGULO 1-1/2 X 3/16" | D43: ML | E43: =AVERAGE(H43:K43) -> 15844.444 | H43: =100000/6 -> 16666.667 | J43: =100200/6 -> 16700 | K43: =85000/6 -> 14166.667
A44: 43 | B44: MT011 | C44: ANGULO 1-1/4 X 1/8" | D44: ML | E44: =AVERAGE(H44:K44) -> 7383.3333 | H44: =55000/6 -> 9166.6667 | J44: =38600/6 -> 6433.3333 | K44: =39300/6 -> 6550
A45: 44 | B45: MT012 | C45: ANGULO 2 X 1/8" | D45: ML | E45: =AVERAGE(H45:K45) -> 13575 | H45: =93000/6 -> 15500 | J45: =69900/6 -> 11650
A46: 45 | B46: MT013 | C46: ANGULO DE 3/4" X 1/8" | D46: ML | E46: =AVERAGE(H46:K46) -> 4158.3333 | H46: =25000/6 -> 4166.6667 | J46: =24900/6 -> 4150
A47: 46 | B47: MT014 | C47: ANTICORROSIVO | D47: GAL | E47: =AVERAGE(H47:K47) -> 55913.167 | H47: 65000 | I47: 48739.5 | J47: 54000
A48: 47 | B48: MT015 | C48: BISAGRA 3" | D48: UND | E48: =AVERAGE(H48:K48) -> 3250 | H48: 4000 | J48: 2500
A49: 48 | B49: MT016 | C49: BLOQUE HUECO No. 5 12X20X30 | D49: UND | E49: =AVERAGE(H49:K49) -> 1950 | H49: 2500 | J49: 1400
A50: 49 | B50: MT017 | C50: BOQUILLA | D50: KG | E50: =AVERAGE(H50:K50) -> 5750 | H50: 5000 | J50: 6500
A51: 50 | B51: MT018 | C51: BORNE COBRE | D51: UND | E51: =AVERAGE(H51:K51) -> 800 | J51: 800
A52: 51 | B52: MT019 | C52: BREAKER 15-40AMP. | D52: UND | E52: =AVERAGE(H52:K52) -> 19500 | H52: 24000 | J52: 15000
A53: 52 | B53: MT020 | C53: BREAKERS 20 AMP 10 KA | D53: UND | E53: =AVERAGE(H53:K53) -> 19500 | H53: 24000 | J53: 15000
A54: 53 | B54: MT021 | C54: CABALLETE (2 X 0,70 ) | D54: UND | E54: =AVERAGE(H54:K54) -> 44950 | H54: 35000 | J54: 54900
A55: 54 | B55: MT022 | C55: CABLE CONCENTRICO MONOFASICO | D55: ML | E55: =AVERAGE(H55:K55) -> 26900 | J55: 26900
A56: 55 | B56: MT023 | C56: CAJA GALVANIZADA DE 2X4 | D56: UND | E56: =AVERAGE(H56:K56) -> 1350 | H56: 1000 | J56: 1700
A57: 56 | B57: MT024 | C57: CAJA OCTAGONAL PLASTICA | D57: UND | E57: =AVERAGE(H57:K57) -> 1020.1667 | H57: 800 | I57: 1260.5 | J57: 1000
A58: 57 | B58: MT025 | C58: CAJA PLASTICA 2X4 5800 | D58: UND | E58: =AVERAGE(H58:K58) -> 690.75667 | H58: 600 | I58: 672.27 | J58: 800
A59: 58 | B59: MT026 | C59: CAJILLA EN CONCRETO 0.2x0.2 | D59: UND | E59: =AVERAGE(H59:K59) -> 35000 | J59: 35000
A60: 59 | B60: MT027 | C60: CAL | D60: KG | E60: =AVERAGE(H60:K60) -> 1500 | H60: =13000/10 -> 1300 | J60: =17000/10 -> 1700
A61: 60 | B61: MT028 | C61: CEMENTO BLANCO | D61: KG | E61: =AVERAGE(H61:K61) -> 3000 | H61: 3000 | J61: 3000
A62: 61 | B62: MT029 | C62: CERAMICA COCINA | D62: M2 | E62: =AVERAGE(H62:K62) -> 59500 | J62: 59500
A63: 62 | B63: MT030 | C63: CERAMICA PARED DE 20X25 | D63: M2 | E63: =AVERAGE(H63:K63) -> 125800 | J63: 125800
A64: 63 | B64: MT031 | C64: CERAMICA PISO TRAFICO 5 | D64: M2 | E64: =AVERAGE(H64:K64) -> 94900 | J64: 94900
A65: 64 | B65: MT032 | C65: CHAPA S/PONER | D65: UND | E65: =AVERAGE(H65:K65) -> 27278.667 | H65: 36000 | I65: 40336 | J65: 5500
A66: 65 | B66: MT033 | C66: CHAZOS | D66: UND | E66: =AVERAGE(H66:K66) -> 350 | J66: 200 | K66: 500
A67: 66 | B67: MT034 | C67: CINTA AISLANTE | D67: UND | E67: =AVERAGE(H67:K67) -> 4000 | H67: 5000 | J67: 3000
A68: 67 | B68: MT035 | C68: CINTA TEFLON | D68: UND | E68: =AVERAGE(H68:K68) -> 1000 | H68: 1000 | J68: 1000
A69: 68 | B69: MT036 | C69: CODO 90 SANITARIO PVC 2" | D69: UND | E69: =AVERAGE(H69:K69) -> 2566.6667 | H69: 2000 | J69: 2700 | K69: 3000
A70: 69 | B70: MT037 | C70: CODO 90 SANITARIO PVC 3" | D70: UND | E70: =AVERAGE(H70:K70) -> 4633.3333 | H70: 4000 | J70: 4400 | K70: 5500
A71: 70 | B71: MT038 | C71: CODO 90 SANITARIO PVC 4" | D71: UND | E71: =AVERAGE(H71:K71) -> 8500 | H71: 6000 | J71: 11000 | K71: 8500
A72: 71 | B72: MT039 | C72: CODO PRESION PVC 1/2" | D72: UND | E72: =AVERAGE(H72:K72) -> 650 | H72: 600 | J72: 700
A73: 72 | B73: MT040 | C73: CRUCETA PLASTICA 2MM X1000 | D73: UND | E73: =AVERAGE(H73:K73) -> 23.95 | H73: =2000/100 -> 20 | J73: =27900/1000 -> 27.9
A74: 73 | B74: MT041 | C74: CURVA PVC DE 1/2" | D74: UND | E74: =AVERAGE(H74:K74) -> 700 | H74: 700 | I74: 588.23 | J74: 700
A75: 74 | B75: MT042 | C75: DETERGENTE NEUTRO | D75: KG | E75: =AVERAGE(H75:K75) -> 49900 | J75: 49900
A76: 75 | B76: MT043 | C76: DILATACION EN PVC O ALUMINIO | D76: ML | E76: =AVERAGE(H76:K76) -> 4900 | H76: =20000/3 -> 6666.6667 | J76: =9400/3 -> 3133.3333
A77: 76 | B77: MT044 | C77: DISOLVENTE THINNER. | D77: GAL | E77: =AVERAGE(H77:K77) -> 27605.04 | H77: 30000 | I77: 25210.08
A78: 77 | B78: MT045 | C78: ESMALTE | D78: GAL | E78: =AVERAGE(H78:K78) -> 71500 | H78: 75000 | J78: 68000
A79: 78 | B79: MT046 | C79: ESPEJO DE 4MM | D79: M2 | E79: =AVERAGE(H79:K79) -> 179900 | J79: 179900
A80: 79 | B80: MT047 | C80: ESTUCO | D80: KG | E80: =AVERAGE(H80:K80) -> 1685.1852 | H80: 2000 | J80: =37000/27 -> 1370.3704
A81: 80 | B81: MT048 | C81: FORMALETA MADERA | D81: M2 | E81: =AVERAGE(H81:K81) -> 35900 | J81: 35900
A82: 81 | B82: MT049 | C82: GRANIPLAST | D82: GÑT | E82: =AVERAGE(H82:K82) -> 129900 | J82: 129900
A83: 82 | B83: MT050 | C83: GRIFERIA LAVAMANOS CROMADO | D83: UND | E83: =AVERAGE(H83:K83) -> 31250 | H83: 30000 | J83: 32500
A84: 83 | B84: MT051 | C84: INTERRRUPTOR DOBLE | D84: UND | E84: =AVERAGE(H84:K84) -> 7450 | H84: 7000 | J84: 7900
A85: 84 | B85: MT052 | C85: INTERRRUPTOR SENCILLO | D85: UND | E85: =AVERAGE(H85:K85) -> 5350 | H85: 7000 | J85: 3700
A86: 85 | B86: MT053 | C86: LADRILLO TOLETE COMUN | D86: UND | E86: =AVERAGE(H86:K86) -> 800 | J86: 800
A87: 86 | B87: MT054 | C87: LAMINA GALVANIZADA 2X1 - CAL. 18 | D87: UND | E87: =AVERAGE(H87:K87) -> 92450 | J87: 69900 | K87: =115000 -> 115000
A88: 87 | B88: MT055 | C88: LAMINA GALVANIZADA 2X1 CAL. 20 | D88: UND | E88: =AVERAGE(H88:K88) -> 63333.333 | H88: 88000 | J88: 15000 | K88: =87000 -> 87000
A89: 88 | B89: MT056 | C89: LAMPARA SLIM LINE 2X48 | D89: UND | E89: =AVERAGE(H89:K89) -> 178000 | J89: 178000
A90: 89 | B90: MT057 | C90: LAVAPLATO 60X40 SOKODA | D90: UND | E90: =AVERAGE(H90:K90) -> 97966.667 | H90: 100000 | J90: 98900 | K90: 95000
A91: 90 | B91: MT058 | C91: LIJA DE DE AGUA No. 180 | D91: UND | E91: =AVERAGE(H91:K91) -> 2000 | H91: 2000 | J91: 2500 | K91: 1500
A92: 91 | B92: MT059 | C92: LIMPIADOR PVC (1/4 GAL) | D92: GAL | E92: =AVERAGE(H92:K92) -> 36952.94 | H92: 38000 | I92: 29411.76 | J92: 47400 | K92: 33000
A93: 92 | B93: MT060 | C93: LLAVE DE 1/2" CROMADA | D93: UND | E93: =AVERAGE(H93:K93) -> 183500 | H93: 350000 | J93: 17000
A94: 93 | B94: MT061 | C94: MALLA ELECTROSOLDADA 15*15 6MM | D94: KG | E94: =AVERAGE(H94:K94) -> 124500 | H94: 26000 | J94: 223000
A95: 94 | B95: MT062 | C95: MALLA ESLABONADA GALV. CAL. 10 - (5X5) | D95: M2 | E95: =AVERAGE(H95:K95) -> 26800 | H95: 28000 | J95: =512000/20 -> 25600
A96: 95 | B96: MT063 | C96: NIPLE DE 1/2"X 1/2" H.G | D96: UND | E96: =AVERAGE(H96:K96) -> 6700 | H96: 12000 | J96: 1400
A97: 96 | B97: MT064 | C97: NIPLE GALVANIZADO DE 1/2"X6" | D97: UND | E97: =AVERAGE(H97:K97) -> 11600 | H97: 20000 | J97: 3200
A98: 97 | B98: MT065 | C98: NYLON No. 80 | D98: UND | E98: =AVERAGE(H98:K98) -> 7250 | H98: 10000 | J98: 4500
A99: 98 | B99: MT066 | C99: ORINAL COLOR BLANCO | D99: UND | E99: =AVERAGE(H99:K99) -> 252500 | H99: 360000 | J99: 145000
A100: 99 | B100: MT067 | C100: PASADOR | D100: UND | E100: =AVERAGE(H100:K100) -> 8000 | H100: 7000 | J100: 12000 | K100: 5000
A101: 100 | B101: MT068 | C101: PEFIL EN ALUMINIO | D101: ML | E101: =AVERAGE(H101:K101) -> 18916.667 | H101: =110000/6 -> 18333.333 | J101: =117000/6 -> 19500
A102: 101 | B102: MT069 | C102: PEGAENCHAPE | D102: KG | E102: =AVERAGE(H102:K102) -> 14900 | H102: 800 | J102: 29000
A103: 102 | B103: MT070 | C103: PERFIL METALICO 3"x1-1/2" CAL. 18 | D103: ML | E103: =AVERAGE(H103:K103) -> 10111.695 | H103: =65000/6 -> 10833.333 | I103: =51680.67/6 -> 8613.445 | J103: =67000/6 -> 11166.667 | K103: =59000/6 -> 9833.3333
A104: 103 | B104: MT071 | C104: PERFIL RECTANGULAR 1 X1 1/2 - C.18 | D104: ML | E104: =AVERAGE(H104:K104) -> 6158.3333 | J104: =34900/6 -> 5816.6667 | K104: =39000/6 -> 6500
A105: 104 | B105: MT072 | C105: PINTURA VINILO TIPO 1 | D105: GAL | E105: =AVERAGE(H105:K105) -> 59952.381 | H105: 65000 | I105: =214285.71/5 -> 42857.142 | J105: 72000
A106: 105 | B106: MT073 | C106: PLAFON | D106: UND | E106: =AVERAGE(H106:K106) -> 4120.4467 | H106: 4000 | I106: 3361.34 | J106: 5000
A107: 106 | B107: MT074 | C107: POLIN DE MADERA 5X5 | D107: ML | E107: =AVERAGE(H107:K107) -> 7955.5556 | H107: =8000/3 -> 2666.6667 | J107: =55000/3 -> 18333.333 | K107: =8600/3 -> 2866.6667
A108: 107 | B108: MT075 | C108: PUNTILLA 2" | D108: LB | E108: =AVERAGE(H108:K108) -> 4250 | H108: 4000 | J108: 4500
A109: 108 | B109: MT076 | C109: REGISTRO DE PASO DIRECTO 1/2 (BOLA) | D109: UND | E109: =AVERAGE(H109:K109) -> 39000 | H109: 70000 | J109: 8000
A110: 109 | B110: MT077 | C110: SANITARIO AHORRADOR COLOR | D110: UND | E110: =AVERAGE(H110:K110) -> 491950 | H110: 490000 | J110: 493900
...

Sheet C. 1700 PSI
A7: ANÁLISIS DE PRECIOS UNITARIOS - SUBPRODUCTOS
A9: CAPITULO: | B9: ='[6]PRESUP. OBRA. '!B10:F10 -> PRELIMINARES | E9: UNIDAD: | F9: M3
A10: ITEM: | B10: CONCRETO DE 1.700 PSI (1:3:5)
A12: HERRAMIENTA Y EQUIPO
A13: DESCRIPCIÓN | C13: UNIDAD | D13: REND | E13: V. UNIT | F13: VR. PARCIAL
A14: HERRAMIENTA MENOR | C14: UND | D14: 1 | E14: 5000 | F14: =D14*E14 -> 5000
A15: MEZCLADORA | C15: DIA | D15: 0.1 | E15: =EQ!F15 -> 60000 | F15: =D15*E15 -> 6000
F16: =D16*E16 -> 0
F17: =D17*E17 -> 0
F18: =D18*E18 -> 0
A19: SUB-TOTAL HERRAMIENTA Y EQUIPO: | F19: =SUM(F14:F18) -> 11000
A21: MATERIALES
A22: DESCRIPCIÓN | C22: UND | D22: CANTIDAD | E22: VR. UNITARIO | F22: VR. PARCIAL
A23: CEMENTO GRIS | C23: KG | D23: 210 | E23: =MAT!E16 -> 726.66587 | F23: =D23*E23 -> 152599.83
A24: ARENA | C24: M3 | D24: 0.5 | E24: =MAT!E18 -> 111000 | F24: =D24*E24 -> 55500
A25: GRAVILLA | C25: M3 | D25: 1 | E25: =MAT!E17 -> 131000 | F25: =D25*E25 -> 131000
A26: AGUA | C26: Lt | D26: 143 | E26: =MAT!E21 -> 20 | F26: =D26*E26 -> 2860
F27: =D27*E27 -> 0
F28: =D28*E28 -> 0
A29: TOTAL MATERIALES: | F29: =SUM(F23:F28) -> 341959.83
A31: TRANSPORTE
A32: MATERIAL | B32: CANTIDAD | C32: DIST | D32: M3-KM | E32: TARIFA | F32: VR. UNITARIO
F33: =D33*E33 -> 0
F34: =D34*E34 -> 0
A35: TOTAL TRANSPORTE: | F35: =SUM(F33:F34) -> 0
A37: MANO DE OBRA
A38: DESCRIPCIÓN | C38: UNIDAD | D38: VALOR DIA | E38: REND | F38: VR. PARCIAL
A39: AYUIDANTE (Incl. Prestaciones) | C39: DIA | D39: =M.O!F35 -> 108705.9 | E39: 0.35 | F39: =D39*E39 -> 38047.064
A40: OFICIAL (incl. Prestaciones) | C40: DIA | D40: =M.O!F60 -> 199068.35 | E40: 0.35 | F40: =D40*E40 -> 69673.923
F41: =D41*E41 -> 0
F42: =D42*E42 -> 0
A43: TOTAL MANO DE OBRA: | F43: =SUM(F39:F42) -> 107720.99
A45: VALOR UNITARIO TOTAL | F45: =ROUND(SUM(F29+F43+F19+F35),0) -> 460681
A49: KAREN TATIANA GUTIERREZ V. | D49: HECTOR HORACIO GAITAN G.
A50: Profesional de apoyo | D50: Secretario de Planeaicon e Infraestructura

Sheet C. 2000 PSI
A7: ANÁLISIS DE PRECIOS UNITARIOS - SUBPRODUCTOS
A9: CAPITULO: | B9: ='[6]PRESUP. OBRA. '!B10:F10 -> PRELIMINARES | E9: UNIDAD: | F9: M3
A10: ITEM: | B10: CONCRETO DE 2.000 PSI (1:3:5)
A12: HERRAMIENTA Y EQUIPO
A13: DESCRIPCIÓN | C13: UNIDAD | D13: REND | E13: V. UNIT | F13: VR. PARCIAL
A14: HERRAMIENTA MENOR | C14: UND | D14: 1 | E14: 5000 | F14: =D14*E14 -> 5000
A15: MEZCLADORA | C15: DIA | D15: 0.1 | E15: =EQ!F15 -> 60000 | F15: =D15*E15 -> 6000
F16: =D16*E16 -> 0
F17: =D17*E17 -> 0
F18: =D18*E18 -> 0
A19: SUB-TOTAL HERRAMIENTA Y EQUIPO: | F19: =SUM(F14:F18) -> 11000
A21: MATERIALES
A22: DESCRIPCIÓN | C22: UND | D22: CANTIDAD | E22: VR. UNITARIO | F22: VR. PARCIAL
A23: CEMENTO GRIS | C23: KG | D23: 230 | E23: =MAT!E16 -> 726.66587 | F23: =D23*E23 -> 167133.15
A24: ARENA | C24: M3 | D24: 0.55 | E24: =MAT!E18 -> 111000 | F24: =D24*E24 -> 61050
A25: GRAVILLA | C25: M3 | D25: 0.92 | E25: =MAT!E17 -> 131000 | F25: =D25*E25 -> 120520
A26: AGUA | C26: Lt | D26: 148 | E26: =MAT!E21 -> 20 | F26: =D26*E26 -> 2960
F27: =D27*E27 -> 0
F28: =D28*E28 -> 0
A29: TOTAL MATERIALES: | F29: =SUM(F23:F28) -> 351663.15
A31: TRANSPORTE
A32: MATERIAL | B32: CANTIDAD | C32: DIST | D32: M3-KM | E32: TARIFA | F32: VR. UNITARIO
F33: =D33*E33 -> 0
F34: =D34*E34 -> 0
A35: TOTAL TRANSPORTE: | F35: =SUM(F33:F34) -> 0
A37: MANO DE OBRA
A38: DESCRIPCIÓN | C38: UNIDAD | D38: VALOR DIA | E38: REND | F38: VR. PARCIAL
A39: AYUIDANTE (Incl. Prestaciones) | C39: DIA | D39: =M.O!F35 -> 108705.9 | E39: 0.35 | F39: =D39*E39 -> 38047.064
A40: OFICIAL (incl. Prestaciones) | C40: DIA | D40: =M.O!F60 -> 199068.35 | E40: 0.35 | F40: =D40*E40 -> 69673.923
F41: =D41*E41 -> 0
F42: =D42*E42 -> 0
A43: TOTAL MANO DE OBRA: | F43: =SUM(F39:F42) -> 107720.99
A45: VALOR UNITARIO TOTAL | F45: =ROUND(SUM(F29+F43+F19+F35),0) -> 470384
A49: KAREN TATIANA GUTIERREZ V. | D49: HECTOR HORACIO GAITAN G.
A50: Profesional de apoyo | D50: Secretario de Planeaicon e Infraestructura

Sheet C. 2500 PSI
A7: ANÁLISIS DE PRECIOS UNITARIOS - SUBPRODUCTOS
A9: CAPITULO: | B9: ='[6]PRESUP. OBRA. '!B10:F10 -> PRELIMINARES | E9: UNIDAD: | F9: M3
A10: ITEM: | B10: CONCRETO DE 2.500 PSI (1:3:3)
A12: HERRAMIENTA Y EQUIPO
A13: DESCRIPCIÓN | C13: UNIDAD | D13: REND | E13: V. UNIT | F13: VR. PARCIAL
A14: HERRAMIENTA MENOR | C14: UND | D14: 1 | E14: 5000 | F14: =D14*E14 -> 5000
A15: MEZCLADORA | C15: DIA | D15: 0.1 | E15: =EQ!F15 -> 60000 | F15: =D15*E15 -> 6000
F16: =D16*E16 -> 0
F17: =D17*E17 -> 0
F18: =D18*E18 -> 0
A19: SUB-TOTAL HERRAMIENTA Y EQUIPO: | F19: =SUM(F14:F18) -> 11000
A21: MATERIALES
A22: DESCRIPCIÓN | C22: UND | D22: CANTIDAD | E22: VR. UNITARIO | F22: VR. PARCIAL
A23: CEMENTO GRIS | C23: KG | D23: 300 | E23: =MAT!E16 -> 726.66587 | F23: =D23*E23 -> 217999.76
A24: ARENA | C24: M3 | D24: 0.72 | E24: =MAT!E18 -> 111000 | F24: =D24*E24 -> 79920
A25: GRAVILLA | C25: M3 | D25: 0.72 | E25: =MAT!E17 -> 131000 | F25: =D25*E25 -> 94320
A26: AGUA | C26: Lt | D26: 158 | E26: =MAT!E21 -> 20 | F26: =D26*E26 -> 3160
C27: % | F27: =D27*E27 -> 0
F28: =D28*E28 -> 0
A29: TOTAL MATERIALES: | F29: =SUM(F23:F28) -> 395399.76
A31: TRANSPORTE
A32: MATERIAL | B32: CANTIDAD | C32: DIST | D32: M3-KM | E32: TARIFA | F32: VR. UNITARIO
F33: =D33*E33 -> 0
F34: =D34*E34 -> 0
A35: TOTAL TRANSPORTE: | F35: =SUM(F33:F34) -> 0
A37: MANO DE OBRA
A38: DESCRIPCIÓN | C38: UNIDAD | D38: VALOR DIA | E38: REND | F38: VR. PARCIAL
A39: AYUIDANTE (Incl. Prestaciones) | C39: DIA | D39: =M.O!F35 -> 108705.9 | E39: 0.35 | F39: =D39*E39 -> 38047.064
A40: OFICIAL (incl. Prestaciones) | C40: DIA | D40: =M.O!F60 -> 199068.35 | E40: 0.35 | F40: =D40*E40 -> 69673.923
F41: =D41*E41 -> 0
F42: =D42*E42 -> 0
A43: TOTAL MANO DE OBRA: | F43: =SUM(F39:F42) -> 107720.99
A45: VALOR UNITARIO TOTAL | F45: =ROUND(SUM(F29+F43+F19+F35),0) -> 514121
A49: KAREN TATIANA GUTIERREZ V. | D49: HECTOR HORACIO GAITAN G.
A50: Profesional de apoyo | D50: Secretario de Planeaicon e Infraestructura

Sheet C. 3000 PSI
A7: ANÁLISIS DE PRECIOS UNITARIOS - SUBPRODUCTOS
A9: CAPITULO: | B9: ='[6]PRESUP. OBRA. '!B10:F10 -> PRELIMINARES | E9: UNIDAD: | F9: M3
A10: ITEM: | B10: CONCRETO 3000 PSI (1:2:3,5)
A12: HERRAMIENTA Y EQUIPO
A13: DESCRIPCIÓN | C13: UNIDAD | D13: REND | E13: V. UNIT | F13: VR. PARCIAL
A14: HERRAMIENTA MENOR | C14: UND | D14: 1 | E14: 5000 | F14: =D14*E14 -> 5000
A15: MEZCLADORA | C15: DIA | D15: 0.1 | E15: =EQ!F15 -> 60000 | F15: =D15*E15 -> 6000
F16: =D16*E16 -> 0
F17: =D17*E17 -> 0
F18: =D18*E18 -> 0
A19: SUB-TOTAL HERRAMIENTA Y EQUIPO: | F19: =SUM(F14:F18) -> 11000
A21: MATERIALES
A22: DESCRIPCIÓN | C22: UND | D22: CANTIDAD | E22: VR. UNITARIO | F22: VR. PARCIAL
A23: CEMENTO GRIS | C23: KG | D23: 320 | E23: =MAT!E16 -> 726.66587 | F23: =D23*E23 -> 232533.08
A24: ARENA | C24: M3 | D24: 0.52 | E24: =MAT!E18 -> 111000 | F24: =D24*E24 -> 57720
A25: GRAVILLA | C25: M3 | D25: 0.9 | E25: =MAT!E17 -> 131000 | F25: =D25*E25 -> 117900
A26: AGUA | C26: Lt | D26: 170 | E26: =MAT!E21 -> 20 | F26: =D26*E26 -> 3400
C27: % | F27: =D27*E27 -> 0
F28: =D28*E28 -> 0
A29: TOTAL MATERIALES: | F29: =SUM(F23:F28) -> 411553.08
A31: TRANSPORTE
A32: MATERIAL | B32: CANTIDAD | C32: DIST | D32: M3-KM | E32: TARIFA | F32: VR. UNITARIO
F33: =D33*E33 -> 0
F34: =D34*E34 -> 0
A35: TOTAL TRANSPORTE: | F35: =SUM(F33:F34) -> 0
A37: MANO DE OBRA
A38: DESCRIPCIÓN | C38: UNIDAD | D38: VALOR DIA | E38: REND | F38: VR. PARCIAL
A39: AYUIDANTE (Incl. Prestaciones) | C39: DIA | D39: =M.O!F35 -> 108705.9 | E39: 0.6 | F39: =D39*E39 -> 65223.537
A40: OFICIAL (incl. Prestaciones) | C40: DIA | D40: =M.O!F60 -> 199068.35 | E40: 0.6 | F40: =D40*E40 -> 119441.01
F41: =D41*E41 -> 0
F42: =D42*E42 -> 0
A43: TOTAL MANO DE OBRA: | F43: =SUM(F39:F42) -> 184664.55
A45: VALOR UNITARIO TOTAL | F45: =ROUND(SUM(F29+F43+F19+F35),0) -> 607218
A49: KAREN TATIANA GUTIERREZ V. | D49: HECTOR HORACIO GAITAN G.
A50: Profesional de apoyo | D50: Secretario de Planeaicon e Infraestructura

Sheet C. CICL
A7: ANÁLISIS DE PRECIOS UNITARIOS - SUBPRODUCTOS
A9: CAPITULO: | B9: ='[6]PRESUP. OBRA. '!B10:F10 -> PRELIMINARES | E9: UNIDAD: | F9: M3
A10: ITEM: | B10: CONCRETO CICLOPEO
A12: HERRAMIENTA Y EQUIPO
A13: DESCRIPCIÓN | C13: UNIDAD | D13: REND | E13: V. UNIT | F13: VR. PARCIAL
A14: HERRAMIENTA MENOR | C14: UND | D14: 0.6 | E14: 5000 | F14: =D14*E14 -> 3000
A15: MEZCLADORA | C15: DIA | D15: 0.1 | E15: =EQ!F15 -> 60000 | F15: =D15*E15 -> 6000
F16: =D16*E16 -> 0
F17: =D17*E17 -> 0
F18: =D18*E18 -> 0
A19: SUB-TOTAL HERRAMIENTA Y EQUIPO: | F19: =SUM(F14:F18) -> 9000
A21: MATERIALES
A22: DESCRIPCIÓN | C22: UND | D22: CANTIDAD | E22: VR. UNITARIO | F22: VR. PARCIAL
A23: PIEDRA DE RIO MEDIA ZONGA | C23: M3 | D23: 0.4 | E23: =MAT!E22 -> 66666.667 | F23: =D23*E23 -> 26666.667
A24: MATERIAL CONCRETO DE 2500 PSI | C24: M3 | D24: 0.6 | E24: ='C. 2500 PSI'!F45 -> 514121 | F24: =D24*E24 -> 308472.6
F25: =D25*E25 -> 0
F26: =D26*E26 -> 0
F27: =D27*E27 -> 0
F28: =D28*E28 -> 0
A29: TOTAL MATERIALES: | F29: =SUM(F23:F28) -> 335139.27
A31: TRANSPORTE
A32: MATERIAL | B32: CANTIDAD | C32: DIST | D32: M3-KM | E32: TARIFA | F32: VR. UNITARIO
F33: =D33*E33 -> 0
F34: =D34*E34 -> 0
A35: TOTAL TRANSPORTE: | F35: =SUM(F33:F34) -> 0
A37: MANO DE OBRA
A38: DESCRIPCIÓN | C38: UNIDAD | D38: VALOR DIA | E38: REND | F38: VR. PARCIAL
A39: AYUIDANTE (Incl. Prestaciones) | C39: DIA | D39: =M.O!F35 -> 108705.9 | E39: 0.55 | F39: =D39*E39 -> 59788.243
A40: OFICIAL (incl. Prestaciones) | C40: DIA | D40: =M.O!F60 -> 199068.35 | E40: 0.55 | F40: =D40*E40 -> 109487.59
F41: =D41*E41 -> 0
F42: =D42*E42 -> 0
A43: TOTAL MANO DE OBRA: | F43: =SUM(F39:F42) -> 169275.84
A45: VALOR UNITARIO TOTAL | F45: =ROUND(SUM(F29+F43+F19+F35),0) -> 513415
A49: KAREN TATIANA GUTIERREZ V. | D49: HECTOR HORACIO GAITAN G.
A50: Profesional de apoyo | D50: Secretario de Planeaicon e Infraestructura

Sheet M 1-3
A7: ANÁLISIS DE PRECIOS UNITARIOS - SUBPRODUCTOS
A9: CAPITULO: | B9: ='[6]PRESUP. OBRA. '!B10:F10 -> PRELIMINARES | E9: UNIDAD: | F9: M3
A10: ITEM: | B10: Mortero 1:3
A12: HERRAMIENTA Y EQUIPO
A13: DESCRIPCIÓN | C13: UNIDAD | D13: REND | E13: V. UNIT | F13: VR. PARCIAL
A14: HERRAMIENTA MENOR | C14: UND | D14: 1 | E14: 5000 | F14: =D14*E14 -> 5000
F15: =D15*E15 -> 0
F16: =D16*E16 -> 0
F17: =D17*E17 -> 0
F18: =D18*E18 -> 0
A19: SUB-TOTAL HERRAMIENTA Y EQUIPO: | F19: =SUM(F14:F18) -> 5000
A21: MATERIALES
A22: DESCRIPCIÓN | C22: UND | D22: CANTIDAD | E22: VR. UNITARIO | F22: VR. PARCIAL
A23: CEMENTO | C23: KG | D23: 454 | E23: =MAT!E16 -> 726.66587 | F23: =D23*E23 -> 329906.3
A24: ARENA FINA | C24: M3 | D24: 1.1 | E24: =MAT!E19 -> 75000 | F24: =D24*E24 -> 82500
A25: AGUA | C25: LTS | D25: 250 | E25: =MAT!E21 -> 20 | F25: =D25*E25 -> 5000
F26: =(SUM(F23:F25)*D26) -> 0
F27: =(SUM(F24:F26)*D27) -> 0
F28: =(SUM(F25:F27)*D28) -> 0
F29: =(SUM(F26:F28)*D29) -> 0
A30: TOTAL MATERIALES: | F30: =SUM(F23:F29) -> 417406.3
A32: TRANSPORTE
A33: MATERIAL | B33: CANTIDAD | C33: DIST | D33: M3-KM | E33: TARIFA | F33: VR. UNITARIO
F34: =D34*E34 -> 0
F35: =D35*E35 -> 0
A36: TOTAL TRANSPORTE: | F36: =SUM(F34:F35) -> 0
A38: MANO DE OBRA
A39: DESCRIPCIÓN | C39: UNIDAD | D39: VALOR DIA | E39: REND | F39: VR. PARCIAL
A40: AYUIDANTE (Incl. Prestaciones) | C40: DIA | D40: =[7]M.O!F35 -> 108705.9 | E40: 0.75 | F40: =D40*E40 -> 81529.422
F41: =D41*E41 -> 0
F42: =D42*E42 -> 0
F43: =D43*E43 -> 0
A44: TOTAL MANO DE OBRA: | F44: =SUM(F40:F43) -> 81529.422
A46: VALOR UNITARIO TOTAL | F46: =ROUND(SUM(F30+F44+F19+F36),0) -> 503936
A50: KAREN TATIANA GUTIERREZ V. | D50: HECTOR HORACIO GAITAN G.
A51: Profesional de apoyo | D51: Secretario de Planeaicon e Infraestructura

Sheet M 1-4
A7: ANÁLISIS DE PRECIOS UNITARIOS - SUBPRODUCTOS
A9: CAPITULO: | B9: ='[6]PRESUP. OBRA. '!B10:F10 -> PRELIMINARES | E9: UNIDAD: | F9: M3
A10: ITEM: | B10: Mortero 1:4
A12: HERRAMIENTA Y EQUIPO
A13: DESCRIPCIÓN | C13: UNIDAD | D13: REND | E13: V. UNIT | F13: VR. PARCIAL
A14: HERRAMIENTA MENOR | C14: UND | D14: 1 | E14: 5000 | F14: =D14*E14 -> 5000
F15: =D15*E15 -> 0
F16: =D16*E16 -> 0
F17: =D17*E17 -> 0
F18: =D18*E18 -> 0
A19: SUB-TOTAL HERRAMIENTA Y EQUIPO: | F19: =SUM(F14:F18) -> 5000
A21: MATERIALES
A22: DESCRIPCIÓN | C22: UND | D22: CANTIDAD | E22: VR. UNITARIO | F22: VR. PARCIAL
A23: CEMENTO | C23: KG | D23: 364 | E23: =MAT!E16 -> 726.66587 | F23: =D23*E23 -> 264506.38
A24: ARENA FINA | C24: M3 | D24: 1.16 | E24: =MAT!E19 -> 75000 | F24: =D24*E24 -> 87000
A25: AGUA | C25: LTS | D25: 240 | E25: =MAT!E21 -> 20 | F25: =D25*E25 -> 4800
F26: =(SUM(F23:F25)*D26) -> 0
F27: =(SUM(F24:F26)*D27) -> 0
F28: =(SUM(F25:F27)*D28) -> 0
F29: =(SUM(F26:F28)*D29) -> 0
A30: TOTAL MATERIALES: | F30: =SUM(F23:F29) -> 356306.38
A32: TRANSPORTE
A33: MATERIAL | B33: CANTIDAD | C33: DIST | D33: M3-KM | E33: TARIFA | F33: VR. UNITARIO
F34: =D34*E34 -> 0
F35: =D35*E35 -> 0
A36: TOTAL TRANSPORTE: | F36: =SUM(F34:F35) -> 0
A38: MANO DE OBRA
A39: DESCRIPCIÓN | C39: UNIDAD | D39: VALOR DIA | E39: REND | F39: VR. PARCIAL
A40: AYUIDANTE (Incl. Prestaciones) | C40: DIA | D40: =M.O!F35 -> 108705.9 | E40: 0.75 | F40: =D40*E40 -> 81529.422
F41: =D41*E41 -> 0
F42: =D42*E42 -> 0
F43: =D43*E43 -> 0
A44: TOTAL MANO DE OBRA: | F44: =SUM(F40:F43) -> 81529.422
A46: VALOR UNITARIO TOTAL | F46: =ROUND(SUM(F30+F44+F19+F36),0) -> 442836
A50: KAREN TATIANA GUTIERREZ V. | D50: HECTOR HORACIO GAITAN G.
A51: Profesional de apoyo | D51: Secretario de Planeaicon e Infraestructura

Sheet A1,1-B1,1-C1,1-E1,1-F1,1
A7: ANALISIS DE PRECIOS UNITARIOS
A9: CAPITULO: | B9: ='PRESUPUESTO OFICIAL (Entidad)'!C13 -> PRELIMINARES Y DEMOLICIONES - DESMONTE DE ELEMENTOS | E9: UNIDAD: | F9: ='PRESUPUESTO OFICIAL (Entidad)'!D14 -> M2
A10: ITEM: | B10: ='PRESUPUESTO OFICIAL (Entidad)'!C14 -> Localización y Replanteo manual.
B11: A1,1 | C11: B1,1 | D11: C1,1 | E11: E1,1 | F11: F1,1
A13: HERRAMIENTA Y EQUIPO
A14: DESCRIPCIÓN | C14: UNIDAD | D14: CANT. | E14: V. UNIT | F14: VR. PARCIAL
A15: HERRAMIENTA MENOR (5% M.O) | C15: % | D15: =5/100 -> 0.05 | E15: =F46 -> 3847.2 | F15: =D15*E15 -> 192.36
F16: =D16*E16 -> 0
F17: =D17*E17 -> 0
F18: =D18*E18 -> 0
F19: =D19*E19 -> 0
A20: SUB-TOTAL HERRAMIENTA Y EQUIPO: | F20: =SUM(F15:F19) -> 192.36
A22: MATERIALES
A23: DESCRIPCIÓN | C23: UND | D23: CANTIDAD | E23: VR. UNITARIO | F23: VR. PARCIAL
A24: PUNTILLA 2" | C24: LB | D24: 0.06 | E24: =MAT!E108 -> 4250 | F24: =D24*E24 -> 255
A25: POLIN DE MADERA 5X5 | C25: ML | D25: 0.06 | E25: =MAT!E107 -> 7955.5556 | F25: =D25*E25 -> 477.33333
A26: CAL | C26: KG | D26: 0.05 | E26: =MAT!E60 -> 1500 | F26: =D26*E26 -> 75
A27: NYLON No. 80 | C27: UND | D27: 0.05 | E27: =MAT!E98 -> 7250 | F27: =D27*E27 -> 362.5
F28: =D28*E28 -> 0
F29: =D29*E29 -> 0
F30: =D30*E30 -> 0
F31: =D31*E31 -> 0
A32: TOTAL MATERIALES: | F32: =SUM(F24:F31) -> 1169.8333
A34: TRANSPORTE
A35: MATERIAL | C35: VOL (M3) | D35: DIST (KM) | E35: PESOS/(M3-KM) | F35: VR. UNITARIO
F36: =C36*D36*E36 -> 0
F37: =C37*D37*E37 -> 0
A38: TOTAL TRANSPORTE: | F38: =SUM(F36:F37) -> 0
A40: MANO DE OBRA
A41: DESCRIPCIÓN | C41: UNIDAD | D41: VALOR HR | E41: REND | F41: VR. PARCIAL
A42: =M.O!B63 -> MANO DE OBRA A (1 OF Y 1 AYUD) | C42: HR | D42: =M.O!F70 -> 38472 | E42: 0.1 | F42: =D42*E42 -> 3847.2
A46: TOTAL MANO DE OBRA: | F46: =SUM(F42:F45) -> 3847.2
A48: VALOR UNITARIO TOTAL | F48: =ROUND(SUM(F32+F46+F20+F38),0) -> 5209
A51: KAREN TATIANA GUTIERREZ V. | D51: HECTOR HORACIO GAITAN G.
A52: Profesional de apoyo | D52: Secretario de Planeaicon e Infraestructura

Sheet A1,2
A7: ANALISIS DE PRECIOS UNITARIOS
A9: CAPITULO: | B9: ='PRESUPUESTO OFICIAL (Entidad)'!C13 -> PRELIMINARES Y DEMOLICIONES - DESMONTE DE ELEMENTOS | E9: UNIDAD: | F9: ='PRESUPUESTO OFICIAL (Entidad)'!D15 -> M3
A10: ITEM: | B10: ='PRESUPUESTO OFICIAL (Entidad)'!C15 -> Demolición mecánica de concreto ciclópeo
B11: A1,2
A13: HERRAMIENTA Y EQUIPO | H13: ='PRESUPUESTO OFICIAL (Entidad)'!E15 -> 3.53
A14: DESCRIPCIÓN | C14: UNIDAD | D14: CANT. | E14: V. UNIT | F14: VR. PARCIAL
A15: HERRAMIENTA MENOR (5% M.O) | C15: % | D15: 0.05 | E15: =+F46 -> 134652 | F15: =D15*E15 -> 6732.6
A16: COMPRESOR HIDRAULICO 1 MARTILLO | C16: DIA | D16: 0.5 | E16: =EQ!F24 -> 100000 | F16: =D16*E16 -> 50000 | H16: =H13*F16 -> 176500
F17: =D17*E17 -> 0
F18: =D18*E18 -> 0
F19: =D19*E19 -> 0
A20: SUB-TOTAL HERRAMIENTA Y EQUIPO: | F20: =SUM(F15:F19) -> 56732.6
A22: MATERIALES
A23: DESCRIPCIÓN | C23: UND | D23: CANTIDAD | E23: VR. UNITARIO | F23: VR. PARCIAL
F24: =D24*E24 -> 0
F25: =D25*E25 -> 0
F26: =D26*E26 -> 0
F27: =D27*E27 -> 0
F28: =D28*E28 -> 0
F29: =D29*E29 -> 0
F30: =D30*E30 -> 0
F31: =D31*E31 -> 0
A32: TOTAL MATERIALES: | F32: =SUM(F24:F31) -> 0
A34: TRANSPORTE
A35: MATERIAL | B35: Vol - peso o cant | C35: DIST | D35: M3-KM | E35: TARIFA | F35: VR. UNITARIO
A36: TRANSPORTE | B36: 0.04 | C36: 2 | D36: =B36*C36 -> 0.08 | E36: =+H36 -> 29166.667 | F36: =D36*E36 -> 2333.3333 | H36: =350000/C36/6 -> 29166.667
F37: =C37*D37*E37 -> 0
A38: TOTAL TRANSPORTE: | F38: =SUM(F36:F37) -> 2333.3333
A40: MANO DE OBRA
A41: DESCRIPCIÓN | C41: UNIDAD | D41: VALOR HR | E41: REND | F41: VR. PARCIAL
A42: =M.O!B63 -> MANO DE OBRA A (1 OF Y 1 AYUD) | C42: HR | D42: =M.O!F70 -> 38472 | E42: 3.5 | F42: =D42*E42 -> 134652
F43: =D43*E43 -> 0
F44: =D44*E44 -> 0
F45: =D45*E45 -> 0
A46: TOTAL MANO DE OBRA: | F46: =SUM(F42:F45) -> 134652 | H46: =F46*H13 -> 475321.56
A48: VALOR UNITARIO TOTAL | F48: =ROUND(SUM(F32+F46+F20+F38),0) -> 193718
A51: KAREN TATIANA GUTIERREZ V. | D51: HECTOR HORACIO GAITAN G.
A52: Profesional de apoyo | D52: Secretario de Planeaicon e Infraestructura

Sheet A2,1-B2,1-C2,1-E2,2-F3,1
A7: ANALISIS DE PRECIOS UNITARIOS
A9: CAPITULO: | B9: ='PRESUPUESTO OFICIAL (Entidad)'!C16 -> MOVIMIENTO DE TIERRA | E9: UNIDAD: | F9: ='PRESUPUESTO OFICIAL (Entidad)'!D17 -> M3
A10: ITEM: | B10: ='PRESUPUESTO OFICIAL (Entidad)'!C17 -> Excavacion manual. Incluye retiro del material.
B11: A2,1 | C11: B2,1 | D11: C2,1 | E11: E2,2 | F11: F3,1
A13: HERRAMIENTA Y EQUIPO
A14: DESCRIPCIÓN | C14: UNIDAD | D14: CANT. | E14: V. UNIT | F14: VR. PARCIAL
A15: HERRAMIENTA MENOR (5% M.O) | C15: % | D15: =5/100 -> 0.05 | E15: =+F46 -> 53860.8 | F15: =D15*E15 -> 2693.04
F16: =D16*E16 -> 0
F17: =D17*E17 -> 0
F18: =D18*E18 -> 0
F19: =D19*E19 -> 0
A20: SUB-TOTAL HERRAMIENTA Y EQUIPO: | F20: =SUM(F15:F19) -> 2693.04
A22: MATERIALES
A23: DESCRIPCIÓN | C23: UND | D23: CANTIDAD | E23: VR. UNITARIO | F23: VR. PARCIAL
F24: =D24*E24 -> 0
F25: =D25*E25 -> 0
F26: =D26*E26 -> 0
F27: =D27*E27 -> 0
F28: =D28*E28 -> 0
F29: =D29*E29 -> 0
F30: =D30*E30 -> 0
F31: =D31*E31 -> 0
A32: TOTAL MATERIALES: | F32: =SUM(F24:F31) -> 0
A34: TRANSPORTE
A35: MATERIAL | B35: Vol - peso o cant | C35: DIST | D35: M3-KM | E35: TARIFA | F35: VR. UNITARIO
A36: TRANSPORTE | B36: 0.04 | C36: 8 | D36: =B36*C36 -> 0.32 | E36: =+H36 -> 7291.6667 | F36: =D36*E36 -> 2333.3333 | H36: =350000/C36/6 -> 7291.6667
F37: =C37*D37*E37 -> 0
A38: TOTAL TRANSPORTE: | F38: =SUM(F36:F37) -> 2333.3333
A40: MANO DE OBRA
A41: DESCRIPCIÓN | C41: UNIDAD | D41: VALOR HR | E41: REND | F41: VR. PARCIAL
A42: =M.O!B63 -> MANO DE OBRA A (1 OF Y 1 AYUD) | C42: HR | D42: =M.O!F70 -> 38472 | E42: 1.4 | F42: =D42*E42 -> 53860.8
F43: =D43*E43 -> 0
F44: =D44*E44 -> 0
F45: =D45*E45 -> 0
A46: TOTAL MANO DE OBRA: | F46: =SUM(F42:F45) -> 53860.8
A48: VALOR UNITARIO TOTAL | F48: =ROUND(SUM(F32+F46+F20+F38),0) -> 58887
A52: KAREN TATIANA GUTIERREZ V. | D52: HECTOR HORACIO GAITAN G.
A53: Profesional de apoyo | D53: Secretario de Planeaicon e Infraestructura

Sheet A2,2-C2,2-E2,1-F3,2
A7: ANALISIS DE PRECIOS UNITARIOS
A9: CAPITULO: | B9: ='PRESUPUESTO OFICIAL (Entidad)'!C16 -> MOVIMIENTO DE TIERRA | E9: UNIDAD: | F9: ='PRESUPUESTO OFICIAL (Entidad)'!D18 -> M3
A10: ITEM: | B10: ='PRESUPUESTO OFICIAL (Entidad)'!C18 -> Relleno en recebo compactado mecánicamente.
B11: A2,2 | C11: C2,2 | D11: E2,1 | E11: F3,2
A13: HERRAMIENTA Y EQUIPO
A14: DESCRIPCIÓN | C14: UNIDAD | D14: CANT. | E14: V. UNIT | F14: VR. PARCIAL
A15: HERRAMIENTA MENOR (5% M.O) | C15: % | D15: =5/100 -> 0.05 | E15: =F46 -> 19236 | F15: =D15*E15 -> 961.8
A16: VIBROCOMPACTADOR (TIPO RANA) | C16: DIA | D16: 0.04 | E16: =EQ!F18 -> 50000 | F16: =D16*E16 -> 2000
F17: =D17*E17 -> 0
F18: =D18*E18 -> 0
F19: =D19*E19 -> 0
A20: SUB-TOTAL HERRAMIENTA Y EQUIPO: | F20: =SUM(F15:F19) -> 2961.8
A22: MATERIALES
A23: DESCRIPCIÓN | C23: UND | D23: CANTIDAD | E23: VR. UNITARIO | F23: VR. PARCIAL
A24: RECEBO | C24: M3 | D24: 1 | E24: =MAT!E20 -> 33333.333 | F24: =D24*E24 -> 33333.333
F25: =D25*E25 -> 0
F26: =D26*E26 -> 0
F27: =D27*E27 -> 0
F28: =D28*E28 -> 0
F29: =D29*E29 -> 0
F30: =D30*E30 -> 0
F31: =D31*E31 -> 0
A32: TOTAL MATERIALES: | F32: =SUM(F24:F31) -> 33333.333
A34: TRANSPORTE
A35: MATERIAL | B35: Vol - peso o cant | C35: DIST | D35: M3-KM | E35: TARIFA | F35: VR. UNITARIO
F36: =D36*E36 -> 0
F37: =D37*E37 -> 0
A38: TOTAL TRANSPORTE: | F38: =SUM(F36:F37) -> 0
A40: MANO DE OBRA
A41: DESCRIPCIÓN | C41: UNIDAD | D41: VALOR HR | E41: REND | F41: VR. PARCIAL
A42: =M.O!B63 -> MANO DE OBRA A (1 OF Y 1 AYUD) | C42: HR | D42: =M.O!F70 -> 38472 | E42: 0.5 | F42: =D42*E42 -> 19236
F43: =D43*E43 -> 0
F44: =D44*E44 -> 0
F45: =D45*E45 -> 0
A46: TOTAL MANO DE OBRA: | F46: =SUM(F42:F45) -> 19236
A48: VALOR UNITARIO TOTAL | F48: =ROUND(SUM(F32+F46+F20+F38),0) -> 55531
A52: KAREN TATIANA GUTIERREZ V. | D52: HECTOR HORACIO GAITAN G.
A53: Profesional de apoyo | D53: Secretario de Planeaicon e Infraestructura

Sheet A3,1-C3,1-E3,1
A7: ANALISIS DE PRECIOS UNITARIOS
A9: CAPITULO: | B9: ='PRESUPUESTO OFICIAL (Entidad)'!C19 -> CIMIENTOS | E9: UNIDAD: | F9: ='PRESUPUESTO OFICIAL (Entidad)'!D20 -> M3
A10: ITEM: | B10: ='PRESUPUESTO OFICIAL (Entidad)'!C20 -> Concreto Ciclópeo (40% en piedra media zonga y 60% concreto 2500 PSI de 0,30*0,40 m).
B11: A3,1 | C11: C3,1 | D11: E3,1
A13: HERRAMIENTA Y EQUIPO
A14: DESCRIPCIÓN | C14: UNIDAD | D14: CANT. | E14: V. UNIT | F14: VR. PARCIAL
A15: HERRAMIENTA MENOR (5% M.O) | C15: % | D15: =5/100 -> 0.05 | E15: =F46 -> 115416 | F15: =D15*E15 -> 5770.8
F16: =D16*E16 -> 0
F17: =D17*E17 -> 0
F18: =D18*E18 -> 0
F19: =D19*E19 -> 0
A20: SUB-TOTAL HERRAMIENTA Y EQUIPO: | F20: =SUM(F15:F19) -> 5770.8
A22: MATERIALES
A23: DESCRIPCIÓN | C23: UND | D23: CANTIDAD | E23: VR. UNITARIO | F23: VR. PARCIAL
A24: CONCRETO CICLOPEO | C24: M3 | D24: 1 | E24: ='C. CICL'!F45 -> 513415 | F24: =D24*E24 -> 513415
F25: =D25*E25 -> 0
F26: =D26*E26 -> 0
F27: =D27*E27 -> 0
F28: =D28*E28 -> 0
F29: =D29*E29 -> 0
F30: =D30*E30 -> 0
F31: =D31*E31 -> 0
A32: TOTAL MATERIALES: | F32: =SUM(F24:F31) -> 513415
A34: TRANSPORTE
A35: MATERIAL | B35: Vol - peso o cant | C35: DIST | D35: M3-KM | E35: TARIFA | F35: VR. UNITARIO
F36: =C36*D36*E36 -> 0
F37: =C37*D37*E37 -> 0
A38: TOTAL TRANSPORTE: | F38: =SUM(F36:F37) -> 0
A40: MANO DE OBRA
A41: DESCRIPCIÓN | C41: UNIDAD | D41: VALOR HR | E41: REND | F41: VR. PARCIAL
A42: =M.O!B63 -> MANO DE OBRA A (1 OF Y 1 AYUD) | C42: HR | D42: =M.O!F70 -> 38472 | E42: 3 | F42: =D42*E42 -> 115416
F43: =D43*E43 -> 0
F44: =D44*E44 -> 0
F45: =D45*E45 -> 0
A46: TOTAL MANO DE OBRA: | F46: =SUM(F42:F45) -> 115416
A48: VALOR UNITARIO TOTAL | F48: =ROUND(SUM(F32+F46+F20+F38),0) -> 634602
A52: KAREN TATIANA GUTIERREZ V. | D52: HECTOR HORACIO GAITAN G.
A53: Profesional de apoyo | D53: Secretario de Planeaicon e Infraestructura

Sheet A3,2
A7: ANALISIS DE PRECIOS UNITARIOS
A9: CAPITULO: | B9: ='PRESUPUESTO OFICIAL (Entidad)'!C19 -> CIMIENTOS | E9: UNIDAD: | F9: ='PRESUPUESTO OFICIAL (Entidad)'!D21 -> M3
A10: ITEM: | B10: ='PRESUPUESTO OFICIAL (Entidad)'!C21 -> Cimentación tipo zapatas en concreto de 3000 P.S.I (0,70*0,70*0,30mts).
B11: A3,2
A13: HERRAMIENTA Y EQUIPO
A14: DESCRIPCIÓN | C14: UNIDAD | D14: CANT. | E14: V. UNIT | F14: VR. PARCIAL
A15: HERRAMIENTA MENOR (5% M.O) | C15: % | D15: =5/100 -> 0.05 | E15: =F46 -> 173124 | F15: =D15*E15 -> 8656.2
A16: VIBRADOR CONCRETO | C16: DIA | D16: 0.07 | E16: =EQ!F21 -> 50000 | F16: =D16*E16 -> 3500
F17: =D17*E17 -> 0
F18: =D18*E18 -> 0
F19: =D19*E19 -> 0
A20: SUB-TOTAL HERRAMIENTA Y EQUIPO: | F20: =SUM(F15:F19) -> 12156.2
A22: MATERIALES
A23: DESCRIPCIÓN | C23: UND | D23: CANTIDAD | E23: VR. UNITARIO | F23: VR. PARCIAL
A24: CONCRETO DE 3000 PSI | C24: M3 | D24: 1.03 | E24: ='C. 3000 PSI'!F45 -> 607218 | F24: =D24*E24 -> 625434.54
F25: =D25*E25 -> 0
F26: =D26*E26 -> 0
F27: =D27*E27 -> 0
F28: =D28*E28 -> 0
F29: =D29*E29 -> 0
F30: =D30*E30 -> 0
F31: =D31*E31 -> 0
A32: TOTAL MATERIALES: | F32: =SUM(F24:F31) -> 625434.54
A34: TRANSPORTE
A35: MATERIAL | B35: Vol - peso o cant | C35: DIST | D35: M3-KM | E35: TARIFA | F35: VR. UNITARIO
F36: =C36*D36*E36 -> 0
F37: =C37*D37*E37 -> 0
A38: TOTAL TRANSPORTE: | F38: =SUM(F36:F37) -> 0
A40: MANO DE OBRA
A41: DESCRIPCIÓN | C41: UNIDAD | D41: VALOR HR | E41: REND | F41: VR. PARCIAL
A42: =M.O!B63 -> MANO DE OBRA A (1 OF Y 1 AYUD) | C42: HR | D42: =M.O!F70 -> 38472 | E42: 4.5 | F42: =D42*E42 -> 173124
F43: =D43*E43 -> 0
F44: =D44*E44 -> 0
F45: =D45*E45 -> 0
A46: TOTAL MANO DE OBRA: | F46: =SUM(F42:F45) -> 173124
A48: VALOR UNITARIO TOTAL | F48: =ROUND(SUM(F32+F46+F20+F38),0) -> 810715
A52: KAREN TATIANA GUTIERREZ V. | D52: HECTOR HORACIO GAITAN G.
A53: Profesional de apoyo | D53: Secretario de Planeaicon e Infraestructura

Sheet A3,3
A7: ANALISIS DE PRECIOS UNITARIOS
A9: CAPITULO: | B9: ='PRESUPUESTO OFICIAL (Entidad)'!C19 -> CIMIENTOS | E9: UNIDAD: | F9: ='PRESUPUESTO OFICIAL (Entidad)'!D22 -> M3
A10: ITEM: | B10: ='PRESUPUESTO OFICIAL (Entidad)'!C22 -> Cimentación tipo zapatas en concreto de 3000 P.S.I (1,00*1,00*0,30mts).
B11: A3,3
A13: HERRAMIENTA Y EQUIPO
A14: DESCRIPCIÓN | C14: UNIDAD | D14: CANT. | E14: V. UNIT | F14: VR. PARCIAL
A15: HERRAMIENTA MENOR (5% M.O) | C15: % | D15: =5/100 -> 0.05 | E15: =F46 -> 173124 | F15: =D15*E15 -> 8656.2
A16: VIBRADOR CONCRETO | C16: DIA | D16: 0.07 | E16: =EQ!F21 -> 50000 | F16: =D16*E16 -> 3500
F17: =D17*E17 -> 0
F18: =D18*E18 -> 0
F19: =D19*E19 -> 0
A20: SUB-TOTAL HERRAMIENTA Y EQUIPO: | F20: =SUM(F15:F19) -> 12156.2
A22: MATERIALES
A23: DESCRIPCIÓN | C23: UND | D23: CANTIDAD | E23: VR. UNITARIO | F23: VR. PARCIAL
A24: CONCRETO DE 3000 PSI | C24: M3 | D24: 1.03 | E24: ='C. 3000 PSI'!F45 -> 607218 | F24: =D24*E24 -> 625434.54
F25: =D25*E25 -> 0
F26: =D26*E26 -> 0
F27: =D27*E27 -> 0
F28: =D28*E28 -> 0
F29: =D29*E29 -> 0
F30: =D30*E30 -> 0
F31: =D31*E31 -> 0
A32: TOTAL MATERIALES: | F32: =SUM(F24:F31) -> 625434.54
A34: TRANSPORTE
A35: MATERIAL | B35: Vol - peso o cant | C35: DIST | D35: M3-KM | E35: TARIFA | F35: VR. UNITARIO
F36: =C36*D36*E36 -> 0
F37: =C37*D37*E37 -> 0
A38: TOTAL TRANSPORTE: | F38: =SUM(F36:F37) -> 0
A40: MANO DE OBRA
A41: DESCRIPCIÓN | C41: UNIDAD | D41: VALOR HR | E41: REND | F41: VR. PARCIAL
A42: =M.O!B63 -> MANO DE OBRA A (1 OF Y 1 AYUD) | C42: HR | D42: =M.O!F70 -> 38472 | E42: 4.5 | F42: =D42*E42 -> 173124
F43: =D43*E43 -> 0
F44: =D44*E44 -> 0
F45: =D45*E45 -> 0
A46: TOTAL MANO DE OBRA: | F46: =SUM(F42:F45) -> 173124
A48: VALOR UNITARIO TOTAL | F48: =ROUND(SUM(F32+F46+F20+F38),0) -> 810715
A52: KAREN TATIANA GUTIERREZ V. | D52: HECTOR HORACIO GAITAN G.
A53: Profesional de apoyo | D53: Secretario de Planeaicon e Infraestructura

Sheet A3,4 
A7: ANALISIS DE PRECIOS UNITARIOS
A9: CAPITULO: | B9: ='PRESUPUESTO OFICIAL (Entidad)'!C19 -> CIMIENTOS | E9: UNIDAD: | F9: ='PRESUPUESTO OFICIAL (Entidad)'!D23 -> ML
A10: ITEM: | B10: ='PRESUPUESTO OFICIAL (Entidad)'!C23 -> Viga de cimentación en concreto de 3000 PSI (0,30*0,30mts). Incluye acero de refuerzo de 60000 PSI (4Ø5/8" refuerzo y E=Ø3/8" c./d. 0,10 mts).
B11: A3,4
A13: HERRAMIENTA Y EQUIPO
A14: DESCRIPCIÓN | C14: UNIDAD | D14: CANT. | E14: V. UNIT | F14: VR. PARCIAL
A15: HERRAMIENTA MENOR (5% M.O) | C15: % | D15: =5/100 -> 0.05 | E15: =F46 -> 30777.6 | F15: =D15*E15 -> 1538.88
A16: VIBRADOR CONCRETO | C16: DIA | D16: 0.02 | E16: =EQ!F21 -> 50000 | F16: =D16*E16 -> 1000
F17: =D17*E17 -> 0
F18: =D18*E18 -> 0
F19: =D19*E19 -> 0
A20: SUB-TOTAL HERRAMIENTA Y EQUIPO: | F20: =SUM(F15:F19) -> 2538.88
A22: MATERIALES
A23: DESCRIPCIÓN | C23: UND | D23: CANTIDAD | E23: VR. UNITARIO | F23: VR. PARCIAL
A24: CONCRETO DE 3000 PSI | C24: M3 | D24: =0.3*0.3 -> 0.09 | E24: =MAT!E25 -> 607218 | F24: =D24*E24 -> 54649.62
A25: FORMALETA MADERA | C25: M2 | D25: 0.08 | E25: =MAT!E81 -> 35900 | F25: =D25*E25 -> 2872 | I25: LONGITUD | J25: CANTIDAD | K25: PESO (KG/ML) | L25: KG | M25: TRASLAPO O GANCHOS
A26: VARILLA CORRUGADA 5/8" | C26: KG | D26: =M26 -> 6.61152 | E26: =MAT!E142 -> 7238.8889 | F26: =D26*E26 -> 47860.059 | H26: 5/8" | I26: 1 | J26: =1*4 -> 4 | K26: 1.552 | L26: =I26*J26*K26 -> 6.208 | M26: =(L26*0.065)+L26 -> 6.61152
A27: VARILLA CORRUGADA 3/8" | C27: KG | D27: =L27 -> 6.944 | E27: =MAT!E141 -> 2685.7492 | F27: =D27*E27 -> 18649.842 | H27: 3/8" | I27: 1.24 | J27: =1/0.1 -> 10 | K27: 0.56 | L27: =I27*J27*K27 -> 6.944
F28: =D28*E28 -> 0
F29: =D29*E29 -> 0
F30: =D30*E30 -> 0
F31: =D31*E31 -> 0
A32: TOTAL MATERIALES: | F32: =SUM(F24:F31) -> 124031.52
A34: TRANSPORTE
A35: MATERIAL | B35: Vol - peso o cant | C35: DIST | D35: M3-KM | E35: TARIFA | F35: VR. UNITARIO
F36: =C36*D36*E36 -> 0
F37: =C37*D37*E37 -> 0
A38: TOTAL TRANSPORTE: | F38: =SUM(F36:F37) -> 0
A40: MANO DE OBRA
A41: DESCRIPCIÓN | C41: UNIDAD | D41: VALOR HR | E41: REND | F41: VR. PARCIAL
A42: =M.O!B63 -> MANO DE OBRA A (1 OF Y 1 AYUD) | C42: HR | D42: =M.O!F70 -> 38472 | E42: 0.8 | F42: =D42*E42 -> 30777.6
F43: =D43*E43 -> 0
F44: =D44*E44 -> 0
F45: =D45*E45 -> 0
A46: TOTAL MANO DE OBRA: | F46: =SUM(F42:F45) -> 30777.6
A48: VALOR UNITARIO TOTAL | F48: =ROUND(SUM(F32+F46+F20+F38),0) -> 157348
A52: KAREN TATIANA GUTIERREZ V. | D52: HECTOR HORACIO GAITAN G.
A53: Profesional de apoyo | D53: Secretario de Planeaicon e Infraestructura

Sheet A3,5-C3,5
A7: ANALISIS DE PRECIOS UNITARIOS
A9: CAPITULO: | B9: ='PRESUPUESTO OFICIAL (Entidad)'!C19 -> CIMIENTOS | E9: UNIDAD: | F9: ='PRESUPUESTO OFICIAL (Entidad)'!D24 -> M2
A10: ITEM: | B10: ='PRESUPUESTO OFICIAL (Entidad)'!C24 -> Cimentación tipo solado de limpieza concreto 1700 psi e=0,05 m.
B11: A3,5 | C11: C3,5
A13: HERRAMIENTA Y EQUIPO
A14: DESCRIPCIÓN | C14: UNIDAD | D14: CANT. | E14: V. UNIT | F14: VR. PARCIAL
A15: HERRAMIENTA MENOR (5% M.O) | C15: % | D15: =5/100 -> 0.05 | E15: =F46 -> 19236 | F15: =D15*E15 -> 961.8
F16: =D16*E16 -> 0
F17: =D17*E17 -> 0
F18: =D18*E18 -> 0
F19: =D19*E19 -> 0
A20: SUB-TOTAL HERRAMIENTA Y EQUIPO: | F20: =SUM(F15:F19) -> 961.8
A22: MATERIALES
A23: DESCRIPCIÓN | C23: UND | D23: CANTIDAD | E23: VR. UNITARIO | F23: VR. PARCIAL
A24: CONCRETO DE 1700 PSI | C24: M3 | D24: 0.05 | E24: =MAT!E28 -> 460681 | F24: =D24*E24 -> 23034.05
F25: =D25*E25 -> 0
F26: =D26*E26 -> 0
F27: =D27*E27 -> 0
F28: =D28*E28 -> 0
F29: =D29*E29 -> 0
F30: =D30*E30 -> 0
F31: =D31*E31 -> 0
A32: TOTAL MATERIALES: | F32: =SUM(F24:F31) -> 23034.05
A34: TRANSPORTE
A35: MATERIAL | B35: Vol - peso o cant | C35: DIST | D35: M3-KM | E35: TARIFA | F35: VR. UNITARIO
F36: =C36*D36*E36 -> 0
F37: =C37*D37*E37 -> 0
A38: TOTAL TRANSPORTE: | F38: =SUM(F36:F37) -> 0
A40: MANO DE OBRA
A41: DESCRIPCIÓN | C41: UNIDAD | D41: VALOR HR | E41: REND | F41: VR. PARCIAL
A42: =M.O!B63 -> MANO DE OBRA A (1 OF Y 1 AYUD) | C42: HR | D42: =M.O!F70 -> 38472 | E42: 0.5 | F42: =D42*E42 -> 19236
F43: =D43*E43 -> 0
F44: =D44*E44 -> 0
F45: =D45*E45 -> 0
A46: TOTAL MANO DE OBRA: | F46: =SUM(F42:F45) -> 19236
A48: VALOR UNITARIO TOTAL | F48: =ROUND(SUM(F32+F46+F20+F38),0) -> 43232
A52: KAREN TATIANA GUTIERREZ V. | D52: HECTOR HORACIO GAITAN G.
A53: Profesional de apoyo | D53: Secretario de Planeaicon e Infraestructura

Sheet A3,6
A7: ANALISIS DE PRECIOS UNITARIOS
A9: CAPITULO: | B9: ='PRESUPUESTO OFICIAL (Entidad)'!C19 -> CIMIENTOS | E9: UNIDAD: | F9: ='PRESUPUESTO OFICIAL (Entidad)'!D25 -> KG
A10: ITEM: | B10: ='PRESUPUESTO OFICIAL (Entidad)'!C25 -> Acero de refuerzo 600000 PSI, para zapata (incluye amarre y figurado).
B11: A3,6
A13: HERRAMIENTA Y EQUIPO
A14: DESCRIPCIÓN | C14: UNIDAD | D14: CANT. | E14: V. UNIT | F14: VR. PARCIAL
A15: HERRAMIENTA MENOR (5% M.O) | C15: % | D15: =5/100 -> 0.05 | E15: =F46 -> 1154.16 | F15: =D15*E15 -> 57.708
A16: PULIDORA MANUAL | C16: DIA | D16: 0.01 | E16: =EQ!F19 -> 35000 | F16: =D16*E16 -> 350
F17: =D17*E17 -> 0
F18: =D18*E18 -> 0
F19: =D19*E19 -> 0
A20: SUB-TOTAL HERRAMIENTA Y EQUIPO: | F20: =SUM(F15:F19) -> 407.708
A22: MATERIALES
A23: DESCRIPCIÓN | C23: UND | D23: CANTIDAD | E23: VR. UNITARIO | F23: VR. PARCIAL
A24: ALAMBRE NEGRO C.18 | C24: KG | D24: 0.02 | E24: =MAT!E41 -> 6894.1167 | F24: =D24*E24 -> 137.88233
A25: VARILLA CORRUGADA 5/8" | C25: KG | D25: 1.05 | E25: =MAT!E142 -> 7238.8889 | F25: =D25*E25 -> 7600.8333
F26: =D26*E26 -> 0
F27: =D27*E27 -> 0
F28: =D28*E28 -> 0
F29: =D29*E29 -> 0
F30: =D30*E30 -> 0
F31: =D31*E31 -> 0
A32: TOTAL MATERIALES: | F32: =SUM(F24:F31) -> 7738.7157
A34: TRANSPORTE
A35: MATERIAL | B35: Vol - peso o cant | C35: DIST | D35: M3-KM | E35: TARIFA | F35: VR. UNITARIO
A36: TRANSPORTE | F36: =C36*D36*E36 -> 0
F37: =C37*D37*E37 -> 0
A38: TOTAL TRANSPORTE: | F38: =SUM(F36:F37) -> 0
A40: MANO DE OBRA
A41: DESCRIPCIÓN | C41: UNIDAD | D41: VALOR HR | E41: REND | F41: VR. PARCIAL
A42: =M.O!B63 -> MANO DE OBRA A (1 OF Y 1 AYUD) | C42: HR | D42: =M.O!F70 -> 38472 | E42: 0.03 | F42: =D42*E42 -> 1154.16
F43: =D43*E43 -> 0
F44: =D44*E44 -> 0
F45: =D45*E45 -> 0
A46: TOTAL MANO DE OBRA: | F46: =SUM(F42:F45) -> 1154.16
A48: VALOR UNITARIO TOTAL | F48: =ROUND(SUM(F32+F46+F20+F38),0) -> 9301
A52: KAREN TATIANA GUTIERREZ V. | D52: HECTOR HORACIO GAITAN G.
A53: Profesional de apoyo | D53: Secretario de Planeaicon e Infraestructura

Sheet A4,1 -B4,1-C5,1-F6,1
A7: ANALISIS DE PRECIOS UNITARIOS
A9: CAPITULO: | B9: ='PRESUPUESTO OFICIAL (Entidad)'!C26 -> MAMPOSTERIA | E9: UNIDAD: | F9: ='PRESUPUESTO OFICIAL (Entidad)'!D27 -> M2
A10: ITEM: | B10: ='PRESUPUESTO OFICIAL (Entidad)'!C27 -> Construccion de Muro en Bloque de arcilla #5 (12x20x30cm) Incluye mortero de pega y bloque.
B11: A4,1 | C11: B4,1 | D11: C5,1 | E11: F6,1
A13: HERRAMIENTA Y EQUIPO
A14: DESCRIPCIÓN | C14: UNIDAD | D14: CANT. | E14: V. UNIT | F14: VR. PARCIAL
A15: HERRAMIENTA MENOR (5% M.O) | C15: % | D15: =5/100 -> 0.05 | E15: =F46 -> 19236 | F15: =D15*E15 -> 961.8
A16: ANDAMIO TUBULAR 1.5 X 1.5 | C16: DIA | D16: 0.3 | E16: =EQ!F14 -> 3000 | F16: =D16*E16 -> 900
F17: =D17*E17 -> 0
F18: =D18*E18 -> 0
F19: =D19*E19 -> 0
A20: SUB-TOTAL HERRAMIENTA Y EQUIPO: | F20: =SUM(F15:F19) -> 1861.8
A22: MATERIALES
A23: DESCRIPCIÓN | C23: UND | D23: CANTIDAD | E23: VR. UNITARIO | F23: VR. PARCIAL
A24: BLOQUE HUECO No. 5 12X20X30 | C24: UND | D24: 16 | E24: =MAT!E49 -> 1950 | F24: =D24*E24 -> 31200
A25: MORTERO 1:4 | C25: M3 | D25: 0.018 | E25: =MAT!E31 -> 442836 | F25: =D25*E25 -> 7971.048
F26: =D26*E26 -> 0
F27: =D27*E27 -> 0
F28: =D28*E28 -> 0
F29: =D29*E29 -> 0
F30: =D30*E30 -> 0
F31: =D31*E31 -> 0
A32: TOTAL MATERIALES: | F32: =SUM(F24:F31) -> 39171.048
A34: TRANSPORTE
A35: MATERIAL | B35: Vol - peso o cant | C35: DIST | D35: M3-KM | E35: TARIFA | F35: VR. UNITARIO
A36: TRANSPORTE | B36: 16 | C36: 8 | D36: =B36*C36 -> 128 | E36: 50 | F36: =C36*E36 -> 400
F37: =C37*D37*E37 -> 0
A38: TOTAL TRANSPORTE: | F38: =SUM(F36:F37) -> 400
A40: MANO DE OBRA
A41: DESCRIPCIÓN | C41: UNIDAD | D41: VALOR HR | E41: REND | F41: VR. PARCIAL
A42: =M.O!B63 -> MANO DE OBRA A (1 OF Y 1 AYUD) | C42: HR | D42: =M.O!F70 -> 38472 | E42: 0.5 | F42: =D42*E42 -> 19236
F43: =D43*E43 -> 0
F44: =D44*E44 -> 0
F45: =D45*E45 -> 0
A46: TOTAL MANO DE OBRA: | F46: =SUM(F42:F45) -> 19236
A48: VALOR UNITARIO TOTAL | F48: =ROUND(SUM(F32+F46+F20+F38),0) -> 60669
A52: KAREN TATIANA GUTIERREZ V. | D52: HECTOR HORACIO GAITAN G.
A53: Profesional de apoyo | D53: Secretario de Planeaicon e Infraestructura

Sheet A4,2-F6,2
A7: ANALISIS DE PRECIOS UNITARIOS
A9: CAPITULO: | B9: ='PRESUPUESTO OFICIAL (Entidad)'!C26 -> MAMPOSTERIA | E9: UNIDAD: | F9: ='PRESUPUESTO OFICIAL (Entidad)'!D28 -> ML
A10: ITEM: | B10: ='PRESUPUESTO OFICIAL (Entidad)'!C28 -> Construccion de Mesón en concreto 3000 psi, a=0,60, e=0.10 enchapado, inc. Acero (1Ø1/2"c.015 ambos sentidos).
B11: A4,2 | C11: F6,2
A13: HERRAMIENTA Y EQUIPO
A14: DESCRIPCIÓN | C14: UNIDAD | D14: CANT. | E14: V. UNIT | F14: VR. PARCIAL
A15: HERRAMIENTA MENOR (5% M.O) | C15: % | D15: =5/100 -> 0.05 | E15: =F46 -> 130420.08 | F15: =D15*E15 -> 6521.004
F16: =D16*E16 -> 0
F17: =D17*E17 -> 0
F18: =D18*E18 -> 0
F19: =D19*E19 -> 0
A20: SUB-TOTAL HERRAMIENTA Y EQUIPO: | F20: =SUM(F15:F19) -> 6521.004
A22: MATERIALES
A23: DESCRIPCIÓN | C23: UND | D23: CANTIDAD | E23: VR. UNITARIO | F23: VR. PARCIAL
A24: CONCRETO DE 3000 PSI | C24: M3 | D24: 0.06 | E24: =MAT!E25 -> 607218 | F24: =D24*E24 -> 36433.08 | I24: LONGITUD | J24: CANTIDAD | K24: PESO (KG/ML) | L24: KG | M24: TRASLAPO O GANCHOS
A25: VARILLA 1/2" | C25: KG | D25: =M25 -> 12.5244 | E25: =MAT!E139 -> 4618.0556 | F25: =D25*E25 -> 57838.375 | H25: 1/2" | I25: 1 | J25: 12 | K25: 0.994 | L25: =I25*J25*K25 -> 11.928 | M25: =(L25*0.05)+L25 -> 12.5244
A26: ALAMBRE NEGRO C. 18 | C26: KG | D26: 0.26 | E26: =MAT!E41 -> 6894.1167 | F26: =D26*E26 -> 1792.4703
A27: MORTERO 1:4 | C27: M3 | D27: 0.02 | E27: =MAT!E31 -> 442836 | F27: =D27*E27 -> 8856.72
A28: FORMALETA MADERA | C28: M2 | D28: 0.1 | E28: =MAT!E81 -> 35900 | F28: =D28*E28 -> 3590
A29: CEMENTO BLANCO | C29: KG | D29: 1 | E29: =MAT!E61 -> 3000 | F29: =D29*E29 -> 3000
A30: CERAMICA COCINA | C30: M2 | D30: 0.75 | E30: =MAT!E62 -> 59500 | F30: =D30*E30 -> 44625
A31: DILATACION EN PVC O ALUMINIO | C31: ML | D31: 1.8 | E31: =MAT!E76 -> 4900 | F31: =D31*E31 -> 8820
A32: TOTAL MATERIALES: | F32: =SUM(F24:F31) -> 164955.65
A34: TRANSPORTE
A35: MATERIAL | B35: Vol - peso o cant | C35: DIST | D35: M3-KM | E35: TARIFA | F35: VR. UNITARIO
F36: =C36*D36*E36 -> 0
F37: =C37*D37*E37 -> 0
A38: TOTAL TRANSPORTE: | F38: =SUM(F36:F37) -> 0
A40: MANO DE OBRA
A41: DESCRIPCIÓN | C41: UNIDAD | D41: VALOR HR | E41: REND | F41: VR. PARCIAL
A42: =M.O!B63 -> MANO DE OBRA A (1 OF Y 1 AYUD) | C42: HR | D42: =M.O!F70 -> 38472 | E42: 3.39 | F42: =D42*E42 -> 130420.08
F43: =D43*E43 -> 0
F44: =D44*E44 -> 0
F45: =D45*E45 -> 0
A46: TOTAL MANO DE OBRA: | F46: =SUM(F42:F45) -> 130420.08
A48: VALOR UNITARIO TOTAL | F48: =ROUND(SUM(F32+F46+F20+F38),0) -> 301897
A52: KAREN TATIANA GUTIERREZ V. | D52: HECTOR HORACIO GAITAN G.
A53: Profesional de apoyo | D53: Secretario de Planeaicon e Infraestructura

Sheet A4,3-C5,2
A7: ANALISIS DE PRECIOS UNITARIOS
A9: CAPITULO: | B9: ='PRESUPUESTO OFICIAL (Entidad)'!C26 -> MAMPOSTERIA | E9: UNIDAD: | F9: ='PRESUPUESTO OFICIAL (Entidad)'!D29 -> ML
A10: ITEM: | B10: ='PRESUPUESTO OFICIAL (Entidad)'!C29 -> Construccion de Alfajía en Concreto 3000 PSI, E= 0.15X0.25 MTS – Incluye: Acero de refuerzo de 60000 PSI (2Ø3/8" refuerzo y E=Ø1/4" c. 0,35 m).
B11: A4,3 | C11: C5,2
A13: HERRAMIENTA Y EQUIPO
A14: DESCRIPCIÓN | C14: UNIDAD | D14: CANT. | E14: V. UNIT | F14: VR. PARCIAL
A15: HERRAMIENTA MENOR (5% M.O) | C15: % | D15: =5/100 -> 0.05 | E15: =F46 -> 53860.8 | F15: =D15*E15 -> 2693.04
F16: =D16*E16 -> 0
F17: =D17*E17 -> 0
F18: =D18*E18 -> 0
F19: =D19*E19 -> 0
A20: SUB-TOTAL HERRAMIENTA Y EQUIPO: | F20: =SUM(F15:F19) -> 2693.04
A22: MATERIALES
A23: DESCRIPCIÓN | C23: UND | D23: CANTIDAD | E23: VR. UNITARIO | F23: VR. PARCIAL
A24: CONCRETO DE 3000 PSI | C24: M3 | D24: =0.15*0.25 -> 0.0375 | E24: =MAT!E25 -> 607218 | F24: =D24*E24 -> 22770.675 | I24: LONGITUD | J24: CANTIDAD | K24: PESO (KG/ML) | L24: KG | M24: TRASLAPO O GANCHOS
A25: VARILLA CORRUGADA 3/8" | C25: KG | D25: =M25 -> 1.1648 | E25: =MAT!E141 -> 2685.7492 | F25: =D25*E25 -> 3128.3606 | H25: 3/8" | I25: 1 | J25: 2 | K25: 0.56 | L25: =I25*J25*K25 -> 1.12 | M25: =(L25*0.04)+L25 -> 1.1648
A26: VARILLA CORRUGADA 1/4" | C26: KG | D26: =L26 -> 0.2625 | E26: =MAT!E140 -> 1458.3333 | F26: =D26*E26 -> 382.8125 | H26: 1/4" | I26: 0.35 | J26: 3 | K26: 0.25 | L26: =I26*J26*K26 -> 0.2625
A27: ALAMBRE NEGRO C. 18 | C27: KG | D27: 0.03 | E27: =MAT!E41 -> 6894.1167 | F27: =D27*E27 -> 206.8235 | L27: =M25+L26 -> 1.4273
A28: FORMALETA MADERA | C28: M2 | D28: 0.06 | E28: =MAT!E81 -> 35900 | F28: =D28*E28 -> 2154
F29: =D30*E30 -> 0
F30: =D31*E31 -> 0
F31: =D31*E31 -> 0
A32: TOTAL MATERIALES: | F32: =SUM(F24:F31) -> 28642.672
A34: TRANSPORTE
A35: MATERIAL | B35: Vol - peso o cant | C35: DIST | D35: M3-KM | E35: TARIFA | F35: VR. UNITARIO
F36: =C36*D36*E36 -> 0
F37: =C37*D37*E37 -> 0
A38: TOTAL TRANSPORTE: | F38: =SUM(F36:F37) -> 0
A40: MANO DE OBRA
A41: DESCRIPCIÓN | C41: UNIDAD | D41: VALOR HR | E41: REND | F41: VR. PARCIAL
A42: =M.O!B63 -> MANO DE OBRA A (1 OF Y 1 AYUD) | C42: HR | D42: =M.O!F70 -> 38472 | E42: 1.4 | F42: =D42*E42 -> 53860.8
F43: =D43*E43 -> 0
F44: =D44*E44 -> 0
F45: =D45*E45 -> 0
A46: TOTAL MANO DE OBRA: | F46: =SUM(F42:F45) -> 53860.8
A48: VALOR UNITARIO TOTAL | F48: =ROUND(SUM(F32+F46+F20+F38),0) -> 85197
A52: KAREN TATIANA GUTIERREZ V. | D52: HECTOR HORACIO GAITAN G.
A53: Profesional de apoyo | D53: Secretario de Planeaicon e Infraestructura

Sheet A5,1-C4,1
A7: ANALISIS DE PRECIOS UNITARIOS
A9: CAPITULO: | B9: ='PRESUPUESTO OFICIAL (Entidad)'!C30 -> ESTRUCTURA | E9: UNIDAD: | F9: ='PRESUPUESTO OFICIAL (Entidad)'!D31 -> ML
A10: ITEM: | B10: ='PRESUPUESTO OFICIAL (Entidad)'!C31 -> Viga aérea en concreto de 3000 PSI. (0,30*0,30mts). Incluye acero de refuerzo fy= 60000 PSI. (4Ø5/8" refuerzo y E=Ø3/8" c./d. 0,10 mts).
B11: A5,1 | C11: C4,1
A13: HERRAMIENTA Y EQUIPO
A14: DESCRIPCIÓN | C14: UNIDAD | D14: CANT. | E14: V. UNIT | F14: VR. PARCIAL
A15: HERRAMIENTA MENOR (5% M.O) | C15: % | D15: =5/100 -> 0.05 | E15: =F46 -> 53860.8 | F15: =D15*E15 -> 2693.04
A16: VIBRADOR CONCRETO | C16: DIA | D16: 0.03 | E16: =EQ!F21 -> 50000 | F16: =D16*E16 -> 1500
A17: ANDAMIO TUBULAR 1.5 X 1.5 | C17: DIA | D17: 1.4 | E17: =EQ!F14 -> 3000 | F17: =D17*E17 -> 4200
F18: =D18*E18 -> 0
F19: =D19*E19 -> 0
A20: SUB-TOTAL HERRAMIENTA Y EQUIPO: | F20: =SUM(F15:F19) -> 8393.04
A22: MATERIALES
A23: DESCRIPCIÓN | C23: UND | D23: CANTIDAD | E23: VR. UNITARIO | F23: VR. PARCIAL
A24: CONCRETO DE 3000 PSI | C24: M3 | D24: =0.3*0.3 -> 0.09 | E24: =MAT!E25 -> 607218 | F24: =D24*E24 -> 54649.62
A25: FORMALETA MADERA | C25: M2 | D25: 0.16 | E25: =MAT!E81 -> 35900 | F25: =D25*E25 -> 5744 | I25: LONGITUD | J25: CANTIDAD | K25: PESO (KG/ML) | L25: KG | M25: TRASLAPO O GANCHOS
A26: VARILLA CORRUGADA 5/8" | C26: KG | D26: =M26 -> 6.61152 | E26: =MAT!E142 -> 7238.8889 | F26: =D26*E26 -> 47860.059 | H26: 5/8" | I26: 1 | J26: =1*4 -> 4 | K26: 1.552 | L26: =I26*J26*K26 -> 6.208 | M26: =(L26*0.065)+L26 -> 6.61152
A27: VARILLA CORRUGADA 3/8" | C27: KG | D27: =L27 -> 6.944 | E27: =MAT!E141 -> 2685.7492 | F27: =D27*E27 -> 18649.842 | H27: 3/8" | I27: 1.24 | J27: =1/0.1 -> 10 | K27: 0.56 | L27: =I27*J27*K27 -> 6.944
F28: =D28*E28 -> 0
F29: =D29*E29 -> 0
F30: =D30*E30 -> 0
F31: =D31*E31 -> 0
A32: TOTAL MATERIALES: | F32: =SUM(F24:F31) -> 126903.52
A34: TRANSPORTE
A35: MATERIAL | B35: Vol - peso o cant | C35: DIST | D35: M3-KM | E35: TARIFA | F35: VR. UNITARIO
F36: =C36*D36*E36 -> 0
F37: =C37*D37*E37 -> 0
A38: TOTAL TRANSPORTE: | F38: =SUM(F36:F37) -> 0
A40: MANO DE OBRA
A41: DESCRIPCIÓN | C41: UNIDAD | D41: VALOR HR | E41: REND | F41: VR. PARCIAL
A42: =M.O!B63 -> MANO DE OBRA A (1 OF Y 1 AYUD) | C42: HR | D42: =M.O!F70 -> 38472 | E42: 1.4 | F42: =D42*E42 -> 53860.8
F43: =D43*E43 -> 0
F44: =D44*E44 -> 0
F45: =D45*E45 -> 0
A46: TOTAL MANO DE OBRA: | F46: =SUM(F42:F45) -> 53860.8
A48: VALOR UNITARIO TOTAL | F48: =ROUND(SUM(F32+F46+F20+F38),0) -> 189157
A52: KAREN TATIANA GUTIERREZ V. | D52: HECTOR HORACIO GAITAN G.
A53: Profesional de apoyo | D53: Secretario de Planeaicon e Infraestructura

Sheet A5,2
A7: ANALISIS DE PRECIOS UNITARIOS
A9: CAPITULO: | B9: ='PRESUPUESTO OFICIAL (Entidad)'!C30 -> ESTRUCTURA | E9: UNIDAD: | F9: ='PRESUPUESTO OFICIAL (Entidad)'!D32 -> ML
A10: ITEM: | B10: ='PRESUPUESTO OFICIAL (Entidad)'!C32 -> Columna en concreto de 3000 PSI (0.30x0.30mts). Incluye acero de refuerzo de 60000 PSI (6Ø5/8", refuerzo y E=Ø3/8" c./d. 0,10 mts Y 0,15 mts).
B11: A5,2
A13: HERRAMIENTA Y EQUIPO
A14: DESCRIPCIÓN | C14: UNIDAD | D14: CANT. | E14: V. UNIT | F14: VR. PARCIAL
A15: HERRAMIENTA MENOR (5% M.O) | C15: % | D15: =5/100 -> 0.05 | E15: =F46 -> 46166.4 | F15: =D15*E15 -> 2308.32
A16: VIBRADOR CONCRETO | C16: HR | D16: 0.02 | E16: =EQ!F21 -> 50000 | F16: =D16*E16 -> 1000
A17: ANDAMIO TUBULAR 1.5 X 1.5 | C17: DIA | D17: 1.4 | E17: =EQ!F14 -> 3000 | F17: =D17*E17 -> 4200
F18: =D18*E18 -> 0
F19: =D19*E19 -> 0
A20: SUB-TOTAL HERRAMIENTA Y EQUIPO: | F20: =SUM(F15:F19) -> 7508.32
A22: MATERIALES
A23: DESCRIPCIÓN | C23: UND | D23: CANTIDAD | E23: VR. UNITARIO | F23: VR. PARCIAL
A24: CONCRETO DE 3000 PSI | C24: M3 | D24: =0.3*0.3 -> 0.09 | E24: =MAT!E25 -> 607218 | F24: =D24*E24 -> 54649.62 | I24: LONGITUD | J24: CANTIDAD | K24: PESO (KG/ML) | L24: KG | M24: TRASLAPO O GANCHOS
A25: FORMALETA MADERA | C25: M2 | D25: 0.18 | E25: =MAT!E81 -> 35900 | F25: =D25*E25 -> 6462 | H25: 5/8" | I25: 1 | J25: 6 | K25: 1.552 | L25: =I25*J25*K25 -> 9.312 | M25: =(L25*0.065)+L25 -> 9.91728
A26: VARILLA CORRUGADA 5/8" | C26: KG | D26: =M25 -> 9.91728 | E26: =MAT!E142 -> 7238.8889 | F26: =D26*E26 -> 71790.088 | H26: 3/8" | I26: 1.12 | J26: =1/0.1 -> 10 | K26: 0.56 | L26: =I26*J26*K26 -> 6.272
A27: VARILLA CORRUGADA 3/8" | C27: KG | D27: =L26 -> 6.272 | E27: =MAT!E141 -> 2685.7492 | F27: =D27*E27 -> 16845.019
F28: =D28*E28 -> 0
F29: =D29*E29 -> 0
F30: =D30*E30 -> 0
F31: =D31*E31 -> 0
A32: TOTAL MATERIALES: | F32: =SUM(F24:F31) -> 149746.73
A34: TRANSPORTE
A35: MATERIAL | B35: Vol - peso o cant | C35: DIST | D35: M3-KM | E35: TARIFA | F35: VR. UNITARIO
F36: =C36*D36*E36 -> 0
F37: =C37*D37*E37 -> 0
A38: TOTAL TRANSPORTE: | F38: =SUM(F36:F37) -> 0
A40: MANO DE OBRA
A41: DESCRIPCIÓN | C41: UNIDAD | D41: VALOR HR | E41: REND | F41: VR. PARCIAL
A42: =M.O!B63 -> MANO DE OBRA A (1 OF Y 1 AYUD) | C42: HR | D42: =M.O!F70 -> 38472 | E42: 1.2 | F42: =D42*E42 -> 46166.4
F43: =D43*E43 -> 0
F44: =D44*E44 -> 0
F45: =D45*E45 -> 0
A46: TOTAL MANO DE OBRA: | F46: =SUM(F42:F45) -> 46166.4
A48: VALOR UNITARIO TOTAL | F48: =ROUND(SUM(F32+F46+F20+F38),0) -> 203421
A52: KAREN TATIANA GUTIERREZ V. | D52: HECTOR HORACIO GAITAN G.
A53: Profesional de apoyo | D53: Secretario de Planeaicon e Infraestructura

Sheet A5,3
A7: ANALISIS DE PRECIOS UNITARIOS
A9: CAPITULO: | B9: ='PRESUPUESTO OFICIAL (Entidad)'!C30 -> ESTRUCTURA | E9: UNIDAD: | F9: ='PRESUPUESTO OFICIAL (Entidad)'!D33 -> ML
A10: ITEM: | B10: ='PRESUPUESTO OFICIAL (Entidad)'!C33 -> Columna de confinamiento (0,20x0,15mts) en concreto de 3000 PSI. Incluye refuerzo de 6000 PSI ( 4Ø 1/2" refuerzo y E=Ø 1/4" c./d. 0,10 mts).
B11: A5,3
A13: HERRAMIENTA Y EQUIPO
A14: DESCRIPCIÓN | C14: UNIDAD | D14: CANT. | E14: V. UNIT | F14: VR. PARCIAL
A15: HERRAMIENTA MENOR (5% M.O) | C15: % | D15: =5/100 -> 0.05 | E15: =F46 -> 38472 | F15: =D15*E15 -> 1923.6
A16: VIBRADOR CONCRETO | C16: DIA | D16: 0.02 | E16: =EQ!F21 -> 50000 | F16: =D16*E16 -> 1000
A17: ANDAMIO TUBULAR 1.5 X 1.5 | C17: DIA | D17: 0.5 | E17: =EQ!F14 -> 3000 | F17: =D17*E17 -> 1500
F18: =D18*E18 -> 0
F19: =D19*E19 -> 0
A20: SUB-TOTAL HERRAMIENTA Y EQUIPO: | F20: =SUM(F15:F19) -> 4423.6
A22: MATERIALES
A23: DESCRIPCIÓN | C23: UND | D23: CANTIDAD | E23: VR. UNITARIO | F23: VR. PARCIAL
A24: CONCRETO DE 3000 PSI | C24: M3 | D24: =0.2*0.15 -> 0.03 | E24: =MAT!E25 -> 607218 | F24: =D24*E24 -> 18216.54 | I24: LONGITUD | J24: CANTIDAD | K24: PESO (KG/ML) | L24: KG | M24: TRASLAPO O GANCHOS
A25: VARILLA CORRUGADA 1/2" | C25: KG | D25: =M25 -> 4.1748 | E25: =MAT!E139 -> 4618.0556 | F25: =D25*E25 -> 19279.458 | H25: 1/2" | I25: 1 | J25: 4 | K25: 0.994 | L25: =I25*J25*K25 -> 3.976 | M25: =(L25*0.05)+L25 -> 4.1748
A26: VARILLA CORRUGADA 1/4" | C26: KG | D26: =L26 -> 1.85 | E26: =MAT!E140 -> 1458.3333 | F26: =D26*E26 -> 2697.9167 | H26: 1/4" | I26: 0.74 | J26: =1/0.1 -> 10 | K26: 0.25 | L26: =I26*J26*K26 -> 1.85
A27: FORMALETA MADERA | C27: M2 | D27: 0.12 | E27: =MAT!E81 -> 35900 | F27: =D27*E27 -> 4308
F28: =D28*E28 -> 0
F29: =D29*E29 -> 0
F30: =D30*E30 -> 0
F31: =D31*E31 -> 0
A32: TOTAL MATERIALES: | F32: =SUM(F24:F31) -> 44501.915
A34: TRANSPORTE
A35: MATERIAL | B35: Vol - peso o cant | C35: DIST | D35: M3-KM | E35: TARIFA | F35: VR. UNITARIO
F36: =C36*D36*E36 -> 0
F37: =C37*D37*E37 -> 0
A38: TOTAL TRANSPORTE: | F38: =SUM(F36:F37) -> 0
A40: MANO DE OBRA
A41: DESCRIPCIÓN | C41: UNIDAD | D41: VALOR HR | E41: REND | F41: VR. PARCIAL
A42: =M.O!B63 -> MANO DE OBRA A (1 OF Y 1 AYUD) | C42: HR | D42: =M.O!F70 -> 38472 | E42: 1 | F42: =D42*E42 -> 38472
F43: =D43*E43 -> 0
F44: =D44*E44 -> 0
F45: =D45*E45 -> 0
A46: TOTAL MANO DE OBRA: | F46: =SUM(F42:F45) -> 38472
A48: VALOR UNITARIO TOTAL | F48: =ROUND(SUM(F32+F46+F20+F38),0) -> 87398
A52: KAREN TATIANA GUTIERREZ V. | D52: HECTOR HORACIO GAITAN G.
A53: Profesional de apoyo | D53: Secretario de Planeaicon e Infraestructura

Sheet A5,4
A7: ANALISIS DE PRECIOS UNITARIOS
A9: CAPITULO: | B9: ='PRESUPUESTO OFICIAL (Entidad)'!C30 -> ESTRUCTURA | E9: UNIDAD: | F9: ='PRESUPUESTO OFICIAL (Entidad)'!D34 -> ML
A10: ITEM: | B10: ='PRESUPUESTO OFICIAL (Entidad)'!C34 -> Viga cinta en concreto 3000 PSI ( 0.10x0.20mts). Incluye acero (2Ø3/8" refuerzo y E=Ø1/4" c/d. 0,10mts).
B11: A5,4
A13: HERRAMIENTA Y EQUIPO
A14: DESCRIPCIÓN | C14: UNIDAD | D14: CANT. | E14: V. UNIT | F14: VR. PARCIAL
A15: HERRAMIENTA MENOR (5% M.O) | C15: % | D15: =5/100 -> 0.05 | E15: =F46 -> 38472 | F15: =D15*E15 -> 1923.6
A16: ANDAMIO TUBULAR 1.5 X 1.5 | C16: DIA | D16: 0.35 | E16: =EQ!F14 -> 3000 | F16: =D16*E16 -> 1050
F17: =D17*E17 -> 0
F18: =D18*E18 -> 0
F19: =D19*E19 -> 0
A20: SUB-TOTAL HERRAMIENTA Y EQUIPO: | F20: =SUM(F15:F19) -> 2973.6
A22: MATERIALES
A23: DESCRIPCIÓN | C23: UND | D23: CANTIDAD | E23: VR. UNITARIO | F23: VR. PARCIAL
A24: CONCRETO DE 3000 PSI | C24: M3 | D24: =0.1*0.2 -> 0.02 | E24: =MAT!E25 -> 607218 | F24: =D24*E24 -> 12144.36 | I24: LONGITUD | J24: CANTIDAD | K24: PESO (KG/ML) | L24: KG | M24: TRASLAPO O GANCHOS
A25: VARILLA CORRUGADA 3/8" | C25: KG | D25: =M25 -> 1.1648 | E25: =MAT!E141 -> 2685.7492 | F25: =D25*E25 -> 3128.3606 | H25: 3/8" | I25: 1 | J25: 2 | K25: 0.56 | L25: =I25*J25*K25 -> 1.12 | M25: =(L25*0.04)+L25 -> 1.1648
A26: VARILLA CORRUGADA 1/4" | C26: KG | D26: =L26 -> 0.875 | E26: =MAT!E140 -> 1458.3333 | F26: =D26*E26 -> 1276.0417 | H26: 1/4" | I26: 0.35 | J26: =1/0.1 -> 10 | K26: 0.25 | L26: =I26*J26*K26 -> 0.875
A27: FORMALETA MADERA | C27: M2 | D27: 0.1 | E27: =MAT!E81 -> 35900 | F27: =D27*E27 -> 3590
F28: =D28*E28 -> 0
F29: =D29*E29 -> 0
F30: =D30*E30 -> 0
F31: =D31*E31 -> 0
A32: TOTAL MATERIALES: | F32: =SUM(F24:F31) -> 20138.762
A34: TRANSPORTE
A35: MATERIAL | B35: Vol - peso o cant | C35: DIST | D35: M3-KM | E35: TARIFA | F35: VR. UNITARIO
F36: =C36*D36*E36 -> 0
F37: =C37*D37*E37 -> 0
A38: TOTAL TRANSPORTE: | F38: =SUM(F36:F37) -> 0
A40: MANO DE OBRA
A41: DESCRIPCIÓN | C41: UNIDAD | D41: VALOR HR | E41: REND | F41: VR. PARCIAL
A42: =M.O!B63 -> MANO DE OBRA A (1 OF Y 1 AYUD) | C42: HR | D42: =M.O!F70 -> 38472 | E42: 1 | F42: =D42*E42 -> 38472
F43: =D43*E43 -> 0
F44: =D44*E44 -> 0
F45: =D45*E45 -> 0
A46: TOTAL MANO DE OBRA: | F46: =SUM(F42:F45) -> 38472
A48: VALOR UNITARIO TOTAL | F48: =ROUND(SUM(F32+F46+F20+F38),0) -> 61584
A52: KAREN TATIANA GUTIERREZ V. | D52: HECTOR HORACIO GAITAN G.
A53: Profesional de apoyo | D53: Secretario de Planeaicon e Infraestructura

Sheet A5,5-B5,4
A7: ANALISIS DE PRECIOS UNITARIOS
A9: CAPITULO: | B9: ='PRESUPUESTO OFICIAL (Entidad)'!C30 -> ESTRUCTURA | E9: UNIDAD: | F9: ='PRESUPUESTO OFICIAL (Entidad)'!D35 -> M2
A10: ITEM: | B10: ='PRESUPUESTO OFICIAL (Entidad)'!C35 -> Construccion de Placa aerea en concreto armado de 3000 psi e = 10 cm.
B11: A5,5 | C11: B5,4
A13: HERRAMIENTA Y EQUIPO
A14: DESCRIPCIÓN | C14: UNIDAD | D14: CANT. | E14: V. UNIT | F14: VR. PARCIAL
A15: HERRAMIENTA MENOR (5% M.O) | C15: % | D15: =5/100 -> 0.05 | E15: =F46 -> 65402.4 | F15: =D15*E15 -> 3270.12
F16: =D16*E16 -> 0
F17: =D17*E17 -> 0
F18: =D18*E18 -> 0
F19: =D19*E19 -> 0
A20: SUB-TOTAL HERRAMIENTA Y EQUIPO: | F20: =SUM(F15:F19) -> 3270.12
A22: MATERIALES
A23: DESCRIPCIÓN | C23: UND | D23: CANTIDAD | E23: VR. UNITARIO | F23: VR. PARCIAL
A24: CONCRETO DE 3000 PSI | C24: M3 | D24: =1.2*1.2*0.15 -> 0.216 | E24: =MAT!E25 -> 607218 | F24: =D24*E24 -> 131159.09 | I24: LONGITUD | J24: CANTIDAD | K24: PESO (KG/ML) | L24: KG
A25: VARILLA CORRUGADA 1/2" | C25: KG | D25: =L25 -> 25.0488 | E25: =MAT!E139 -> 4618.0556 | F25: =D25*E25 -> 115676.75 | H25: 1/2" | I25: 1.4 | J25: 18 | K25: 0.994 | L25: =I25*J25*K25 -> 25.0488
A26: FORMALETA MADERA | C26: M2 | D26: 0.5 | E26: =MAT!E81 -> 35900 | F26: =D26*E26 -> 17950
F27: =D27*E27 -> 0
F28: =D28*E28 -> 0
F29: =D29*E29 -> 0
F30: =D30*E30 -> 0
F31: =D31*E31 -> 0
A32: TOTAL MATERIALES: | F32: =SUM(F24:F31) -> 264785.84
A34: TRANSPORTE
A35: MATERIAL | B35: Vol - peso o cant | C35: DIST | D35: M3-KM | E35: TARIFA | F35: VR. UNITARIO
F36: =C36*D36*E36 -> 0
F37: =C37*D37*E37 -> 0
A38: TOTAL TRANSPORTE: | F38: =SUM(F36:F37) -> 0
A40: MANO DE OBRA
A41: DESCRIPCIÓN | C41: UNIDAD | D41: VALOR HR | E41: REND | F41: VR. PARCIAL
A42: =M.O!B63 -> MANO DE OBRA A (1 OF Y 1 AYUD) | C42: HR | D42: =M.O!F70 -> 38472 | E42: 1.7 | F42: =D42*E42 -> 65402.4
F43: =D43*E43 -> 0
F44: =D44*E44 -> 0
F45: =D45*E45 -> 0
A46: TOTAL MANO DE OBRA: | F46: =SUM(F42:F45) -> 65402.4
A48: VALOR UNITARIO TOTAL | F48: =ROUND(SUM(F32+F46+F20+F38),0) -> 333458
A52: KAREN TATIANA GUTIERREZ V. | D52: HECTOR HORACIO GAITAN G.
A53: Profesional de apoyo | D53: Secretario de Planeaicon e Infraestructura

Sheet A6,1-C6,7
A7: ANALISIS DE PRECIOS UNITARIOS
A9: CAPITULO: | B9: ='PRESUPUESTO OFICIAL (Entidad)'!C36 -> INSTALACIONES ELÉCTRICAS | E9: UNIDAD: | F9: ='PRESUPUESTO OFICIAL (Entidad)'!D37 -> UND
A10: ITEM: | B10: ='PRESUPUESTO OFICIAL (Entidad)'!C37 -> Suministro e instalación de Tablero monofásico 4 circuitos.
B11: A6,1 | C11: C6,7
A13: HERRAMIENTA Y EQUIPO
A14: DESCRIPCIÓN | C14: UNIDAD | D14: CANT. | E14: V. UNIT | F14: VR. PARCIAL
A15: HERRAMIENTA MENOR (5% M.O) | C15: % | D15: =5/100 -> 0.05 | E15: =F46 -> 95024.7 | F15: =D15*E15 -> 4751.235
F16: =D16*E16 -> 0
F17: =D17*E17 -> 0
F18: =D18*E18 -> 0
F19: =D19*E19 -> 0
A20: SUB-TOTAL HERRAMIENTA Y EQUIPO: | F20: =SUM(F15:F19) -> 4751.235
A22: MATERIALES
A23: DESCRIPCIÓN | C23: UND | D23: CANTIDAD | E23: VR. UNITARIO | F23: VR. PARCIAL
A24: TABLERO 4 CIRCUITOS CERTIFICADO | C24: UND | D24: 1 | E24: =MAT!E118 -> 249900 | F24: =D24*E24 -> 249900
A25: BREAKERS 20 AMP 10 KA | C25: UND | D25: 2 | E25: =MAT!E53 -> 19500 | F25: =D25*E25 -> 39000
F26: =D26*E26 -> 0
F27: =D27*E27 -> 0
F28: =D28*E28 -> 0
F31: =D31*E31 -> 0
A32: TOTAL MATERIALES: | F32: =SUM(F24:F31) -> 288900
A34: TRANSPORTE
A35: MATERIAL | B35: Vol - peso o cant | C35: DIST | D35: M3-KM | E35: TARIFA | F35: VR. UNITARIO
F36: =C36*D36*E36 -> 0
F37: =C37*D37*E37 -> 0
A38: TOTAL TRANSPORTE: | F38: =SUM(F36:F37) -> 0
A40: MANO DE OBRA
A41: DESCRIPCIÓN | C41: UNIDAD | D41: VALOR HR | E41: REND | F41: VR. PARCIAL
A42: =M.O!B99 -> MANO DE OBRA ELECTRICA | C42: HR | D42: =M.O!F106 -> 50013 | E42: 1.9 | F42: =D42*E42 -> 95024.7
F43: =D43*E43 -> 0
F44: =D44*E44 -> 0
F45: =D45*E45 -> 0
A46: TOTAL MANO DE OBRA: | F46: =SUM(F42:F45) -> 95024.7
A48: VALOR UNITARIO TOTAL | F48: =ROUND(SUM(F32+F46+F20+F38),0) -> 388676
A52: KAREN TATIANA GUTIERREZ V. | D52: HECTOR HORACIO GAITAN G.
A53: Profesional de apoyo | D53: Secretario de Planeaicon e Infraestructura

Sheet A6,2-C6,2
A7: ANALISIS DE PRECIOS UNITARIOS
A9: CAPITULO: | B9: ='PRESUPUESTO OFICIAL (Entidad)'!C36 -> INSTALACIONES ELÉCTRICAS | E9: UNIDAD: | F9: ='PRESUPUESTO OFICIAL (Entidad)'!D38 -> UND
A10: ITEM: | B10: ='PRESUPUESTO OFICIAL (Entidad)'!C38 -> Suministro e instalación de Salida toma corriente doble 110 v.
B11: A6,2 | C11: C6,2
A13: HERRAMIENTA Y EQUIPO
A14: DESCRIPCIÓN | C14: UNIDAD | D14: CANT. | E14: V. UNIT | F14: VR. PARCIAL
A15: HERRAMIENTA MENOR (5% M.O) | C15: % | D15: =5/100 -> 0.05 | E15: =F47 -> 35009.1 | F15: =D15*E15 -> 1750.455
F16: =D16*E16 -> 0
F17: =D17*E17 -> 0
F18: =D18*E18 -> 0
F19: =D19*E19 -> 0
A20: SUB-TOTAL HERRAMIENTA Y EQUIPO: | F20: =SUM(F15:F19) -> 1750.455
A22: MATERIALES
A23: DESCRIPCIÓN | C23: UND | D23: CANTIDAD | E23: VR. UNITARIO | F23: VR. PARCIAL
A24: TUBO CONDUIT PVC 1/2" | C24: ML | D24: 0.5 | E24: =MAT!E129 -> 3586.8344 | F24: =D24*E24 -> 1793.4172
A25: ALAMBRE DE COBRE# 10 THWN | C25: ML | D25: 1.03 | E25: =MAT!E38 -> 6250 | F25: =D25*E25 -> 6437.5
A26: ALAMBRE DE COBRE# 14 THWN | C26: ML | D26: 1.03 | E26: =MAT!E40 -> 2000 | F26: =D26*E26 -> 2060
A27: ADAPTADOR TERMINAL PVC 1/2" | C27: UND | D27: 2 | E27: =MAT!E37 -> 500 | F27: =D27*E27 -> 1000
A28: CINTA AISLANTE | C28: UND | D28: 0.05 | E28: =MAT!E67 -> 4000 | F28: =D28*E28 -> 200
A29: SOLDADURA PVC [1/4 GAL) | C29: GAL | D29: 0.01 | E29: =MAT!E117 -> 67028.29 | F29: =D29*E29 -> 670.2829
A30: LIMPIADOR PVC (1/4 GL) | C30: GAL | D30: 0.01 | E30: =MAT!E92 -> 36952.94 | F30: =D30*E30 -> 369.5294
A31: CAJA GALVANIZADA DE 2X4 | C31: UND | D31: 1 | E31: =MAT!E56 -> 1350 | F31: =D31*E31 -> 1350
A32: TOMA CORRIENTE DOBLE P-T | C32: UND | D32: 1 | E32: =MAT!E126 -> 8250 | F32: =D32*E32 -> 8250
A33: TOTAL MATERIALES: | F33: =SUM(F24:F32) -> 22130.73
A35: TRANSPORTE
A36: MATERIAL | B36: Vol - peso o cant | C36: DIST | D36: M3-KM | E36: TARIFA | F36: VR. UNITARIO
F37: =C37*D37*E37 -> 0
F38: =C38*D38*E38 -> 0
A39: TOTAL TRANSPORTE: | F39: =SUM(F37:F38) -> 0
A41: MANO DE OBRA
A42: DESCRIPCIÓN | C42: UNIDAD | D42: VALOR HR | E42: REND | F42: VR. PARCIAL
A43: =M.O!B99 -> MANO DE OBRA ELECTRICA | C43: HR | D43: =M.O!F106 -> 50013 | E43: 0.7 | F43: =D43*E43 -> 35009.1
F44: =D44*E44 -> 0
F45: =D45*E45 -> 0
F46: =D46*E46 -> 0
A47: TOTAL MANO DE OBRA: | F47: =SUM(F43:F46) -> 35009.1
A49: VALOR UNITARIO TOTAL | F49: =ROUND(SUM(F33+F47+F20+F39),0) -> 58890
A53: KAREN TATIANA GUTIERREZ V. | D53: HECTOR HORACIO GAITAN G.
A54: Profesional de apoyo | D54: Secretario de Planeaicon e Infraestructura

Sheet A6,3
A7: ANALISIS DE PRECIOS UNITARIOS
A9: CAPITULO: | B9: ='PRESUPUESTO OFICIAL (Entidad)'!C36 -> INSTALACIONES ELÉCTRICAS | E9: UNIDAD: | F9: ='PRESUPUESTO OFICIAL (Entidad)'!D39 -> UND
A10: ITEM: | B10: ='PRESUPUESTO OFICIAL (Entidad)'!C39 -> Suministro e instalación de Salida Interruptor Sencillo 110 v.
B11: A6,3
A13: HERRAMIENTA Y EQUIPO
A14: DESCRIPCIÓN | C14: UNIDAD | D14: CANT. | E14: V. UNIT | F14: VR. PARCIAL
A15: HERRAMIENTA MENOR (5% M.O) | C15: % | D15: =5/100 -> 0.05 | E15: =F46 -> 17504.55 | F15: =D15*E15 -> 875.2275
F16: =D16*E16 -> 0
F17: =D17*E17 -> 0
F18: =D18*E18 -> 0
F19: =D19*E19 -> 0
A20: SUB-TOTAL HERRAMIENTA Y EQUIPO: | F20: =SUM(F15:F19) -> 875.2275
A22: MATERIALES
A23: DESCRIPCIÓN | C23: UND | D23: CANTIDAD | E23: VR. UNITARIO | F23: VR. PARCIAL
A24: TUBO CONDUIT PVC 1/2" | C24: ML | D24: 1.1 | E24: =MAT!E86 -> 800 | F24: =D24*E24 -> 880
A25: ALAMBRE DE COBRE# 12 THWN | C25: ML | D25: 2 | E25: =MAT!E39 -> 3096.3585 | F25: =D25*E25 -> 6192.7171
A26: ADAPTADOR TERMINAL PVC 1/2" | C26: UND | D26: 2 | E26: =MAT!E37 -> 500 | F26: =D26*E26 -> 1000
A27: CAJA PLASTICA 2X4 5800 | C27: UND | D27: 1 | E27: =MAT!E58 -> 690.75667 | F27: =D27*E27 -> 690.75667
A28: CINTA AISLANTE | C28: UND | D28: 0.04 | E28: =MAT!E67 -> 4000 | F28: =D28*E28 -> 160
A29: SOLDADURA PVC [1/4 GAL) | C29: GAL | D29: 0.002 | E29: =MAT!E117 -> 67028.29 | F29: =D29*E29 -> 134.05658
A30: LIMPIADOR PVC (1/4 GAL) | C30: GAL | D30: 0.002 | E30: =MAT!E92 -> 36952.94 | F30: =D30*E30 -> 73.90588
A31: INTERRRUPTOR SENCILLO | C31: UND | D31: 1 | E31: =MAT!E85 -> 5350 | F31: =D31*E31 -> 5350
A32: TOTAL MATERIALES: | F32: =SUM(F24:F31) -> 14481.436
A34: TRANSPORTE
A35: MATERIAL | B35: Vol - peso o cant | C35: DIST | D35: M3-KM | E35: TARIFA | F35: VR. UNITARIO
F36: =C36*D36*E36 -> 0
F37: =C37*D37*E37 -> 0
A38: TOTAL TRANSPORTE: | F38: =SUM(F36:F37) -> 0
A40: MANO DE OBRA
A41: DESCRIPCIÓN | C41: UNIDAD | D41: VALOR HR | E41: REND | F41: VR. PARCIAL
A42: =M.O!B99 -> MANO DE OBRA ELECTRICA | C42: HR | D42: =M.O!F106 -> 50013 | E42: 0.35 | F42: =D42*E42 -> 17504.55
F43: =D43*E43 -> 0
F44: =D44*E44 -> 0
F45: =D45*E45 -> 0
A46: TOTAL MANO DE OBRA: | F46: =SUM(F42:F45) -> 17504.55
A48: VALOR UNITARIO TOTAL | F48: =ROUND(SUM(F32+F46+F20+F38),0) -> 32861
A52: KAREN TATIANA GUTIERREZ V. | D52: HECTOR HORACIO GAITAN G.
A53: Profesional de apoyo | D53: Secretario de Planeaicon e Infraestructura

Sheet A6,4-B6,2-C6,3
A7: ANALISIS DE PRECIOS UNITARIOS
A9: CAPITULO: | B9: ='PRESUPUESTO OFICIAL (Entidad)'!C36 -> INSTALACIONES ELÉCTRICAS | E9: UNIDAD: | F9: ='PRESUPUESTO OFICIAL (Entidad)'!D40 -> UND
A10: ITEM: | B10: ='PRESUPUESTO OFICIAL (Entidad)'!C40 -> Suministro e instalación de Salida Interruptor Doble 110 v.
B11: A6,4 | C11: B6,2 | D11: C6,3
A13: HERRAMIENTA Y EQUIPO
A14: DESCRIPCIÓN | C14: UNIDAD | D14: CANT. | E14: V. UNIT | F14: VR. PARCIAL
A15: HERRAMIENTA MENOR (5% M.O) | C15: % | D15: =5/100 -> 0.05 | E15: =F46 -> 17504.55 | F15: =D15*E15 -> 875.2275
F16: =D16*E16 -> 0
F17: =D17*E17 -> 0
F18: =D18*E18 -> 0
F19: =D19*E19 -> 0
A20: SUB-TOTAL HERRAMIENTA Y EQUIPO: | F20: =SUM(F15:F19) -> 875.2275
A22: MATERIALES
A23: DESCRIPCIÓN | C23: UND | D23: CANTIDAD | E23: VR. UNITARIO | F23: VR. PARCIAL
A24: TUBO CONDUIT PVC 1/2" | C24: ML | D24: 1.1 | E24: =MAT!E129 -> 3586.8344 | F24: =D24*E24 -> 3945.5179
A25: ALAMBRE DE COBRE# 12 THWN | C25: ML | D25: 2 | E25: =MAT!E39 -> 3096.3585 | F25: =D25*E25 -> 6192.7171
A26: ADAPTADOR TERMINAL PVC 1/2" | C26: UND | D26: 2 | E26: =MAT!E37 -> 500 | F26: =D26*E26 -> 1000
A27: CAJA PLASTICA 2X4 5800 | C27: UND | D27: 1 | E27: =MAT!E58 -> 690.75667 | F27: =D27*E27 -> 690.75667
A28: CINTA AISLANTE | C28: UND | D28: 0.04 | E28: =MAT!E67 -> 4000 | F28: =D28*E28 -> 160
A29: SOLDADURA PVC [1/4 GAL) | C29: GAL | D29: 0.002 | E29: =MAT!E117 -> 67028.29 | F29: =D29*E29 -> 134.05658
A30: LIMPIADOR PVC (1/4 GAL) | C30: GAL | D30: 0.002 | E30: =MAT!E92 -> 36952.94 | F30: =D30*E30 -> 73.90588
A31: INTERRRUPTOR DOBLE | C31: UND | D31: 1 | E31: =MAT!E84 -> 7450 | F31: =D31*E31 -> 7450
A32: TOTAL MATERIALES: | F32: =SUM(F24:F31) -> 19646.954
A34: TRANSPORTE
A35: MATERIAL | B35: Vol - peso o cant | C35: DIST | D35: M3-KM | E35: TARIFA | F35: VR. UNITARIO
F36: =C36*D36*E36 -> 0
F37: =C37*D37*E37 -> 0
A38: TOTAL TRANSPORTE: | F38: =SUM(F36:F37) -> 0
A40: MANO DE OBRA
A41: DESCRIPCIÓN | C41: UNIDAD | D41: VALOR HR | E41: REND | F41: VR. PARCIAL
A42: =M.O!B99 -> MANO DE OBRA ELECTRICA | C42: HR | D42: =M.O!F106 -> 50013 | E42: 0.35 | F42: =D42*E42 -> 17504.55
F43: =D43*E43 -> 0
F44: =D44*E44 -> 0
F45: =D45*E45 -> 0
A46: TOTAL MANO DE OBRA: | F46: =SUM(F42:F45) -> 17504.55
A48: VALOR UNITARIO TOTAL | F48: =ROUND(SUM(F32+F46+F20+F38),0) -> 38027
A52: KAREN TATIANA GUTIERREZ V. | D52: HECTOR HORACIO GAITAN G.
A53: Profesional de apoyo | D53: Secretario de Planeaicon e Infraestructura

Sheet A6,5-C6,1
A7: ANALISIS DE PRECIOS UNITARIOS
A9: CAPITULO: | B9: ='PRESUPUESTO OFICIAL (Entidad)'!C36 -> INSTALACIONES ELÉCTRICAS | E9: UNIDAD: | F9: ='PRESUPUESTO OFICIAL (Entidad)'!D41 -> UND
A10: ITEM: | B10: ='PRESUPUESTO OFICIAL (Entidad)'!C41 -> Suministro e instalación de Salida lampara fluorescente electrónica 2 X 48 w, incluye lampara.
B11: A6,5 | C11: C6,1
A13: HERRAMIENTA Y EQUIPO
A14: DESCRIPCIÓN | C14: UNIDAD | D14: CANT. | E14: V. UNIT | F14: VR. PARCIAL
A15: HERRAMIENTA MENOR (5% M.O) | C15: % | D15: =5/100 -> 0.05 | E15: =F46 -> 70018.2 | F15: =D15*E15 -> 3500.91
F16: =D16*E16 -> 0
F17: =D17*E17 -> 0
F18: =D18*E18 -> 0
F19: =D19*E19 -> 0
A20: SUB-TOTAL HERRAMIENTA Y EQUIPO: | F20: =SUM(F15:F19) -> 3500.91
A22: MATERIALES
A23: DESCRIPCIÓN | C23: UND | D23: CANTIDAD | E23: VR. UNITARIO | F23: VR. PARCIAL
A24: TUBO CONDUIT PVC 1/2" | C24: ML | D24: 0.5 | E24: =MAT!E129 -> 3586.8344 | F24: =D24*E24 -> 1793.4172
A25: ALAMBRE DE COBRE# 12 THWN | C25: ML | D25: 1.03 | E25: =MAT!E39 -> 3096.3585 | F25: =D25*E25 -> 3189.2493
A26: ADAPTADOR TERMINAL PVC 1/2" | C26: UND | D26: 2 | E26: =MAT!E37 -> 500 | F26: =D26*E26 -> 1000
A27: CINTA AISLANTE | C27: UND | D27: 0.05 | E27: =MAT!E67 -> 4000 | F27: =D27*E27 -> 200
A28: CAJA OCTAGONAL PLASTICA | C28: UND | D28: 1 | E28: =MAT!E57 -> 1020.1667 | F28: =D28*E28 -> 1020.1667
A29: LAMPARA SLIM LINE 2X48 | C29: UND | D29: 1 | E29: =MAT!E89 -> 178000 | F29: =D29*E29 -> 178000
A30: SOLDADURA PVC [1/4 GAL ) | C30: GAL | D30: 0.003 | E30: =MAT!E117 -> 67028.29 | F30: =D30*E30 -> 201.08487
A31: LIMPIADOR PVC (1/4 GAL) | C31: GAL | D31: 0.003 | E31: =MAT!E92 -> 36952.94 | F31: =D31*E31 -> 110.85882
A32: TOTAL MATERIALES: | F32: =SUM(F24:F31) -> 185514.78
A34: TRANSPORTE
A35: MATERIAL | B35: Vol - peso o cant | C35: DIST | D35: M3-KM | E35: TARIFA | F35: VR. UNITARIO
F36: =C36*D36*E36 -> 0
F37: =C37*D37*E37 -> 0
A38: TOTAL TRANSPORTE: | F38: =SUM(F36:F37) -> 0
A40: MANO DE OBRA
A41: DESCRIPCIÓN | C41: UNIDAD | D41: VALOR HR | E41: REND | F41: VR. PARCIAL
A42: =M.O!B99 -> MANO DE OBRA ELECTRICA | C42: HR | D42: =M.O!F106 -> 50013 | E42: 1.4 | F42: =D42*E42 -> 70018.2
F43: =D43*E43 -> 0
F44: =D44*E44 -> 0
F45: =D45*E45 -> 0
A46: TOTAL MANO DE OBRA: | F46: =SUM(F42:F45) -> 70018.2
A48: VALOR UNITARIO TOTAL | F48: =ROUND(SUM(F32+F46+F20+F38),0) -> 259034
A52: KAREN TATIANA GUTIERREZ V. | D52: HECTOR HORACIO GAITAN G.
A53: Profesional de apoyo | D53: Secretario de Planeaicon e Infraestructura

Sheet A6,6-C6,6
A7: ANALISIS DE PRECIOS UNITARIOS
A9: CAPITULO: | B9: ='PRESUPUESTO OFICIAL (Entidad)'!C36 -> INSTALACIONES ELÉCTRICAS | E9: UNIDAD: | F9: ='PRESUPUESTO OFICIAL (Entidad)'!D42 -> UND
A10: ITEM: | B10: ='PRESUPUESTO OFICIAL (Entidad)'!C42 -> Suministro e instalación de Puesta a tierra de tablero de distribicion, polo a tierra, varilla C. W. 2,40 ml.
B11: A6,6 | C11: C6,6
A13: HERRAMIENTA Y EQUIPO
A14: DESCRIPCIÓN | C14: UNIDAD | D14: CANT. | E14: V. UNIT | F14: VR. PARCIAL
A15: HERRAMIENTA MENOR (5% M.O) | C15: % | D15: =5/100 -> 0.05 | E15: =F48 -> 110028.6 | F15: =D15*E15 -> 5501.43
F16: =D16*E16 -> 0
F17: =D17*E17 -> 0
F18: =D18*E18 -> 0
F19: =D19*E19 -> 0
A20: SUB-TOTAL HERRAMIENTA Y EQUIPO: | F20: =SUM(F15:F19) -> 5501.43
A22: MATERIALES
A23: DESCRIPCIÓN | C23: UND | D23: CANTIDAD | E23: VR. UNITARIO | F23: VR. PARCIAL
A24: VARILLA C.W POLO A TIERRA DE 1/2" 2,4 ml | C24: UND | D24: 1 | E24: =MAT!E138 -> 55000 | F24: =D24*E24 -> 55000
A25: BORNE COBRE | C25: UND | D25: 1 | E25: =MAT!E51 -> 800 | F25: =D25*E25 -> 800
A26: ALAMBRE DE COBRE# 12 THWN | C26: ML | D26: 6 | E26: =MAT!E39 -> 3096.3585 | F26: =D26*E26 -> 18578.151
A27: TUBO CONDUIT PVC 1/2" | C27: ML | D27: 3 | E27: =MAT!E129 -> 3586.8344 | F27: =D27*E27 -> 10760.503
A28: TAPA REGISTRO PALANCA 20X20 CM | C28: UND | D28: 1 | E28: =MAT!E121 -> 18450 | F28: =D28*E28 -> 18450
A29: CAJILLA EN CONCRETO 0.2x0.2 | C29: UND | D29: 1 | E29: =MAT!E59 -> 35000 | F29: =D29*E29 -> 35000
F30: =D30*E30 -> 0
F31: =D31*E31 -> 0
F32: =D32*E32 -> 0
F33: =D33*E33 -> 0
A34: TOTAL MATERIALES: | F34: =SUM(F24:F33) -> 138588.65
A36: TRANSPORTE
A37: MATERIAL | B37: Vol - peso o cant | C37: DIST | D37: M3-KM | E37: TARIFA | F37: VR. UNITARIO
F38: =C38*D38*E38 -> 0
F39: =C39*D39*E39 -> 0
A40: TOTAL TRANSPORTE: | F40: =SUM(F38:F39) -> 0
A42: MANO DE OBRA
A43: DESCRIPCIÓN | C43: UNIDAD | D43: VALOR HR | E43: REND | F43: VR. PARCIAL
A44: =M.O!B99 -> MANO DE OBRA ELECTRICA | C44: HR | D44: =M.O!F106 -> 50013 | E44: 2.2 | F44: =D44*E44 -> 110028.6
F45: =D45*E45 -> 0
F46: =D46*E46 -> 0
F47: =D47*E47 -> 0
A48: TOTAL MANO DE OBRA: | F48: =SUM(F44:F47) -> 110028.6
A50: VALOR UNITARIO TOTAL | F50: =ROUND(SUM(F34+F48+F20+F40),0) -> 254119
A54: KAREN TATIANA GUTIERREZ V. | D54: HECTOR HORACIO GAITAN G.
A55: Profesional de apoyo | D55: Secretario de Planeaicon e Infraestructura

Sheet A6,7-C6,5
A7: ANALISIS DE PRECIOS UNITARIOS
A9: CAPITULO: | B9: ='PRESUPUESTO OFICIAL (Entidad)'!C36 -> INSTALACIONES ELÉCTRICAS | E9: UNIDAD: | F9: ='PRESUPUESTO OFICIAL (Entidad)'!D43 -> ML
A10: ITEM: | B10: ='PRESUPUESTO OFICIAL (Entidad)'!C43 -> Suministro e instalación de Red electrica en tuberia pvc de 1/2", incluye 1 linea No 10 + 1 neutro No 10 + 1 Linea No 14 para toma corrientes.
B11: A6,7 | C11: C6,5
A13: HERRAMIENTA Y EQUIPO
A14: DESCRIPCIÓN | C14: UNIDAD | D14: CANT. | E14: V. UNIT | F14: VR. PARCIAL
A15: HERRAMIENTA MENOR (5% M.O) | C15: % | D15: =5/100 -> 0.05 | E15: =F46 -> 22505.85 | F15: =D15*E15 -> 1125.2925
F16: =D16*E16 -> 0
F17: =D17*E17 -> 0
F18: =D18*E18 -> 0
F19: =D19*E19 -> 0
A20: SUB-TOTAL HERRAMIENTA Y EQUIPO: | F20: =SUM(F15:F19) -> 1125.2925
A22: MATERIALES
A23: DESCRIPCIÓN | C23: UND | D23: CANTIDAD | E23: VR. UNITARIO | F23: VR. PARCIAL
A24: TUBO CONDUIT PVC 1/2" | C24: ML | D24: 1.03 | E24: =MAT!E129 -> 3586.8344 | F24: =D24*E24 -> 3694.4395
A25: ALAMBRE DE COBRE# 10 THWN | C25: ML | D25: 2.03 | E25: =MAT!E38 -> 6250 | F25: =D25*E25 -> 12687.5
A26: ALAMBRE DE COBRE# 14 THWN | C26: ML | D26: 1.03 | E26: =MAT!E40 -> 2000 | F26: =D26*E26 -> 2060
A27: CURVA PVC DE 1/2" | C27: UND | D27: 0.25 | E27: =MAT!E74 -> 700 | F27: =D27*E27 -> 175
A28: CINTA AISLANTE | C28: UND | D28: 0.05 | E28: =MAT!E67 -> 4000 | F28: =D28*E28 -> 200
A29: SOLDADURA PVC [1/4 GAL) | C29: GAL | D29: 0.003 | E29: =MAT!E117 -> 67028.29 | F29: =D29*E29 -> 201.08487
A30: LIMPIADOR PVC (1/4 GAL) | C30: GAL | D30: 0.003 | E30: =MAT!E92 -> 36952.94 | F30: =D30*E30 -> 110.85882
F31: =D31*E31 -> 0
A32: TOTAL MATERIALES: | F32: =SUM(F24:F31) -> 19128.883
A34: TRANSPORTE
A35: MATERIAL | B35: Vol - peso o cant | C35: DIST | D35: M3-KM | E35: TARIFA | F35: VR. UNITARIO
F36: =C36*D36*E36 -> 0
F37: =C37*D37*E37 -> 0
A38: TOTAL TRANSPORTE: | F38: =SUM(F36:F37) -> 0
A40: MANO DE OBRA
A41: DESCRIPCIÓN | C41: UNIDAD | D41: VALOR HR | E41: REND | F41: VR. PARCIAL
A42: =M.O!B99 -> MANO DE OBRA ELECTRICA | C42: HR | D42: =M.O!F106 -> 50013 | E42: 0.45 | F42: =D42*E42 -> 22505.85
F43: =D43*E43 -> 0
F44: =D44*E44 -> 0
F45: =D45*E45 -> 0
A46: TOTAL MANO DE OBRA: | F46: =SUM(F42:F45) -> 22505.85
A48: VALOR UNITARIO TOTAL | F48: =ROUND(SUM(F32+F46+F20+F38),0) -> 42760
A52: KAREN TATIANA GUTIERREZ V. | D52: HECTOR HORACIO GAITAN G.
A53: Profesional de apoyo | D53: Secretario de Planeaicon e Infraestructura

Sheet A6,8-B6,4-C6,4
A7: ANALISIS DE PRECIOS UNITARIOS
A9: CAPITULO: | B9: ='PRESUPUESTO OFICIAL (Entidad)'!C36 -> INSTALACIONES ELÉCTRICAS | E9: UNIDAD: | F9: ='PRESUPUESTO OFICIAL (Entidad)'!D44 -> ML
A10: ITEM: | B10: ='PRESUPUESTO OFICIAL (Entidad)'!C44 -> Suministro e instalación de Red electrica en tuberia pvc de 1/2", incluye 1 N° 12 + neutro N° 12 para luminarias.
B11: A6,8 | C11: B6,4 | D11: C6,4
A13: HERRAMIENTA Y EQUIPO
A14: DESCRIPCIÓN | C14: UNIDAD | D14: CANT. | E14: V. UNIT | F14: VR. PARCIAL
A15: HERRAMIENTA MENOR (5% M.O) | C15: % | D15: =5/100 -> 0.05 | E15: =F46 -> 23506.11 | F15: =D15*E15 -> 1175.3055
F16: =D16*E16 -> 0
F17: =D17*E17 -> 0
F18: =D18*E18 -> 0
F19: =D19*E19 -> 0
A20: SUB-TOTAL HERRAMIENTA Y EQUIPO: | F20: =SUM(F15:F19) -> 1175.3055
A22: MATERIALES
A23: DESCRIPCIÓN | C23: UND | D23: CANTIDAD | E23: VR. UNITARIO | F23: VR. PARCIAL
A24: TUBO CONDUIT PVC 1/2" | C24: ML | D24: 1.03 | E24: =MAT!E129 -> 3586.8344 | F24: =D24*E24 -> 3694.4395
A25: ALAMBRE DE COBRE# 12 THWN | C25: ML | D25: 2.03 | E25: =MAT!E39 -> 3096.3585 | F25: =D25*E25 -> 6285.6078
A26: CURVA PVC DE 1/2" | C26: UND | D26: 0.25 | E26: =MAT!E74 -> 700 | F26: =D26*E26 -> 175
A27: CINTA AISLANTE | C27: UND | D27: 0.05 | E27: =MAT!E67 -> 4000 | F27: =D27*E27 -> 200
A28: SOLDADURA PVC [1/4 GAL) | C28: GAL | D28: 0.003 | E28: =MAT!E117 -> 67028.29 | F28: =D28*E28 -> 201.08487
A29: LIMPIADOR PVC (1/4 GAL) | C29: GAL | D29: 0.003 | E29: =MAT!E92 -> 36952.94 | F29: =D29*E29 -> 110.85882
F30: =D30*E30 -> 0
F31: =D31*E31 -> 0
A32: TOTAL MATERIALES: | F32: =SUM(F24:F31) -> 10666.991
A34: TRANSPORTE
A35: MATERIAL | B35: Vol - peso o cant | C35: DIST | D35: M3-KM | E35: TARIFA | F35: VR. UNITARIO
F36: =C36*D36*E36 -> 0
F37: =C37*D37*E37 -> 0
A38: TOTAL TRANSPORTE: | F38: =SUM(F36:F37) -> 0
A40: MANO DE OBRA
A41: DESCRIPCIÓN | C41: UNIDAD | D41: VALOR HR | E41: REND | F41: VR. PARCIAL
A42: =M.O!B99 -> MANO DE OBRA ELECTRICA | C42: HR | D42: =M.O!F106 -> 50013 | E42: 0.47 | F42: =D42*E42 -> 23506.11
F43: =D43*E43 -> 0
F44: =D44*E44 -> 0
F45: =D45*E45 -> 0
A46: TOTAL MANO DE OBRA: | F46: =SUM(F42:F45) -> 23506.11
A48: VALOR UNITARIO TOTAL | F48: =ROUND(SUM(F32+F46+F20+F38),0) -> 35348
A52: KAREN TATIANA GUTIERREZ V. | D52: HECTOR HORACIO GAITAN G.
A53: Profesional de apoyo | D53: Secretario de Planeaicon e Infraestructura

Sheet A6,9-B6,5-C6,8
A7: ANALISIS DE PRECIOS UNITARIOS
A9: CAPITULO: | B9: ='PRESUPUESTO OFICIAL (Entidad)'!C36 -> INSTALACIONES ELÉCTRICAS | E9: UNIDAD: | F9: ='PRESUPUESTO OFICIAL (Entidad)'!D45 -> ML
A10: ITEM: | B10: ='PRESUPUESTO OFICIAL (Entidad)'!C45 -> Suministro e instalación de Cable concentrico monofasico.
B11: A6,9 | C11: B6,5 | D11: C6,8
A13: HERRAMIENTA Y EQUIPO
A14: DESCRIPCIÓN | C14: UNIDAD | D14: CANT. | E14: V. UNIT | F14: VR. PARCIAL
A15: HERRAMIENTA MENOR (5% M.O) | C15: % | D15: =5/100 -> 0.05 | E15: =F46 -> 4001.04 | F15: =D15*E15 -> 200.052
F16: =D16*E16 -> 0
F17: =D17*E17 -> 0
F18: =D18*E18 -> 0
F19: =D19*E19 -> 0
A20: SUB-TOTAL HERRAMIENTA Y EQUIPO: | F20: =SUM(F15:F19) -> 200.052
A22: MATERIALES
A23: DESCRIPCIÓN | C23: UND | D23: CANTIDAD | E23: VR. UNITARIO | F23: VR. PARCIAL
A24: CABLE CONCENTRICO MONOFASICO | C24: ML | D24: 1.03 | E24: =MAT!E55 -> 26900 | F24: =D24*E24 -> 27707
F25: =D25*E25 -> 0
F26: =D26*E26 -> 0
F27: =D27*E27 -> 0
F28: =D28*E28 -> 0
F29: =D29*E29 -> 0
F30: =D30*E30 -> 0
F31: =D31*E31 -> 0
A32: TOTAL MATERIALES: | F32: =SUM(F24:F31) -> 27707
A34: TRANSPORTE
A35: MATERIAL | B35: Vol - peso o cant | C35: DIST | D35: M3-KM | E35: TARIFA | F35: VR. UNITARIO
F36: =C36*D36*E36 -> 0
F37: =C37*D37*E37 -> 0
A38: TOTAL TRANSPORTE: | F38: =SUM(F36:F37) -> 0
A40: MANO DE OBRA
A41: DESCRIPCIÓN | C41: UNIDAD | D41: VALOR HR | E41: REND | F41: VR. PARCIAL
A42: =M.O!B99 -> MANO DE OBRA ELECTRICA | C42: HR | D42: =M.O!F106 -> 50013 | E42: 0.08 | F42: =D42*E42 -> 4001.04
F43: =D43*E43 -> 0
F44: =D44*E44 -> 0
F45: =D45*E45 -> 0
A46: TOTAL MANO DE OBRA: | F46: =SUM(F42:F45) -> 4001.04
A48: VALOR UNITARIO TOTAL | F48: =ROUND(SUM(F32+F46+F20+F38),0) -> 31908
A52: KAREN TATIANA GUTIERREZ V. | D52: HECTOR HORACIO GAITAN G.
A53: Profesional de apoyo | D53: Secretario de Planeaicon e Infraestructura

Sheet A7,1-B7,1-F7,1
A7: ANALISIS DE PRECIOS UNITARIOS
A9: CAPITULO: | B9: ='PRESUPUESTO OFICIAL (Entidad)'!C46 -> INSTALACIONES HIDRAULICAS Y SANITARIAS | E9: UNIDAD: | F9: ='PRESUPUESTO OFICIAL (Entidad)'!D47 -> UND
A10: ITEM: | B10: ='PRESUPUESTO OFICIAL (Entidad)'!C47 -> Suministro e instalacion de Punto de desague en pvc 2", incluye tuberia.
B11: A7,1 | C11: B7,1 | D11: F7,1
A13: HERRAMIENTA Y EQUIPO
A14: DESCRIPCIÓN | C14: UNIDAD | D14: CANT. | E14: V. UNIT | F14: VR. PARCIAL
A15: HERRAMIENTA MENOR (5% M.O) | C15: % | D15: =5/100 -> 0.05 | E15: =F46 -> 50782.8 | F15: =D15*E15 -> 2539.14
F16: =D16*E16 -> 0
F17: =D17*E17 -> 0
F18: =D18*E18 -> 0
F19: =D19*E19 -> 0
A20: SUB-TOTAL HERRAMIENTA Y EQUIPO: | F20: =SUM(F15:F19) -> 2539.14
A22: MATERIALES
A23: DESCRIPCIÓN | C23: UND | D23: CANTIDAD | E23: VR. UNITARIO | F23: VR. PARCIAL
A24: SOLDADURA PVC 1/4 GLN | C24: GL | D24: 0.002 | E24: =MAT!E117 -> 67028.29 | F24: =D24*E24 -> 134.05658
A25: LIMPIADOR PVC 1/4 GLM | C25: GL | D25: 0.002 | E25: =MAT!E92 -> 36952.94 | F25: =D25*E25 -> 73.90588
A26: TUBO SANITARIO PVC 2" | C26: ML | D26: =1.19+0.5 -> 1.69 | E26: =MAT!E132 -> 5600 | F26: =D26*E26 -> 9464
A27: CODO 90 SANITARIO PVC 2" | C27: UND | D27: 2 | E27: =MAT!E69 -> 2566.6667 | F27: =D27*E27 -> 5133.3333
F28: =D28*E28 -> 0
F29: =D29*E29 -> 0
F30: =D30*E30 -> 0
F31: =D31*E31 -> 0
A32: TOTAL MATERIALES: | F32: =SUM(F24:F31) -> 14805.296
A34: TRANSPORTE
A35: MATERIAL | B35: Vol - peso o cant | C35: DIST | D35: M3-KM | E35: TARIFA | F35: VR. UNITARIO
F36: =C36*D36*E36 -> 0
F37: =C37*D37*E37 -> 0
A38: TOTAL TRANSPORTE: | F38: =SUM(F36:F37) -> 0
A40: MANO DE OBRA
A41: DESCRIPCIÓN | C41: UNIDAD | D41: VALOR HR | E41: REND | F41: VR. PARCIAL
A42: =M.O!B72 -> MANO DE OBRA HIDRAULICA | C42: HR | D42: =M.O!F79 -> 42319 | E42: 1.2 | F42: =D42*E42 -> 50782.8
F43: =D43*E43 -> 0
F44: =D44*E44 -> 0
F45: =D45*E45 -> 0
A46: TOTAL MANO DE OBRA: | F46: =SUM(F42:F45) -> 50782.8
A48: VALOR UNITARIO TOTAL | F48: =ROUND(SUM(F32+F46+F20+F38),0) -> 68127
A52: KAREN TATIANA GUTIERREZ V. | D52: HECTOR HORACIO GAITAN G.
A53: Profesional de apoyo | D53: Secretario de Planeaicon e Infraestructura

Sheet A7,2-B7,2-B7,2
A7: ANALISIS DE PRECIOS UNITARIOS
A9: CAPITULO: | B9: ='PRESUPUESTO OFICIAL (Entidad)'!C46 -> INSTALACIONES HIDRAULICAS Y SANITARIAS | E9: UNIDAD: | F9: ='PRESUPUESTO OFICIAL (Entidad)'!D48 -> UND
A10: ITEM: | B10: ='PRESUPUESTO OFICIAL (Entidad)'!C48 -> Suministro e instalacion de Punto de desague en pvc 3", incluye tuberia.
B11: A7,2 | C11: B7,2
A13: HERRAMIENTA Y EQUIPO
A14: DESCRIPCIÓN | C14: UNIDAD | D14: CANT. | E14: V. UNIT | F14: VR. PARCIAL
A15: HERRAMIENTA MENOR (5% M.O) | C15: % | D15: =5/100 -> 0.05 | E15: =F46 -> 50782.8 | F15: =D15*E15 -> 2539.14
F16: =D16*E16 -> 0
F17: =D17*E17 -> 0
F18: =D18*E18 -> 0
F19: =D19*E19 -> 0
A20: SUB-TOTAL HERRAMIENTA Y EQUIPO: | F20: =SUM(F15:F19) -> 2539.14
A22: MATERIALES
A23: DESCRIPCIÓN | C23: UND | D23: CANTIDAD | E23: VR. UNITARIO | F23: VR. PARCIAL
A24: SOLDADURA PVC 1/4 GLN | C24: GL | D24: 0.02 | E24: =MAT!E117 -> 67028.29 | F24: =D24*E24 -> 1340.5658
A25: LIMPIADOR PVC 1/4 GLN | C25: GL | D25: 0.02 | E25: =MAT!E92 -> 36952.94 | F25: =D25*E25 -> 739.0588
A26: TUBO SANITARIO PVC 3" | C26: ML | D26: =(0.8+1.01)/2 -> 0.905 | E26: =MAT!E133 -> 7380.8644 | F26: =D26*E26 -> 6679.6823
A27: CODO 90 SANITARIO PVC 3" | C27: UND | D27: =2/2 -> 1 | E27: =MAT!E70 -> 4633.3333 | F27: =D27*E27 -> 4633.3333
A28: SIFÓN ST 3" | C28: UND | D28: =2/2 -> 1 | E28: =MAT!E114 -> 8000 | F28: =D28*E28 -> 8000
F29: =D29*E29 -> 0
F30: =D30*E30 -> 0
F31: =D31*E31 -> 0
A32: TOTAL MATERIALES: | F32: =SUM(F24:F31) -> 21392.64
A34: TRANSPORTE
A35: MATERIAL | B35: Vol - peso o cant | C35: DIST | D35: M3-KM | E35: TARIFA | F35: VR. UNITARIO
F36: =C36*D36*E36 -> 0
F37: =C37*D37*E37 -> 0
A38: TOTAL TRANSPORTE: | F38: =SUM(F36:F37) -> 0
A40: MANO DE OBRA
A41: DESCRIPCIÓN | C41: UNIDAD | D41: VALOR HR | E41: REND | F41: VR. PARCIAL
A42: =M.O!B72 -> MANO DE OBRA HIDRAULICA | C42: HR | D42: =M.O!F79 -> 42319 | E42: 1.2 | F42: =D42*E42 -> 50782.8
F43: =D43*E43 -> 0
F44: =D44*E44 -> 0
F45: =D45*E45 -> 0
A46: TOTAL MANO DE OBRA: | F46: =SUM(F42:F45) -> 50782.8
A48: VALOR UNITARIO TOTAL | F48: =ROUND(SUM(F32+F46+F20+F38),0) -> 74715
A52: KAREN TATIANA GUTIERREZ V. | D52: HECTOR HORACIO GAITAN G.
A53: Profesional de apoyo | D53: Secretario de Planeaicon e Infraestructura

Sheet A7,3-B7,3
A7: ANALISIS DE PRECIOS UNITARIOS
A9: CAPITULO: | B9: ='PRESUPUESTO OFICIAL (Entidad)'!C46 -> INSTALACIONES HIDRAULICAS Y SANITARIAS | E9: UNIDAD: | F9: ='PRESUPUESTO OFICIAL (Entidad)'!D49 -> UND
A10: ITEM: | B10: ='PRESUPUESTO OFICIAL (Entidad)'!C49 -> Suministro e instalacion de Punto de desague en pvc 4", incluye tuberia.
B11: A7,3 | C11: B7,3
A13: HERRAMIENTA Y EQUIPO
A14: DESCRIPCIÓN | C14: UNIDAD | D14: CANT. | E14: V. UNIT | F14: VR. PARCIAL
A15: HERRAMIENTA MENOR (5% M.O) | C15: % | D15: =5/100 -> 0.05 | E15: =F46 -> 50782.8 | F15: =D15*E15 -> 2539.14
F16: =D16*E16 -> 0
F17: =D17*E17 -> 0
F18: =D18*E18 -> 0
F19: =D19*E19 -> 0
A20: SUB-TOTAL HERRAMIENTA Y EQUIPO: | F20: =SUM(F15:F19) -> 2539.14
A22: MATERIALES
A23: DESCRIPCIÓN | C23: UND | D23: CANTIDAD | E23: VR. UNITARIO | F23: VR. PARCIAL
A24: SOLDADURA PVC 1/4 GLN | C24: GL | D24: 0.02 | E24: =MAT!E117 -> 67028.29 | F24: =D24*E24 -> 1340.5658
A25: LIMPIADOR PVC 1/4 GLN | C25: GL | D25: 0.02 | E25: =MAT!E92 -> 36952.94 | F25: =D25*E25 -> 739.0588
A26: TUBO SANITARIO PVC 4" | C26: ML | D26: 1.67 | E26: =MAT!E134 -> 12450 | F26: =D26*E26 -> 20791.5
A27: UNION PVC 4" | C27: UND | D27: 2 | E27: =MAT!E135 -> 4500 | F27: =D27*E27 -> 9000
F28: =D28*E28 -> 0
F29: =D29*E29 -> 0
F30: =D30*E30 -> 0
F31: =D31*E31 -> 0
A32: TOTAL MATERIALES: | F32: =SUM(F24:F31) -> 31871.125
A34: TRANSPORTE
A35: MATERIAL | B35: Vol - peso o cant | C35: DIST | D35: M3-KM | E35: TARIFA | F35: VR. UNITARIO
F36: =C36*D36*E36 -> 0
F37: =C37*D37*E37 -> 0
A38: TOTAL TRANSPORTE: | F38: =SUM(F36:F37) -> 0
A40: MANO DE OBRA
A41: DESCRIPCIÓN | C41: UNIDAD | D41: VALOR HR | E41: REND | F41: VR. PARCIAL
A42: =M.O!B72 -> MANO DE OBRA HIDRAULICA | C42: HR | D42: =M.O!F79 -> 42319 | E42: 1.2 | F42: =D42*E42 -> 50782.8
F43: =D43*E43 -> 0
F44: =D44*E44 -> 0
F45: =D45*E45 -> 0
A46: TOTAL MANO DE OBRA: | F46: =SUM(F42:F45) -> 50782.8
A48: VALOR UNITARIO TOTAL | F48: =ROUND(SUM(F32+F46+F20+F38),0) -> 85193
A52: KAREN TATIANA GUTIERREZ V. | D52: HECTOR HORACIO GAITAN G.
A53: Profesional de apoyo | D53: Secretario de Planeaicon e Infraestructura

Sheet A7,4-B7,4
A7: ANALISIS DE PRECIOS UNITARIOS
A9: CAPITULO: | B9: ='PRESUPUESTO OFICIAL (Entidad)'!C46 -> INSTALACIONES HIDRAULICAS Y SANITARIAS | E9: UNIDAD: | F9: ='PRESUPUESTO OFICIAL (Entidad)'!D50 -> UND
A10: ITEM: | B10: ='PRESUPUESTO OFICIAL (Entidad)'!C50 -> Caja de inspeccion de 60x60 cm, ladrillo.
B11: A7,4 | C11: B7,4
A13: HERRAMIENTA Y EQUIPO
A14: DESCRIPCIÓN | C14: UNIDAD | D14: CANT. | E14: V. UNIT | F14: VR. PARCIAL
A15: HERRAMIENTA MENOR (5% M.O) | C15: % | D15: =5/100 -> 0.05 | E15: =F46 -> 169276 | F15: =D15*E15 -> 8463.8
F16: =D16*E16 -> 0
F17: =D17*E17 -> 0
F18: =D18*E18 -> 0
F19: =D19*E19 -> 0
A20: SUB-TOTAL HERRAMIENTA Y EQUIPO: | F20: =SUM(F15:F19) -> 8463.8
A22: MATERIALES
A23: DESCRIPCIÓN | C23: UND | D23: CANTIDAD | E23: VR. UNITARIO | F23: VR. PARCIAL
A24: RECEBO | C24: M3 | D24: 0.13 | E24: =MAT!E20 -> 33333.333 | F24: =D24*E24 -> 4333.3333
A25: ACERO DE REFUERZO FY = 4200 KG/CM2 | C25: KG | D25: 4.16 | E25: =MAT!E35 -> 5050 | F25: =D25*E25 -> 21008
A26: LADRILLO TOLETE COMUN | C26: UND | D26: 97 | E26: =MAT!E86 -> 800 | F26: =D26*E26 -> 77600
A27: MORTERO 1:4 | C27: M3 | D27: 0.085 | E27: =MAT!E31 -> 442836 | F27: =D27*E27 -> 37641.06
A28: CONCRETO DE 2500 PSI | C28: M3 | D28: 0.05 | E28: =MAT!E26 -> 514121 | F28: =D28*E28 -> 25706.05
A29: CEMENTO GRIS | C29: KG | D29: 0.54 | E29: =MAT!E16 -> 726.66587 | F29: =D29*E29 -> 392.39957
A30: ANGULO 1"X1/8 | C30: M3 | D30: 4.8 | E30: =MAT!E42 -> 5322.2222 | F30: =D30*E30 -> 25546.667
F31: =D31*E31 -> 0
A32: TOTAL MATERIALES: | F32: =SUM(F24:F31) -> 192227.51
A34: TRANSPORTE
A35: MATERIAL | B35: Vol - peso o cant | C35: DIST | D35: M3-KM | E35: TARIFA | F35: VR. UNITARIO
F36: =C36*D36*E36 -> 0
F37: =C37*D37*E37 -> 0
A38: TOTAL TRANSPORTE: | F38: =SUM(F36:F37) -> 0
A40: MANO DE OBRA
A41: DESCRIPCIÓN | C41: UNIDAD | D41: VALOR HR | E41: REND | F41: VR. PARCIAL
A42: =M.O!B72 -> MANO DE OBRA HIDRAULICA | C42: HR | D42: =M.O!F79 -> 42319 | E42: 4 | F42: =D42*E42 -> 169276
F43: =D43*E43 -> 0
F44: =D44*E44 -> 0
F45: =D45*E45 -> 0
A46: TOTAL MANO DE OBRA: | F46: =SUM(F42:F45) -> 169276
A48: VALOR UNITARIO TOTAL | F48: =ROUND(SUM(F32+F46+F20+F38),0) -> 369967
A52: KAREN TATIANA GUTIERREZ V. | D52: HECTOR HORACIO GAITAN G.
A53: Profesional de apoyo | D53: Secretario de Planeaicon e Infraestructura

Sheet A7,5-B7,5-F7,3
A7: ANALISIS DE PRECIOS UNITARIOS
A9: CAPITULO: | B9: ='PRESUPUESTO OFICIAL (Entidad)'!C46 -> INSTALACIONES HIDRAULICAS Y SANITARIAS | E9: UNIDAD: | F9: ='PRESUPUESTO OFICIAL (Entidad)'!D51 -> UND
A10: ITEM: | B10: ='PRESUPUESTO OFICIAL (Entidad)'!C51 -> Suministro e instalacion de Punto agua fria de ½" PVC, incluye tuberia.
B11: A7,5 | C11: B7,5 | D11: F7,3
A13: HERRAMIENTA Y EQUIPO
A14: DESCRIPCIÓN | C14: UNIDAD | D14: CANT. | E14: V. UNIT | F14: VR. PARCIAL
A15: HERRAMIENTA MENOR (5% M.O) | C15: % | D15: =5/100 -> 0.05 | E15: =F48 -> 63478.5 | F15: =D15*E15 -> 3173.925
F16: =D16*E16 -> 0
F17: =D17*E17 -> 0
F18: =D18*E18 -> 0
F19: =D19*E19 -> 0
A20: SUB-TOTAL HERRAMIENTA Y EQUIPO: | F20: =SUM(F15:F19) -> 3173.925
A22: MATERIALES
A23: DESCRIPCIÓN | C23: UND | D23: CANTIDAD | E23: VR. UNITARIO | F23: VR. PARCIAL
A24: SOLDADURA PVC - 1/4 GLN | C24: GAL | D24: 0.02 | E24: =MAT!E117 -> 67028.29 | F24: =D24*E24 -> 1340.5658
A25: LIMPIADOR PVC - 1/4 GAL | C25: GAL | D25: 0.02 | E25: =MAT!E92 -> 36952.94 | F25: =D25*E25 -> 739.0588
A26: TUBO PRESION PVC 1/2" | C26: ML | D26: 1 | E26: =MAT!E131 -> 2600 | F26: =D26*E26 -> 2600
A27: CINTA TEFLON | C27: UND | D27: 0.1 | E27: =MAT!E68 -> 1000 | F27: =D27*E27 -> 100
A28: NIPLE GALVANIZADO DE 1/2"X6" | C28: UND | D28: 1 | E28: =MAT!E97 -> 11600 | F28: =D28*E28 -> 11600
A29: CODO PRESIÓN PVC 1/2" | C29: UND | D29: 1 | E29: =MAT!E72 -> 650 | F29: =D29*E29 -> 650
F30: =D30*E30 -> 0
F31: =D31*E31 -> 0
F32: =D32*E32 -> 0
F33: =D33*E33 -> 0
A34: TOTAL MATERIALES: | F34: =SUM(F24:F33) -> 17029.625
A36: TRANSPORTE
A37: MATERIAL | B37: Vol - peso o cant | C37: DIST | D37: M3-KM | E37: TARIFA | F37: VR. UNITARIO
F38: =C38*D38*E38 -> 0
F39: =C39*D39*E39 -> 0
A40: TOTAL TRANSPORTE: | F40: =SUM(F38:F39) -> 0
A42: MANO DE OBRA
A43: DESCRIPCIÓN | C43: UNIDAD | D43: VALOR HR | E43: REND | F43: VR. PARCIAL
A44: =M.O!B72 -> MANO DE OBRA HIDRAULICA | C44: HR | D44: =M.O!F79 -> 42319 | E44: 1.5 | F44: =D44*E44 -> 63478.5
F45: =D45*E45 -> 0
F46: =D46*E46 -> 0
F47: =D47*E47 -> 0
A48: TOTAL MANO DE OBRA: | F48: =SUM(F44:F47) -> 63478.5
A50: VALOR UNITARIO TOTAL | F50: =ROUND(SUM(F34+F48+F20+F40),0) -> 83682
A54: KAREN TATIANA GUTIERREZ V. | D54: HECTOR HORACIO GAITAN G.
A55: Profesional de apoyo | D55: Secretario de Planeaicon e Infraestructura

Sheet A7,6-B7,6-F7,4
A7: ANALISIS DE PRECIOS UNITARIOS
A9: CAPITULO: | B9: ='PRESUPUESTO OFICIAL (Entidad)'!C46 -> INSTALACIONES HIDRAULICAS Y SANITARIAS | E9: UNIDAD: | F9: ='PRESUPUESTO OFICIAL (Entidad)'!D52 -> UND
A10: ITEM: | B10: ='PRESUPUESTO OFICIAL (Entidad)'!C52 -> Suministro e instalacion de Registro de paso directo ½" (bola).
B11: A7,6 | C11: B7,6 | D11: F7,4
A13: HERRAMIENTA Y EQUIPO
A14: DESCRIPCIÓN | C14: UNIDAD | D14: CANT. | E14: V. UNIT | F14: VR. PARCIAL
A15: HERRAMIENTA MENOR (5% M.O) | C15: % | D15: =5/100 -> 0.05 | E15: =F46 -> 12695.7 | F15: =D15*E15 -> 634.785
F16: =D16*E16 -> 0
F17: =D17*E17 -> 0
F18: =D18*E18 -> 0
F19: =D19*E19 -> 0
A20: SUB-TOTAL HERRAMIENTA Y EQUIPO: | F20: =SUM(F15:F19) -> 634.785
A22: MATERIALES
A23: DESCRIPCIÓN | C23: UND | D23: CANTIDAD | E23: VR. UNITARIO | F23: VR. PARCIAL
A24: SOLDADURA PVC - 1/4 GLN | C24: GAL | D24: 0.02 | E24: =MAT!E117 -> 67028.29 | F24: =D24*E24 -> 1340.5658
A25: LIMPIADOR PVC - 1/4 GAL | C25: GAL | D25: 0.02 | E25: =MAT!E92 -> 36952.94 | F25: =D25*E25 -> 739.0588
A26: REGISTRO DE PASO DIRECTO 1/2 (BOLA) | C26: UND | D26: 1 | E26: =MAT!E109 -> 39000 | F26: =D26*E26 -> 39000
A27: UNIVERSAL AG 1/2" | C27: UND | D27: 1 | E27: =MAT!E137 -> 25000 | F27: =D27*E27 -> 25000
F28: =D28*E28 -> 0
F29: =D29*E29 -> 0
F30: =D30*E30 -> 0
F31: =D31*E31 -> 0
A32: TOTAL MATERIALES: | F32: =SUM(F24:F31) -> 66079.625
A34: TRANSPORTE
A35: MATERIAL | B35: Vol - peso o cant | C35: DIST | D35: M3-KM | E35: TARIFA | F35: VR. UNITARIO
F36: =C36*D36*E36 -> 0
F37: =C37*D37*E37 -> 0
A38: TOTAL TRANSPORTE: | F38: =SUM(F36:F37) -> 0
A40: MANO DE OBRA
A41: DESCRIPCIÓN | C41: UNIDAD | D41: VALOR HR | E41: REND | F41: VR. PARCIAL
A42: =M.O!B72 -> MANO DE OBRA HIDRAULICA | C42: HR | D42: =M.O!F79 -> 42319 | E42: 0.3 | F42: =D42*E42 -> 12695.7
F43: =D43*E43 -> 0
F44: =D44*E44 -> 0
F45: =D45*E45 -> 0
A46: TOTAL MANO DE OBRA: | F46: =SUM(F42:F45) -> 12695.7
A48: VALOR UNITARIO TOTAL | F48: =ROUND(SUM(F32+F46+F20+F38),0) -> 79410
A52: KAREN TATIANA GUTIERREZ V. | D52: HECTOR HORACIO GAITAN G.
A53: Profesional de apoyo | D53: Secretario de Planeaicon e Infraestructura

Sheet A7,7-B7,7-F7,5
A7: ANALISIS DE PRECIOS UNITARIOS
A9: CAPITULO: | B9: ='PRESUPUESTO OFICIAL (Entidad)'!C46 -> INSTALACIONES HIDRAULICAS Y SANITARIAS | E9: UNIDAD: | F9: ='PRESUPUESTO OFICIAL (Entidad)'!D53 -> UND
A10: ITEM: | B10: ='PRESUPUESTO OFICIAL (Entidad)'!C53 -> Suministro e instalacion de Acometida general de ½".
B11: A7,7 | C11: B7,7 | D11: F7,5
A13: HERRAMIENTA Y EQUIPO
A14: DESCRIPCIÓN | C14: UNIDAD | D14: CANT. | E14: V. UNIT | F14: VR. PARCIAL
A15: HERRAMIENTA MENOR (5% M.O) | C15: % | D15: =5/100 -> 0.05 | E15: =F49 -> 169276 | F15: =D15*E15 -> 8463.8
F16: =D16*E16 -> 0
F17: =D17*E17 -> 0
F18: =D18*E18 -> 0
F19: =D19*E19 -> 0
A20: SUB-TOTAL HERRAMIENTA Y EQUIPO: | F20: =SUM(F15:F19) -> 8463.8
A22: MATERIALES
A23: DESCRIPCIÓN | C23: UND | D23: CANTIDAD | E23: VR. UNITARIO | F23: VR. PARCIAL
A24: SOLDADURA PVC - 1/4 GLN | C24: GAL | D24: 0.02 | E24: =MAT!E117 -> 67028.29 | F24: =D24*E24 -> 1340.5658
A25: LIMPIADOR PVC - 1/4 GAL | C25: GAL | D25: 0.02 | E25: =MAT!E92 -> 36952.94 | F25: =D25*E25 -> 739.0588
A26: TUBO PRESION PVC 1/2" | C26: ML | D26: =5.23+1+0.5+5+3 -> 14.73 | E26: =MAT!E131 -> 2600 | F26: =D26*E26 -> 38298
A27: CINTA TEFLON | C27: UND | D27: 0.1 | E27: =MAT!E68 -> 1000 | F27: =D27*E27 -> 100
A28: NIPLE GALVANIZADO DE 1/2"X6" | C28: UND | D28: 1 | E28: =MAT!E97 -> 11600 | F28: =D28*E28 -> 11600
A29: TEE PVC 1/2" PRESION | C29: UND | D29: 2 | E29: =MAT!E122 -> 800 | F29: =D29*E29 -> 1600
A30: CODO PRESION PVC 1/2" | C30: UND | D30: 3 | E30: =MAT!E72 -> 650 | F30: =D30*E30 -> 1950
F31: =D31*E31 -> 0
F32: =D32*E32 -> 0
F33: =D33*E33 -> 0
F34: =D34*E34 -> 0
A35: TOTAL MATERIALES: | F35: =SUM(F24:F34) -> 55627.625
A37: TRANSPORTE
A38: MATERIAL | B38: Vol - peso o cant | C38: DIST | D38: M3-KM | E38: TARIFA | F38: VR. UNITARIO
F39: =C39*D39*E39 -> 0
F40: =C40*D40*E40 -> 0
A41: TOTAL TRANSPORTE: | F41: =SUM(F39:F40) -> 0
A43: MANO DE OBRA
A44: DESCRIPCIÓN | C44: UNIDAD | D44: VALOR HR | E44: REND | F44: VR. PARCIAL
A45: =M.O!B72 -> MANO DE OBRA HIDRAULICA | C45: HR | D45: =M.O!F79 -> 42319 | E45: 4 | F45: =D45*E45 -> 169276
F46: =D46*E46 -> 0
F47: =D47*E47 -> 0
F48: =D48*E48 -> 0
A49: TOTAL MANO DE OBRA: | F49: =SUM(F45:F48) -> 169276
A51: VALOR UNITARIO TOTAL | F51: =ROUND(SUM(F35+F49+F20+F41),0) -> 233367
A55: KAREN TATIANA GUTIERREZ V. | D55: HECTOR HORACIO GAITAN G.
A56: Profesional de apoyo | D56: Secretario de Planeaicon e Infraestructura

Sheet A7,8-B7,8-F7,6
A7: ANALISIS DE PRECIOS UNITARIOS
A9: CAPITULO: | B9: ='PRESUPUESTO OFICIAL (Entidad)'!C46 -> INSTALACIONES HIDRAULICAS Y SANITARIAS | E9: UNIDAD: | F9: ='PRESUPUESTO OFICIAL (Entidad)'!D54 -> UND
A10: ITEM: | B10: ='PRESUPUESTO OFICIAL (Entidad)'!C54 -> Suministro e instalacion de salida llave terminal de ½".
B11: A7,8 | C11: B7,8 | D11: F7,6
A13: HERRAMIENTA Y EQUIPO
A14: DESCRIPCIÓN | C14: UNIDAD | D14: CANT. | E14: V. UNIT | F14: VR. PARCIAL
A15: HERRAMIENTA MENOR (5% M.O) | C15: % | D15: =5/100 -> 0.05 | E15: =F46 -> 16927.6 | F15: =D15*E15 -> 846.38
F16: =D16*E16 -> 0
F17: =D17*E17 -> 0
F18: =D18*E18 -> 0
F19: =D19*E19 -> 0
A20: SUB-TOTAL HERRAMIENTA Y EQUIPO: | F20: =SUM(F15:F19) -> 846.38
A22: MATERIALES
A23: DESCRIPCIÓN | C23: UND | D23: CANTIDAD | E23: VR. UNITARIO | F23: VR. PARCIAL
A24: ADAPTADOR MACHO PVC 1/2" | C24: UND | D24: 1 | E24: =MAT!E36 -> 500 | F24: =D24*E24 -> 500
A25: SOLDADURA PVC 1/4 GLN | C25: GL | D25: 0.01 | E25: =MAT!E117 -> 67028.29 | F25: =D25*E25 -> 670.2829
A26: LIMPIADOR PVC 1/4 GLM | C26: GL | D26: 0.01 | E26: =MAT!E92 -> 36952.94 | F26: =D26*E26 -> 369.5294
A27: CINTA TEFLON | C27: UND | D27: 0.04 | E27: =MAT!E68 -> 1000 | F27: =D27*E27 -> 40
A28: LLAVE DE 1/2" CROMADA | C28: UND | D28: 1 | E28: =MAT!E93 -> 183500 | F28: =D28*E28 -> 183500
A29: UNIVERSAL 1/2" HG | C29: UND | D29: 1 | E29: =MAT!E136 -> 26125 | F29: =D29*E29 -> 26125
F30: =D30*E30 -> 0
F31: =D31*E31 -> 0
A32: TOTAL MATERIALES: | F32: =SUM(F24:F31) -> 211204.81
A34: TRANSPORTE
A35: MATERIAL | B35: Vol - peso o cant | C35: DIST | D35: M3-KM | E35: TARIFA | F35: VR. UNITARIO
F36: =C36*D36*E36 -> 0
F37: =C37*D37*E37 -> 0
A38: TOTAL TRANSPORTE: | F38: =SUM(F36:F37) -> 0
A40: MANO DE OBRA
A41: DESCRIPCIÓN | C41: UNIDAD | D41: VALOR HR | E41: REND | F41: VR. PARCIAL
A42: =M.O!B72 -> MANO DE OBRA HIDRAULICA | C42: HR | D42: =M.O!F79 -> 42319 | E42: 0.4 | F42: =D42*E42 -> 16927.6
F43: =D43*E43 -> 0
F44: =D44*E44 -> 0
F45: =D45*E45 -> 0
A46: TOTAL MANO DE OBRA: | F46: =SUM(F42:F45) -> 16927.6
A48: VALOR UNITARIO TOTAL | F48: =ROUND(SUM(F32+F46+F20+F38),0) -> 228979
A52: KAREN TATIANA GUTIERREZ V. | D52: HECTOR HORACIO GAITAN G.
A53: Profesional de apoyo | D53: Secretario de Planeaicon e Infraestructura

Sheet A7,9-F7,7
A7: ANALISIS DE PRECIOS UNITARIOS
A9: CAPITULO: | B9: ='PRESUPUESTO OFICIAL (Entidad)'!C46 -> INSTALACIONES HIDRAULICAS Y SANITARIAS | E9: UNIDAD: | F9: ='PRESUPUESTO OFICIAL (Entidad)'!D55 -> UND
A10: ITEM: | B10: ='PRESUPUESTO OFICIAL (Entidad)'!C55 -> Suministro e instalación de lavaplatos 60X40 .
B11: A7,9 | C11: F7,7
A13: HERRAMIENTA Y EQUIPO
A14: DESCRIPCIÓN | C14: UNIDAD | D14: CANT. | E14: V. UNIT | F14: VR. PARCIAL
A15: HERRAMIENTA MENOR (5% M.O) | C15: % | D15: =5/100 -> 0.05 | E15: =F46 -> 50782.8 | F15: =D15*E15 -> 2539.14
F16: =D16*E16 -> 0
F17: =D17*E17 -> 0
F18: =D18*E18 -> 0
F19: =D19*E19 -> 0
A20: SUB-TOTAL HERRAMIENTA Y EQUIPO: | F20: =SUM(F15:F19) -> 2539.14
A22: MATERIALES
A23: DESCRIPCIÓN | C23: UND | D23: CANTIDAD | E23: VR. UNITARIO | F23: VR. PARCIAL
A24: LAVAPLATO 60X40 SOKODA | C24: UND | D24: 1 | E24: =MAT!E90 -> 97966.667 | F24: =D24*E24 -> 97966.667
A25: NIPLE DE 1/2"X 1/2" H.G | C25: UND | D25: 1 | E25: =MAT!E96 -> 6700 | F25: =D25*E25 -> 6700
A26: SELLADOR ETERNA | C26: UND | D26: 0.01 | E26: =MAT!E111 -> 15300 | F26: =D26*E26 -> 153
F27: =D27*E27 -> 0
F28: =D28*E28 -> 0
F29: =D29*E29 -> 0
F30: =D30*E30 -> 0
F31: =D31*E31 -> 0
A32: TOTAL MATERIALES: | F32: =SUM(F24:F31) -> 104819.67
A34: TRANSPORTE
A35: MATERIAL | B35: Vol - peso o cant | C35: DIST | D35: M3-KM | E35: TARIFA | F35: VR. UNITARIO
F36: =C36*D36*E36 -> 0
F37: =C37*D37*E37 -> 0
A38: TOTAL TRANSPORTE: | F38: =SUM(F36:F37) -> 0
A40: MANO DE OBRA
A41: DESCRIPCIÓN | C41: UNIDAD | D41: VALOR HR | E41: REND | F41: VR. PARCIAL
A42: =M.O!B72 -> MANO DE OBRA HIDRAULICA | C42: HR | D42: =M.O!F79 -> 42319 | E42: 1.2 | F42: =D42*E42 -> 50782.8
F43: =D43*E43 -> 0
F44: =D44*E44 -> 0
F45: =D45*E45 -> 0
A46: TOTAL MANO DE OBRA: | F46: =SUM(F42:F45) -> 50782.8
A48: VALOR UNITARIO TOTAL | F48: =ROUND(SUM(F32+F46+F20+F38),0) -> 158142
A52: KAREN TATIANA GUTIERREZ V. | D52: HECTOR HORACIO GAITAN G.
A53: Profesional de apoyo | D53: Secretario de Planeaicon e Infraestructura

Sheet A7,10-B7,9
A7: ANALISIS DE PRECIOS UNITARIOS
A9: CAPITULO: | B9: ='PRESUPUESTO OFICIAL (Entidad)'!C46 -> INSTALACIONES HIDRAULICAS Y SANITARIAS | E9: UNIDAD: | F9: ='PRESUPUESTO OFICIAL (Entidad)'!D56 -> UND
A10: ITEM: | B10: ='PRESUPUESTO OFICIAL (Entidad)'!C56 -> Suministro e instalación de tanque 500 litros, incluye griferia y accesorios.
B11: A7,10 | C11: B7,9
A13: HERRAMIENTA Y EQUIPO
A14: DESCRIPCIÓN | C14: UNIDAD | D14: CANT. | E14: V. UNIT | F14: VR. PARCIAL
A15: HERRAMIENTA MENOR (5% M.O) | C15: % | D15: =5/100 -> 0.05 | E15: =F46 -> 169276 | F15: =D15*E15 -> 8463.8
F16: =D16*E16 -> 0
F17: =D17*E17 -> 0
F18: =D18*E18 -> 0
F19: =D19*E19 -> 0
A20: SUB-TOTAL HERRAMIENTA Y EQUIPO: | F20: =SUM(F15:F19) -> 8463.8
A22: MATERIALES
A23: DESCRIPCIÓN | C23: UND | D23: CANTIDAD | E23: VR. UNITARIO | F23: VR. PARCIAL
A24: TANQUE PLASTICO X 500 L I INCLUYE ACCESORIOS | C24: UND | D24: 1 | E24: =MAT!E120 -> 292250 | F24: =D24*E24 -> 292250
A25: TEE PVC 1/2" | C25: UND | D25: 1 | E25: =MAT!E122 -> 800 | F25: =D25*E25 -> 800
A26: SOLDADURA PVC 1/4 GLN | C26: GL | D26: 0.01 | E26: =MAT!E117 -> 67028.29 | F26: =D26*E26 -> 670.2829
A27: LIMPIADOR PVC 1/4 GLM | C27: GL | D27: 0.01 | E27: =MAT!E92 -> 36952.94 | F27: =D27*E27 -> 369.5294
A28: CINTA TEFLON | C28: UND | D28: 0.1 | E28: =MAT!E68 -> 1000 | F28: =D28*E28 -> 100
A29: CODO PRESION PVC 1/2" | C29: UND | D29: 3 | E29: =MAT!E72 -> 650 | F29: =D29*E29 -> 1950
F30: =D30*E30 -> 0
F31: =D31*E31 -> 0
A32: TOTAL MATERIALES: | F32: =SUM(F24:F31) -> 296139.81
A34: TRANSPORTE
A35: MATERIAL | B35: Vol - peso o cant | C35: DIST | D35: M3-KM | E35: TARIFA | F35: VR. UNITARIO
A36: TRANSPORTE | B36: 1 | C36: 16 | D36: =B36*C36 -> 16 | E36: 40 | F36: =C36*D36*E36 -> 10240
F37: =C37*D37*E37 -> 0
A38: TOTAL TRANSPORTE: | F38: =SUM(F36:F37) -> 10240
A40: MANO DE OBRA
A41: DESCRIPCIÓN | C41: UNIDAD | D41: VALOR HR | E41: REND | F41: VR. PARCIAL
A42: =M.O!B72 -> MANO DE OBRA HIDRAULICA | C42: HR | D42: =M.O!F79 -> 42319 | E42: 4 | F42: =D42*E42 -> 169276
F43: =D43*E43 -> 0
F44: =D44*E44 -> 0
F45: =D45*E45 -> 0
A46: TOTAL MANO DE OBRA: | F46: =SUM(F42:F45) -> 169276
A48: VALOR UNITARIO TOTAL | F48: =ROUND(SUM(F32+F46+F20+F38),0) -> 484120
A52: KAREN TATIANA GUTIERREZ V. | D52: HECTOR HORACIO GAITAN G.
A53: Profesional de apoyo | D53: Secretario de Planeaicon e Infraestructura

Sheet A8,1-B9,1-C7,1-F8,1
A7: ANALISIS DE PRECIOS UNITARIOS
A9: CAPITULO: | B9: ='PRESUPUESTO OFICIAL (Entidad)'!C57 -> PAÑETES | E9: UNIDAD: | F9: ='PRESUPUESTO OFICIAL (Entidad)'!D58 -> M2
A10: ITEM: | B10: ='PRESUPUESTO OFICIAL (Entidad)'!C58 -> Suministro y aplicación de Pañete muros 1:4 Incluye Filos, carteras y Dilataciones.
B11: A8,1 | C11: B9,1 | D11: C7,1 | E11: F8,1
A13: HERRAMIENTA Y EQUIPO
A14: DESCRIPCIÓN | C14: UNIDAD | D14: CANT. | E14: V. UNIT | F14: VR. PARCIAL
A15: HERRAMIENTA MENOR (5% M.O) | C15: % | D15: =5/100 -> 0.05 | E15: =F46 -> 19236 | F15: =D15*E15 -> 961.8
A16: ANDAMIO TUBULAR 1.5 X 1.5 | C16: DIA | D16: 0.3 | E16: =[8]EQ!F14 -> 3000 | F16: =D16*E16 -> 900
F17: =D17*E17 -> 0
F18: =D18*E18 -> 0
F19: =D19*E19 -> 0
A20: SUB-TOTAL HERRAMIENTA Y EQUIPO: | F20: =SUM(F15:F19) -> 1861.8
A22: MATERIALES
A23: DESCRIPCIÓN | C23: UND | D23: CANTIDAD | E23: VR. UNITARIO | F23: VR. PARCIAL
A24: MORTERO 1:4 | C24: M3 | D24: 0.02 | E24: ='M 1-4'!F46 -> 442836 | F24: =D24*E24 -> 8856.72
F25: =D25*E25 -> 0
F26: =D26*E26 -> 0
F27: =D27*E27 -> 0
F28: =D28*E28 -> 0
F29: =D29*E29 -> 0
F30: =D30*E30 -> 0
F31: =D31*E31 -> 0
A32: TOTAL MATERIALES: | F32: =SUM(F24:F31) -> 8856.72
A34: TRANSPORTE
A35: MATERIAL | B35: Vol - peso o cant | C35: DIST | D35: M3-KM | E35: TARIFA | F35: VR. UNITARIO
F36: =C36*D36*E36 -> 0
F37: =C37*D37*E37 -> 0
A38: TOTAL TRANSPORTE: | F38: =SUM(F36:F37) -> 0
A40: MANO DE OBRA
A41: DESCRIPCIÓN | C41: UNIDAD | D41: VALOR HR | E41: REND | F41: VR. PARCIAL
A42: =M.O!B63 -> MANO DE OBRA A (1 OF Y 1 AYUD) | C42: HR | D42: =M.O!F70 -> 38472 | E42: 0.5 | F42: =D42*E42 -> 19236
F43: =D43*E43 -> 0
F44: =D44*E44 -> 0
F45: =D45*E45 -> 0
A46: TOTAL MANO DE OBRA: | F46: =SUM(F42:F45) -> 19236
A48: VALOR UNITARIO TOTAL | F48: =ROUND(SUM(F32+F46+F20+F38),0) -> 29955
A52: KAREN TATIANA GUTIERREZ V. | D52: HECTOR HORACIO GAITAN G.
A53: Profesional de apoyo | D53: Secretario de Planeaicon e Infraestructura

Sheet A9,1-C8,1-D2,1
A7: ANALISIS DE PRECIOS UNITARIOS
A9: CAPITULO: | B9: ='PRESUPUESTO OFICIAL (Entidad)'!C59 -> CUBIERTA Y ESTRUCTURA DE CUBIERTA | E9: UNIDAD: | F9: ='PRESUPUESTO OFICIAL (Entidad)'!D60 -> M2
A10: ITEM: | B10: ='PRESUPUESTO OFICIAL (Entidad)'!C60 -> Suministro e instalación de cubierta en teja master 1000 Arquitectónica color, CAL 28. Incluye tornillos autoperforantes. | H10: ='[7]PRES '!E17 -> 309.37
B11: A9,1 | C11: C8,1 | D11: D2,1
A13: HERRAMIENTA Y EQUIPO
A14: DESCRIPCIÓN | C14: UNIDAD | D14: CANT. | E14: V. UNIT | F14: VR. PARCIAL
A15: HERRAMIENTA MENOR (5% M.O) | C15: % | D15: =5/100 -> 0.05 | E15: =F46 -> 9618 | F15: =D15*E15 -> 480.9 | H15: =$H$10*D15 -> 15.4685 | I15: =$H$10*E15 -> 2975520.7 | J15: =$H$10*F15 -> 148776.03
A16: ANDAMIO TUBULAR 1.5 X 1.5 | C16: DIA | D16: 0.1 | E16: =[7]EQ!F14 -> 3000 | F16: =D16*E16 -> 300 | H16: =$H$10*D16 -> 30.937 | I16: =$H$10*E16 -> 928110 | J16: =$H$10*F16 -> 92811 | L16: =7*3 -> 21 | M16: =L16*E16 -> 63000
F17: =D17*E17 -> 0
F18: =D18*E18 -> 0
F19: =D19*E19 -> 0
A20: SUB-TOTAL HERRAMIENTA Y EQUIPO: | F20: =SUM(F15:F19) -> 780.9 | H20: =F20*$H$10 -> 241587.03
A22: MATERIALES
A23: DESCRIPCIÓN | C23: UND | D23: CANTIDAD | E23: VR. UNITARIO | F23: VR. PARCIAL
A24: TEJA MASTER 1000 COLOR CAL. 28 ARQUITECTONICA | C24: M2 | D24: 1 | E24: =[7]MAT!E146 -> 26150 | F24: =D24*E24 -> 26150 | H24: =$H$10*D24 -> 309.37 | I24: =$H$10*E24 -> 8090025.5 | J24: =$H$10*F24 -> 8090025.5
A25: TORNILLO AUTOPERFORANTE 2" 1/2" | C25: UN | D25: 6 | E25: =[7]MAT!E125 -> 1150 | F25: =D25*E25 -> 6900 | H25: =$H$10*D25 -> 1856.22 | I25: =$H$10*E25 -> 355775.5 | J25: =$H$10*F25 -> 2134653
F26: =D26*E26 -> 0
F27: =D27*E27 -> 0
F28: =D28*E28 -> 0
F29: =D29*E29 -> 0
F30: =D30*E30 -> 0
F31: =D31*E31 -> 0
A32: TOTAL MATERIALES: | F32: =SUM(F24:F31) -> 33050 | H32: =F32*$H$10 -> 10224678
A34: TRANSPORTE
A35: MATERIAL | B35: Vol - peso o cant | C35: DIST | D35: M3-KM | E35: TARIFA | F35: VR. UNITARIO
A36: TRANSPORTE | C36: 16 | D36: 0.02 | E36: 3000 | F36: =C36*D36*E36 -> 960
F37: =C37*D37*E37 -> 0
A38: TOTAL TRANSPORTE: | F38: =SUM(F36:F37) -> 960 | H38: =F38*$H$10 -> 296995.2
A40: MANO DE OBRA
A41: DESCRIPCIÓN | C41: UNIDAD | D41: VALOR HR | E41: REND | F41: VR. PARCIAL
A42: =[7]M.O!B63 -> MANO DE OBRA A (1 OF Y 1 AYUD) | C42: HR | D42: =[7]M.O!F70 -> 38472 | E42: 0.25 | F42: =D42*E42 -> 9618 | H42: =E42*$H$10 -> 77.3425 | I42: =F42*$H$10 -> 2975520.7
F43: =D43*E43 -> 0
F44: =D44*E44 -> 0
F45: =D45*E45 -> 0
A46: TOTAL MANO DE OBRA: | F46: =SUM(F42:F45) -> 9618
A48: VALOR UNITARIO TOTAL | F48: =ROUND(SUM(F32+F46+F20+F38),0) -> 44409 | H48: =F48*$H$10 -> 13738812
A52: KAREN TATIANA GUTIERREZ V. | D52: HECTOR HORACIO GAITAN G.
A53: Profesional de apoyo | D53: Secretario de Planeaicon e Infraestructura

Sheet A9,2-C8,4
A7: ANALISIS DE PRECIOS UNITARIOS
A9: CAPITULO: | B9: ='PRESUPUESTO OFICIAL (Entidad)'!C59 -> CUBIERTA Y ESTRUCTURA DE CUBIERTA | E9: UNIDAD: | F9: ='PRESUPUESTO OFICIAL (Entidad)'!D61 -> ML
A10: ITEM: | B10: ='PRESUPUESTO OFICIAL (Entidad)'!C61 -> Suministro e instalación de Correa en perfil metálico de 3"X1 1/2", cal.18. Incluye pintura.
B11: A9,2 | C11: C8,4
A13: HERRAMIENTA Y EQUIPO
A14: DESCRIPCIÓN | C14: UNIDAD | D14: CANT. | E14: V. UNIT | F14: VR. PARCIAL
A15: HERRAMIENTA MENOR (5% M.O) | C15: % | D15: =5/100 -> 0.05 | E15: =F46 -> 19236 | F15: =D15*E15 -> 961.8
A16: ANDAMIO TUBULAR 1.5 X 1.5 | C16: DIA | D16: 0.6 | E16: =EQ!F14 -> 3000 | F16: =D16*E16 -> 1800
A17: EQUIPO ELÉCTRICO SOLDADURA | C17: HR | D17: 0.1 | E17: =EQ!F20 -> 50000 | F17: =D17*E17 -> 5000
F18: =D18*E18 -> 0
F19: =D19*E19 -> 0
A20: SUB-TOTAL HERRAMIENTA Y EQUIPO: | F20: =SUM(F15:F19) -> 7761.8
A22: MATERIALES
A23: DESCRIPCIÓN | C23: UND | D23: CANTIDAD | E23: VR. UNITARIO | F23: VR. PARCIAL
A24: PERFIL METALICO 3"x1-1/2" CAL. 18 | C24: ML | D24: 1.05 | E24: =MAT!E103 -> 10111.695 | F24: =D24*E24 -> 10617.279
A25: ANTICORROSIVO | C25: GAL | D25: 0.05 | E25: =MAT!E47 -> 55913.167 | F25: =D25*E25 -> 2795.6583
A26: SOLDADURA METAL 6011 X 1/8" | C26: KG | D26: 0.08 | E26: =MAT!E115 -> 21966.667 | F26: =D26*E26 -> 1757.3333
A27: DISOLVENTE THINNER | C27: GL | D27: 0.1 | E27: =MAT!E77 -> 27605.04 | F27: =D27*E27 -> 2760.504
F28: =D28*E28 -> 0
F29: =D29*E29 -> 0
F30: =D30*E30 -> 0
F31: =D31*E31 -> 0
A32: TOTAL MATERIALES: | F32: =SUM(F24:F31) -> 17930.775
A34: TRANSPORTE
A35: MATERIAL | B35: Vol - peso o cant | C35: DIST | D35: M3-KM | E35: TARIFA | F35: VR. UNITARIO
F36: =D36*E36 -> 0
F37: =C37*D37*E37 -> 0
A38: TOTAL TRANSPORTE: | F38: =SUM(F36:F37) -> 0
A40: MANO DE OBRA
A41: DESCRIPCIÓN | C41: UNIDAD | D41: VALOR HR | E41: REND | F41: VR. PARCIAL
A42: =M.O!B63 -> MANO DE OBRA A (1 OF Y 1 AYUD) | C42: HR | D42: =M.O!F70 -> 38472 | E42: 0.5 | F42: =D42*E42 -> 19236
F43: =D43*E43 -> 0
F44: =D44*E44 -> 0
F45: =D45*E45 -> 0
A46: TOTAL MANO DE OBRA: | F46: =SUM(F42:F45) -> 19236
A48: VALOR UNITARIO TOTAL | F48: =ROUND(SUM(F32+F46+F20+F38),0) -> 44929
A52: KAREN TATIANA GUTIERREZ V. | D52: HECTOR HORACIO GAITAN G.
A53: Profesional de apoyo | D53: Secretario de Planeaicon e Infraestructura

Sheet A9,3
A7: ANALISIS DE PRECIOS UNITARIOS
A9: CAPITULO: | B9: ='PRESUPUESTO OFICIAL (Entidad)'!C59 -> CUBIERTA Y ESTRUCTURA DE CUBIERTA | E9: UNIDAD: | F9: ='PRESUPUESTO OFICIAL (Entidad)'!D62 -> ML
A10: ITEM: | B10: ='PRESUPUESTO OFICIAL (Entidad)'!C62 -> Suministro e instalación de Bajante ALL PVC 4". Incluye accesorios y mano de obra.
B11: A9,3
A13: HERRAMIENTA Y EQUIPO
A14: DESCRIPCIÓN | C14: UNIDAD | D14: CANT. | E14: V. UNIT | F14: VR. PARCIAL
A15: HERRAMIENTA MENOR (5% M.O) | C15: % | D15: =5/100 -> 0.05 | E15: =F46 -> 19236 | F15: =D15*E15 -> 961.8
F16: =D16*E16 -> 0
F17: =D17*E17 -> 0
F18: =D18*E18 -> 0
F19: =D19*E19 -> 0
A20: SUB-TOTAL HERRAMIENTA Y EQUIPO: | F20: =SUM(F15:F19) -> 961.8
A22: MATERIALES
A23: DESCRIPCIÓN | C23: UND | D23: CANTIDAD | E23: VR. UNITARIO | F23: VR. PARCIAL
A24: LIMPIADOR PVC - 1/4 GAL | C24: GAL | D24: 0.03 | E24: =MAT!E92 -> 36952.94 | F24: =D24*E24 -> 1108.5882
A25: CODO 90 SANITARIO PVC 4" | C25: UND | D25: 0.34 | E25: =MAT!E71 -> 8500 | F25: =D25*E25 -> 2890
A26: TUBERIA PVC 4" | C26: ML | D26: 1.05 | E26: =MAT!E134 -> 12450 | F26: =D26*E26 -> 13072.5
A27: SOLDADURA PVC - 1/4 GLN | C27: GAL | D27: 0.02 | E27: =MAT!E117 -> 67028.29 | F27: =D27*E27 -> 1340.5658
F28: =D28*E28 -> 0
F29: =D29*E29 -> 0
F30: =D30*E30 -> 0
F31: =D31*E31 -> 0
A32: TOTAL MATERIALES: | F32: =SUM(F24:F31) -> 18411.654
A34: TRANSPORTE
A35: MATERIAL | B35: Vol - peso o cant | C35: DIST | D35: M3-KM | E35: TARIFA | F35: VR. UNITARIO
F36: =C36*D36*E36 -> 0
F37: =C37*D37*E37 -> 0
A38: TOTAL TRANSPORTE: | F38: =SUM(F36:F37) -> 0
A40: MANO DE OBRA
A41: DESCRIPCIÓN | C41: UNIDAD | D41: VALOR HR | E41: REND | F41: VR. PARCIAL
A42: =M.O!B63 -> MANO DE OBRA A (1 OF Y 1 AYUD) | C42: HR | D42: =M.O!F70 -> 38472 | E42: 0.5 | F42: =D42*E42 -> 19236
F43: =D43*E43 -> 0
F44: =D44*E44 -> 0
F45: =D45*E45 -> 0
A46: TOTAL MANO DE OBRA: | F46: =SUM(F42:F45) -> 19236
A48: VALOR UNITARIO TOTAL | F48: =ROUND(SUM(F32+F46+F20+F38),0) -> 38609
A52: KAREN TATIANA GUTIERREZ V. | D52: HECTOR HORACIO GAITAN G.
A53: Profesional de apoyo | D53: Secretario de Planeaicon e Infraestructura

Sheet A9,4
A7: ANALISIS DE PRECIOS UNITARIOS
A9: CAPITULO: | B9: ='[9]PRES '!C16 -> CUBIERTA Y ESTRUCTURA DE CUBIERTA | E9: UNIDAD: | F9: ='[9]PRES '!D19 -> ML
A10: ITEM: | B10: ='[9]PRES '!C19 -> Suministro e instalación de Cercha Metálica tubo rectangular .04x.08 mts. 18 superior y tubo rectangular .04x.10 mts cal. 18 inferior, celosía en Tubo rectangular .04x.08 cal. 18". Incluye pintura. | H10: ='[9]PRES '!E19 -> 20.2
B11: A9,4
A13: HERRAMIENTA Y EQUIPO
A14: DESCRIPCIÓN | C14: UNIDAD | D14: CANT. | E14: V. UNIT | F14: VR. PARCIAL
A15: HERRAMIENTA MENOR (5% M.O) | C15: % | D15: =5/100 -> 0.05 | E15: =F46 -> 92332 | F15: =D15*E15 -> 4616.6 | H15: =$H$10*D15 -> 1.01 | I15: =$H$10*E15 -> 1865106.4 | J15: =$H$10*F15 -> 93255.32
A16: EQUIPO ELECTRICO DE SOLDADURA | C16: DIA | D16: 0.09 | E16: =EQ!F20 -> 50000 | F16: =D16*E16 -> 4500 | H16: =$H$10*D16 -> 1.818 | I16: =$H$10*E16 -> 1010000 | J16: =$H$10*F16 -> 90900 | L16: =7*3 -> 21
A17: PULIDORA | C17: DIA | D17: 0.08 | E17: =EQ!F19 -> 35000 | F17: =D17*E17 -> 2800 | H17: =$H$10*D17 -> 1.616 | I17: =$H$10*E17 -> 707000 | J17: =$H$10*F17 -> 56560
F18: =D18*E18 -> 0
F19: =D19*E19 -> 0
A20: SUB-TOTAL HERRAMIENTA Y EQUIPO: | F20: =SUM(F15:F19) -> 11916.6 | H20: =F20*$H$10 -> 240715.32
A22: MATERIALES
A23: DESCRIPCIÓN | C23: UND | D23: CANTIDAD | E23: VR. UNITARIO | F23: VR. PARCIAL
A24: TUBO RECTANGULAR 4*10 CM CAL 18, | C24: ML | D24: 1 | E24: =MAT!E148 -> 16750 | F24: =D24*E24 -> 16750 | H24: =$H$10*D24 -> 20.2 | I24: =$H$10*E24 -> 338350 | J24: =$H$10*F24 -> 338350
A25: TUBO RECTANGULAR 4*8 CM CAL 18, | C25: ML | D25: 2.1 | E25: =MAT!E103 -> 10111.695 | F25: =D25*E25 -> 21234.559 | H25: =$H$10*D25 -> 42.42 | I25: =$H$10*E25 -> 204256.23 | J25: =$H$10*F25 -> 428938.08
A26: ANTICORROSIVO | C26: GAL | D26: 0.1 | E26: =MAT!E47 -> 55913.167 | F26: =D26*E26 -> 5591.3167 | H26: =$H$10*D26 -> 2.02 | I26: =$H$10*E26 -> 1129446 | J26: =$H$10*F26 -> 112944.6
A27: SOLDADURA 6011 X 1/8" METAL | C27: KG | D27: 0.3 | E27: =MAT!E115 -> 21966.667 | F27: =D27*E27 -> 6590 | H27: =$H$10*D27 -> 6.06 | I27: =$H$10*E27 -> 443726.67 | J27: =$H$10*F27 -> 133118
A28: DISOLVENTE | C28: GAL | D28: 0.05 | E28: =MAT!E77 -> 27605.04 | F28: =D28*E28 -> 1380.252 | H28: =$H$10*D28 -> 1.01 | I28: =$H$10*E28 -> 557621.81 | J28: =$H$10*F28 -> 27881.09
F29: =D29*E29 -> 0 | H29: =$H$10*D29 -> 0 | I29: =$H$10*E29 -> 0 | J29: =$H$10*F29 -> 0
F30: =D30*E30 -> 0
F31: =D31*E31 -> 0
A32: TOTAL MATERIALES: | F32: =SUM(F24:F31) -> 51546.127 | H32: =F32*$H$10 -> 1041231.8
A34: TRANSPORTE
A35: MATERIAL | B35: Vol - peso o cant | C35: DIST | D35: M3-KM | E35: TARIFA | F35: VR. UNITARIO
F36: =C36*D36*E36 -> 0
F37: =C37*D37*E37 -> 0
A38: TOTAL TRANSPORTE: | F38: =SUM(F36:F37) -> 0 | H38: =F38*$H$10 -> 0
A40: MANO DE OBRA
A41: DESCRIPCIÓN | C41: UNIDAD | D41: VALOR HR | E41: REND | F41: VR. PARCIAL
A42: =[9]M.O!B81 -> MANO DE OBRA CARPINTERIA | C42: HR | D42: =M.O!F88 -> 46166 | E42: 2 | F42: =D42*E42 -> 92332 | H42: =E42*$H$10 -> 40.4 | I42: =F42*$H$10 -> 1865106.4
F43: =D43*E43 -> 0
F44: =D44*E44 -> 0
F45: =D45*E45 -> 0
A46: TOTAL MANO DE OBRA: | F46: =SUM(F42:F45) -> 92332
A48: VALOR UNITARIO TOTAL | F48: =ROUND(SUM(F32+F46+F20+F38),0) -> 155795 | H48: =F48*$H$10 -> 3147059
A52: KAREN TATIANA GUTIERREZ V. | D52: HECTOR HORACIO GAITAN G.
A53: Profesional de apoyo | D53: Secretario de Planeaicon e Infraestructura

Sheet A10,1-C9,2-F9,2
A7: ANALISIS DE PRECIOS UNITARIOS
A9: CAPITULO: | B9: ='PRESUPUESTO OFICIAL (Entidad)'!C64 -> PISOS Y ENCHAPES | E9: UNIDAD: | F9: ='PRESUPUESTO OFICIAL (Entidad)'!D65 -> M2
A10: ITEM: | B10: ='PRESUPUESTO OFICIAL (Entidad)'!C65 -> Alistado de piso en mortero e= 0,05m.
B11: A10,1 | C11: C9,2 | D11: F9,2
A13: HERRAMIENTA Y EQUIPO
A14: DESCRIPCIÓN | C14: UNIDAD | D14: CANT. | E14: V. UNIT | F14: VR. PARCIAL
A15: HERRAMIENTA MENOR (5% M.O) | C15: % | D15: =5/100 -> 0.05 | E15: =F46 -> 13080.48 | F15: =D15*E15 -> 654.024
F16: =D16*E16 -> 0
F17: =D17*E17 -> 0
F18: =D18*E18 -> 0
F19: =D19*E19 -> 0
A20: SUB-TOTAL HERRAMIENTA Y EQUIPO: | F20: =SUM(F15:F19) -> 654.024
A22: MATERIALES
A23: DESCRIPCIÓN | C23: UND | D23: CANTIDAD | E23: VR. UNITARIO | F23: VR. PARCIAL
A24: MORTERO 1:4 | C24: M3 | D24: 0.05 | E24: ='M 1-4'!F46 -> 442836 | F24: =D24*E24 -> 22141.8
F25: =D25*E25 -> 0
F26: =D26*E26 -> 0
F27: =D27*E27 -> 0
F28: =D28*E28 -> 0
F29: =D29*E29 -> 0
F30: =D30*E30 -> 0
F31: =D31*E31 -> 0
A32: TOTAL MATERIALES: | F32: =SUM(F24:F31) -> 22141.8
A34: TRANSPORTE
A35: MATERIAL | B35: Vol - peso o cant | C35: DIST | D35: M3-KM | E35: TARIFA | F35: VR. UNITARIO
F36: =C36*D36*E36 -> 0
F37: =C37*D37*E37 -> 0
A38: TOTAL TRANSPORTE: | F38: =SUM(F36:F37) -> 0
A40: MANO DE OBRA
A41: DESCRIPCIÓN | C41: UNIDAD | D41: VALOR HR | E41: REND | F41: VR. PARCIAL
A42: =M.O!B63 -> MANO DE OBRA A (1 OF Y 1 AYUD) | C42: HR | D42: =M.O!F70 -> 38472 | E42: 0.34 | F42: =D42*E42 -> 13080.48
F43: =D43*E43 -> 0
F44: =D44*E44 -> 0
F45: =D45*E45 -> 0
A46: TOTAL MANO DE OBRA: | F46: =SUM(F42:F45) -> 13080.48
A48: VALOR UNITARIO TOTAL | F48: =ROUND(SUM(F32+F46+F20+F38),0) -> 35876
A52: KAREN TATIANA GUTIERREZ V. | D52: HECTOR HORACIO GAITAN G.
A53: Profesional de apoyo | D53: Secretario de Planeaicon e Infraestructura

Sheet A10,2-B10,2-C9,1
A7: ANALISIS DE PRECIOS UNITARIOS
A9: CAPITULO: | B9: ='PRESUPUESTO OFICIAL (Entidad)'!C64 -> PISOS Y ENCHAPES | E9: UNIDAD: | F9: ='PRESUPUESTO OFICIAL (Entidad)'!D66 -> M2
A10: ITEM: | B10: ='PRESUPUESTO OFICIAL (Entidad)'!C66 -> Construccion de Placa en concreto de 3000 PSI e=0,10 m.
B11: A10,2 | C11: B10,2 | D11: C9,1 | E11: F9,1
A13: HERRAMIENTA Y EQUIPO
A14: DESCRIPCIÓN | C14: UNIDAD | D14: CANT. | E14: V. UNIT | F14: VR. PARCIAL
A15: HERRAMIENTA MENOR (5% M.O) | C15: % | D15: =5/100 -> 0.05 | E15: =F46 -> 26930.4 | F15: =D15*E15 -> 1346.52
A16: VIBRADOR CONCRETO | C16: DIA | D16: 0.03 | E16: =EQ!F21 -> 50000 | F16: =D16*E16 -> 1500
F17: =D17*E17 -> 0
F18: =D18*E18 -> 0
F19: =D19*E19 -> 0
A20: SUB-TOTAL HERRAMIENTA Y EQUIPO: | F20: =SUM(F15:F19) -> 2846.52
A22: MATERIALES
A23: DESCRIPCIÓN | C23: UND | D23: CANTIDAD | E23: VR. UNITARIO | F23: VR. PARCIAL
A24: CONCRETO DE 2500 PSI | C24: M3 | D24: 0.08 | E24: ='C. 2500 PSI'!F45 -> 514121 | F24: =D24*E24 -> 41129.68
F25: =D25*E25 -> 0
F26: =D26*E26 -> 0
F27: =D27*E27 -> 0
F28: =D28*E28 -> 0
F29: =D29*E29 -> 0
F30: =D30*E30 -> 0
F31: =D31*E31 -> 0
A32: TOTAL MATERIALES: | F32: =SUM(F24:F31) -> 41129.68
A34: TRANSPORTE
A35: MATERIAL | B35: Vol - peso o cant | C35: DIST | D35: M3-KM | E35: TARIFA | F35: VR. UNITARIO
F36: =C36*D36*E36 -> 0
F37: =C37*D37*E37 -> 0
A38: TOTAL TRANSPORTE: | F38: =SUM(F36:F37) -> 0
A40: MANO DE OBRA
A41: DESCRIPCIÓN | C41: UNIDAD | D41: VALOR HR | E41: REND | F41: VR. PARCIAL
A42: =M.O!B63 -> MANO DE OBRA A (1 OF Y 1 AYUD) | C42: HR | D42: =M.O!F70 -> 38472 | E42: 0.7 | F42: =D42*E42 -> 26930.4
F43: =D43*E43 -> 0
F44: =D44*E44 -> 0
F45: =D45*E45 -> 0
A46: TOTAL MANO DE OBRA: | F46: =SUM(F42:F45) -> 26930.4
A48: VALOR UNITARIO TOTAL | F48: =ROUND(SUM(F32+F46+F20+F38),0) -> 70907
A52: KAREN TATIANA GUTIERREZ V. | D52: HECTOR HORACIO GAITAN G.
A53: Profesional de apoyo | D53: Secretario de Planeaicon e Infraestructura

Sheet A10,3-B10,3-C9,3-F9,3
A7: ANALISIS DE PRECIOS UNITARIOS
A9: CAPITULO: | B9: ='PRESUPUESTO OFICIAL (Entidad)'!C64 -> PISOS Y ENCHAPES | E9: UNIDAD: | F9: ='PRESUPUESTO OFICIAL (Entidad)'!D67 -> M2
A10: ITEM: | B10: ='PRESUPUESTO OFICIAL (Entidad)'!C67 -> Suministrar e instalar Piso en ceramica T-5.
B11: A10,3 | C11: B10,3 | D11: C9,3 | E11: F9,3
A13: HERRAMIENTA Y EQUIPO
A14: DESCRIPCIÓN | C14: UNIDAD | D14: CANT. | E14: V. UNIT | F14: VR. PARCIAL
A15: HERRAMIENTA MENOR (5% M.O) | C15: % | D15: =5/100 -> 0.05 | E15: =F46 -> 23083.2 | F15: =D15*E15 -> 1154.16
F16: =D16*E16 -> 0
F17: =D17*E17 -> 0
F18: =D18*E18 -> 0
F19: =D19*E19 -> 0
A20: SUB-TOTAL HERRAMIENTA Y EQUIPO: | F20: =SUM(F15:F19) -> 1154.16
A22: MATERIALES
A23: DESCRIPCIÓN | C23: UND | D23: CANTIDAD | E23: VR. UNITARIO | F23: VR. PARCIAL
A24: CERAMICA PISO TRAFICO 5 | C24: M2 | D24: 1.03 | E24: =MAT!E64 -> 94900 | F24: =D24*E24 -> 97747
A25: BOQUILLA | C25: KG | D25: 0.4 | E25: =MAT!E50 -> 5750 | F25: =D25*E25 -> 2300
A26: PEGAENCHAPE | C26: KG | D26: 2 | E26: =MAT!E102 -> 14900 | F26: =D26*E26 -> 29800
A27: CRUCETA PLASTICA 2MM X1000 | C27: UND | D27: 8 | E27: =MAT!E73 -> 23.95 | F27: =D27*E27 -> 191.6
F28: =D28*E28 -> 0
F29: =D29*E29 -> 0
F30: =D30*E30 -> 0
F31: =D31*E31 -> 0
A32: TOTAL MATERIALES: | F32: =SUM(F24:F31) -> 130038.6
A34: TRANSPORTE
A35: MATERIAL | B35: Vol - peso o cant | C35: DIST | D35: M3-KM | E35: TARIFA | F35: VR. UNITARIO
A36: TRANSPORTE | B36: 1 | C36: 1 | D36: 16 | E36: 20 | F36: =C36*D36*E36 -> 320
F37: =C37*D37*E37 -> 0
A38: TOTAL TRANSPORTE: | F38: =SUM(F36:F37) -> 320
A40: MANO DE OBRA
A41: DESCRIPCIÓN | C41: UNIDAD | D41: VALOR HR | E41: REND | F41: VR. PARCIAL
A42: =M.O!B63 -> MANO DE OBRA A (1 OF Y 1 AYUD) | C42: HR | D42: =M.O!F70 -> 38472 | E42: 0.6 | F42: =D42*E42 -> 23083.2
F43: =D43*E43 -> 0
F44: =D44*E44 -> 0
F45: =D45*E45 -> 0
A46: TOTAL MANO DE OBRA: | F46: =SUM(F42:F45) -> 23083.2
A48: VALOR UNITARIO TOTAL | F48: =ROUND(SUM(F32+F46+F20+F38),0) -> 154596
A52: KAREN TATIANA GUTIERREZ V. | D52: HECTOR HORACIO GAITAN G.
A53: Profesional de apoyo | D53: Secretario de Planeaicon e Infraestructura

Sheet A10,4-B10,4-C9,4-F9,4
A7: ANALISIS DE PRECIOS UNITARIOS
A9: CAPITULO: | B9: ='PRESUPUESTO OFICIAL (Entidad)'!C64 -> PISOS Y ENCHAPES | E9: UNIDAD: | F9: ='PRESUPUESTO OFICIAL (Entidad)'!D68 -> ML
A10: ITEM: | B10: ='PRESUPUESTO OFICIAL (Entidad)'!C68 -> Suministro e instalacion de Guardaescoba en cerámica T-5.
B11: A10,4 | C11: B10,4 | D11: C9,4 | E11: F9,4
A13: HERRAMIENTA Y EQUIPO
A14: DESCRIPCIÓN | C14: UNIDAD | D14: CANT. | E14: V. UNIT | F14: VR. PARCIAL
A15: HERRAMIENTA MENOR (5% M.O) | C15: % | D15: =5/100 -> 0.05 | E15: =F46 -> 5770.8 | F15: =D15*E15 -> 288.54
F16: =D16*E16 -> 0
F17: =D17*E17 -> 0
F18: =D18*E18 -> 0
F19: =D19*E19 -> 0
A20: SUB-TOTAL HERRAMIENTA Y EQUIPO: | F20: =SUM(F15:F19) -> 288.54
A22: MATERIALES
A23: DESCRIPCIÓN | C23: UND | D23: CANTIDAD | E23: VR. UNITARIO | F23: VR. PARCIAL
A24: CERAMICA PISO TRAFICO 5 | C24: M2 | D24: 0.1 | E24: =MAT!E64 -> 94900 | F24: =D24*E24 -> 9490
A25: BOQUILLA | C25: KG | D25: 0.1 | E25: =MAT!E50 -> 5750 | F25: =D25*E25 -> 575
A26: PEGAENCHAPE | C26: KG | D26: 0.2 | E26: =MAT!E102 -> 14900 | F26: =D26*E26 -> 2980
F27: =D27*E27 -> 0
F28: =D28*E28 -> 0
F29: =D29*E29 -> 0
F30: =D30*E30 -> 0
F31: =D31*E31 -> 0
A32: TOTAL MATERIALES: | F32: =SUM(F24:F31) -> 13045
A34: TRANSPORTE
A35: MATERIAL | B35: Vol - peso o cant | C35: DIST | D35: M3-KM | E35: TARIFA | F35: VR. UNITARIO
F36: =C36*D36*E36 -> 0
F37: =C37*D37*E37 -> 0
A38: TOTAL TRANSPORTE: | F38: =SUM(F36:F37) -> 0
A40: MANO DE OBRA
